Workbook
Name __SM1: #REF!
Name __SM1: #REF!
Name __SM1: #REF!
Name __SM1: #REF!
Name __SM1: #REF!
Name __SM1: #REF!
Name __SM1: #REF!
Name __SM1: #REF!
Name __SM1: #REF!
Name __SM1: #REF!
Name __SM1: #REF!
Name __SM1: #REF!
Name __SM1: #REF!
Name __SM1: #REF!
Name __SM1: #REF!
Name __SM10: #REF!
Name __SM10: #REF!
Name __SM10: #REF!
Name __SM10: #REF!
Name __SM10: #REF!
Name __SM10: #REF!
Name __SM10: #REF!
Name __SM10: #REF!
Name __SM10: #REF!
Name __SM10: #REF!
Name __SM10: #REF!
Name __SM10: #REF!
Name __SM10: #REF!
Name __SM10: #REF!
Name __SM11: #REF!
Name __SM11: #REF!
Name __SM11: #REF!
Name __SM11: #REF!
Name __SM11: #REF!
Name __SM11: #REF!
Name __SM11: #REF!
Name __SM11: #REF!
Name __SM11: #REF!
Name __SM11: #REF!
Name __SM11: #REF!
Name __SM11: #REF!
Name __SM11: #REF!
Name __SM11: #REF!
Name __SM12: #REF!
Name __SM12: #REF!
Name __SM12: #REF!
Name __SM12: #REF!
Name __SM12: #REF!
Name __SM12: #REF!
Name __SM12: #REF!
Name __SM12: #REF!
Name __SM12: #REF!
Name __SM12: #REF!
Name __SM12: #REF!
Name __sm13: #REF!
Name __sm13: #REF!
Name __sm13: #REF!
Name __sm13: #REF!
Name __sm13: #REF!
Name __sm13: #REF!

Sheet 018-21-CAPA
C1: VER COMENTÁRIOS NAS CÉLULAS ANTES DE PREENCHER. FAVOR MANTER TODOS OS COMENTÁRIOS DAS CÉLULAS PARA FACILITAR A CONFERÊNCIA DO ARQUIVO Sempre consultar a Cooordenação de arquivos da DITEC para quaisquer dúvidas.
D8: GOVERNO DO DISTRITO FEDERAL
D9: SECRETARIA DE ESTADO DE INFRAESTRUTURA E SERVIÇOS PÚBLICOS
D10: COMPANHIA URBANIZADORA DA NOVA CAPITAL DO BRASIL
D11: CAPA DA PLANILHA ESTIMATIVA
D14: Nº ESTIMATIVA: | E14: 018/2021-SEORÇA-SDS-R00
D15: TÍTULO: | E15: ORÇ. REFORMA DO RESTAURANTE COMUNITÁRIO DE ARNIQUEIRAS
D16: Nº PROJETO: | E16: PROJ-DE-045-20
D17: NOME PROJETO: | E17: REFORMA DO RESTAURANTE COMUNITÁRIO DE ARNIQUEIRAS
D18: ENDEREÇO: | E18: QS AVENIDA ÁGUAS CLRAS LT-03, ÁGUAS CLARAS-DF
D19: PRAZO: | E19: 240 DIAS CORRIDOS
D20: DATA: | E20: 44389
D21: ORÇAMENTISTA(S): | E21: ENG. GABRIEL DA CUNHA ARAUJO - CREA 23300/D-DF ENG. GILMAR DA MOTA FERNANDES - CREA 23785/D-DF ENG. TIAGO DE SOUZA OLIVEIRA - CREA 24935/D-DF
D22: PROCESSO: | E22: 00112-00017184/2021-40
D23: TABELA REFERÊNCIA: | E23: SINAPI - MAIO 2021 SEM DESONERAÇÃO
D24: SISOBRAS: | E24: ÁREA DE CONSTRUÇÃO: 1.497,00 m² | I24: área da Cap
D25: OBSERVAÇÕES: | E25: 1 - De acordo com o projeto de estrutura foi considerado execução de furos de sondagem conforme a NBR-6484:2001. 2 - O orçamento foi elaborado separado por edificação a fim de facilitar a execução e entendimento do mesmo.
D26: BDI ITILIZADOS: | E26: 20,94% (OBRA) / 10,89% (EQUIPAMENTOS)
D27: RESP. CAPA: | E27: ENG. GABRIEL DA CUNHA ARAUJO - CREA 23300/D-DF ENG. GILMAR DA MOTA FERNANDES - CREA 23785/D-DF ENG. TIAGO DE SOUZA OLIVEIRA - CREA 24935/D-DF
D29: ESTIMATIVAS DIRETORIA DE EDIFICAÇÕES:
D30: 018.01/2021-SEORÇA: Administração da Obra......................................................................................................... | F30: 384623.77
D31: 018.02/2021-SEORÇA: Implantação ......................................................................................................... | F31: 951252.17 | K31: =2*5.07 -> 10.14 | L31: m2 | M31: reservat.
D32: 018.03/2021-SEORÇA: Edificação Principal ......................................................................................................... | F32: 3345712.4 | K32: 1479.94 | L32: m2
D33: 018.04/2021-SEORÇA: Lixeira ......................................................................................................... | F33: 23854.691 | K33: 5.04 | L33: m2
D34: 018.05/2021-SEORÇA: Casa de Gás ......................................................................................................... | F34: 63077.57 | K34: 13.13 | L34: m2
D35: 018.06/2021-SEORÇA: Casa de Bombas ......................................................................................................... | F35: 43023.501 | K35: 6.44 | L35: m2
D36: 018.07/2021-SEORÇA: Caldeira ......................................................................................................... | F36: 162715.36 | K36: 15 | L36: m2
D37: VALOR TOTAL ESTIMADO COM BDI......................................................................................................................... | F37: 4974259.4 | K37: =SUM(K31:K36) -> 1529.69 | L37: m2
D39: NOTAS: | E39: *Esta planilha é orientativa. Desta forma, é de inteira responsabilidade do contratado as quantidades e valores necessários a completa execução da obra. *Havendo irregularidades neste instrumento, entre em contato com a Ouvidoria de Combate a Corrupção, no telefone 0800-6449060
D42: ENG. GABRIEL DA CUNHA ARAUJO ENG. GILMAR DA MOTA FERNANDES ENG. TIAGO DE SOUZA OLIVEIRA CREA 23300/D-DF CREA 23785/D-DF CREA 24935/D-DF ART: 0720210046394 ART: 0720210047629 ART: 0720210047000 MAT.: 973.175-X MAT.: 973.113-X MAT.: 973.315-9
D44: OBRA C/BDI | E44: =F37 -> 4974259.4
D45: ADM LOCAL C/BDI | E45: ='018.01-21-ADM OBRA'!J55 -> 288656.98
D46: % ADM local | E46: =E45/E44 -> 0.058030142

Sheet 018.01-21-ADM OBRA
B2: GOVERNO DO DISTRITO FEDERAL
B3: SECRETARIA DE ESTADO DE INFRAESTRUTURA E SERVIÇOS PÚBLICOS
B4: COMPANHIA URBANIZADORA DA NOVA CAPITAL DO BRASIL
B5: PLANILHA ESTIMATIVA - ADMINISTRAÇÃO DA OBRA
B6: Nº ESTIMATIVA PARCIAL: | D6: 018.01/2021-SEORÇA-SDS | I6: DATA: | J6: ='018-21-CAPA'!E20 -> 44389
B7: NOME ESTIMATIVA PARCIAL: | D7: ORÇ. REFORMA DO RESTAURANTE COMUNITÁRIO DE ARNIQUEIRAS | I7: Nº PROJETO: | J7: PROJ-DE-045-20
B8: ENDEREÇO: | C8: EQNP 16/20 AE, Lotes E,F e G - CEILÂNDIA - DF | D8: QS AVENIDA ÁGUAS CLRAS LT-03, ÁGUAS CLARAS-DF | I8: ÁREA: | J8: 1.497,00 m²
B9: ENCARGOS TRABALHISTAS: | D9: horista=113,69% / mensalista=73,06% | E9: B.D.I. : | F9: 0.2094 | G9: B.D.I. : | H9: 0.1089 | I9: TAB. REF.: | J9: SINAPI MAIO 2021
B11: ITEM | C11: CÓDIGO | D11: DESCRIÇÃO | E11: UNID. | F11: QUANT. | G11: CUSTO UNITÁRIO (R$) | H11: BDI | I11: PREÇO UNITÁRIO (R$) C/ BDI | J11: PREÇO TOTAL (R$) C/ BDI
B12: 01.00.000 | D12: SERVIÇOS TÉCNICO-PROFISSIONAIS
B13: 01.03.100 | D13: ESTUDOS E PROJETOS
A14: COTAÇÃO | B14: 01.03.100.1 | C14: COT - 01.001 | D14: FURO DE SONDAGEM SPT | E14: UN | F14: 7 | G14: 450 | H14: 0.2094 | I14: 544.23 | J14: 3809.61
A15: CCU | B15: 01.03.100.2 | C15: CCU - 01.001 | D15: ELABORAÇÃO DE PROJETOS EXECUTIVOS DE FUNDAÇÕES E ESTRUTURA, INCLUSO BDI | E15: UN | F15: 1 | G15: 10964.12 | H15: 0 | I15: 10964.12 | J15: 10964.12
B17: 01.08.000 | D17: DESPESAS LEGAIS
B18: 01.08.100 | D18: TAXAS
B19: 01.08.100.1 | C19: CREA-DF | D19: ART DO CONTRATO | E19: UN | F19: 1 | G19: 240.82 | H19: 0.2094 | I19: 291.24771 | J19: 291.24771
G21: SUBTOTAL (Divisão): | J21: 15064.978
B23: 02.00.000 | D23: SERVIÇOS PRELIMINARES
B24: 02.01.000 | D24: CANTEIRO DE OBRAS
B25: 02.01.200 | D25: LIGAÇÕES PROVISÓRIAS
A26: CCU | B26: 02.01.200.5 | C26: CCU - 02.007 | D26: CONSUMO MENSAL DE ÁGUA, ESGOTO, ENERGIA E INTERNET | E26: MÊS | F26: 8 | G26: 2774.86 | H26: 0.2094 | I26: 3355.9157 | J26: 26847.325
G28: SUBTOTAL (Divisão): | J28: 26847.325
B30: 09.00.000 | D30: SERVIÇOS COMPLEMENTARES
B31: 09.01.000 | D31: ENSAIOS E TESTES
B32: 09.01.100 | D32: ENSAIOS EM CONCRETO
A33: CCU | B33: 09.01.100.1 | C33: CCU - 09.001 | D33: ENSAIO DE RESISTENCIA A COMPRESSAO SIMPLES - CONCRETO | E33: UN | F33: 17 | G33: 192.53 | H33: 0.2094 | I33: 232.84578 | J33: 3958.3783
A34: CCU | B34: 09.01.100.2 | C34: CCU - 09.005 | D34: ENSAIO DE ABATIMENTO DO TRONCO DE CONE - CONCRETO | E34: UN | F34: 17 | G34: 77.04 | H34: 0.2094 | I34: 93.172176 | J34: 1583.927
A35: COTAÇÃO | B35: 09.01.100.3 | C35: COT - 09.003 | D35: ENSAIO DE PROVA DE CARGA ESTÁTICA DE FUNDAÇÃO | E35: UN | F35: 1 | G35: 7000 | H35: 0.2094 | I35: 8465.8 | J35: 8465.8
B37: 09.02.000 | D37: LIMPEZA DE OBRAS
B38: 09.02.100 | D38: CONSERVAÇÃO E LIMPEZA
A39: CCU | B39: 09.02.100.1 | C39: CCU - 09.002 | D39: LIMPEZA FINAL DA OBRA | E39: M2 | F39: 1497 | G39: 2.7 | H39: 0.2094 | I39: 3.26538 | J39: 4888.2739
A40: CCU | B40: 09.02.100.2 | C40: CCU - 09.003 | D40: LIMPEZA PERMANENTE DA OBRA | E40: MÊS | F40: 8 | G40: 387.42 | H40: 0.2094 | I40: 468.54575 | J40: 3748.366
A41: COTAÇÃO | B41: 09.02.100.3 | C41: COT - 09.001 | D41: CONTAINER PARA ENTULHO INCLUINDO TAXA DE DEPOSIÇÃO FINAL | E41: UN | F41: 24 | G41: 320 | H41: 0.2094 | I41: 387.008 | J41: 9288.192
B43: 09.04.000 | D43: COMO CONSTRUIDO (AS BUILT)
A44: CCU | B44: 09.04.000.1 | C44: CCU - 09.004 | D44: AS BUILT, DE TODOS OS PROJETOS, (ARQUITETURA E INSTALAÇÕES) | E44: M2 | F44: 1497 | G44: 0.82 | H44: 0.2094 | I44: 0.991708 | J44: 1484.5869
B46: 09.05.000 | D46: REPROGRAFIA
B47: 09.05.100 | D47: CÓPIAS
A48: COTAÇÃO | B48: 09.02.100.1 | C48: COT - 09.002 | D48: CÓPIA DE PROJETOS | E48: UN | F48: 148 | G48: 9.6 | H48: 0.2094 | I48: 11.61024 | J48: 1718.3155
G50: SUBTOTAL (Divisão): | J50: 35135.84
B52: 10.00.000 | D52: SERVIÇOS AUXILIARES E ADMINISTRATIVOS
B53: 10.01.000 | D53: PESSOAL
B54: 10.01.200 | D54: ADMINISTRAÇÃO LOCAL
A55: CCU | B55: 10.01.200.1 | C55: CCU - 10.001 | D55: ADMINISTRAÇÃO LOCAL DA OBRA - (1 ALMOXARIFE, 1 ENGENHEIRO CIVIL MEIO PERÍODO, 1 MESTRE DE OBRAS, 1 ENCARREGADO E 1 POSTO DE VIGILANCIA - (PAGAMENTO PROPORCIONAL A EXECUÇÃO DA OBRA) | E55: UN | F55: 1 | G55: 238677.84 | H55: 0.2094 | I55: 288656.98 | J55: 288656.98
B57: 10.03.000 | D57: MÁQUINAS E EQUIPAMENTOS
B58: 10.03.100 | D58: DE CONSTRUÇÃO
A59: INSUMO | B59: 10.03.100.1 | C59: 10527 | D59: LOCACAO DE ANDAIME METALICO TUBULAR DE ENCAIXE, TIPO DE TORRE, COM LARGURA DE 1 ATE 1,5 M E ALTURA DE *1,00* M (INCLUSO SAPATAS FIXAS OU RODIZIOS) | E59: MXMES | F59: 300 | G59: 13,50 | H59: 0.2094 | I59: 16.3269 | J59: 4898.07
A60: SERVIÇO | B60: 10.03.100.2 | C60: 97064 | D60: MONTAGEM E DESMONTAGEM DE ANDAIME TUBULAR TIPO TORRE (EXCLUSIVE ANDAIME E LIMPEZA). AF_11/2017 | E60: M | F60: 75 | G60: 15,18 | H60: 0.2094 | I60: 18.358692 | J60: 1376.9019
A61: INSUMO | B61: 10.03.100.3 | C61: 20193 | D61: LOCACAO DE ANDAIME METALICO TIPO FACHADEIRO, LARGURA DE 1,20 M, ALTURA POR PECA DE 2,0 M, INCLUINDO SAPATAS E ITENS NECESSARIOS A INSTALACAO | E61: M2XMES | F61: 1050 | G61: 4,49 | H61: 0.2094 | I61: 5.430206 | J61: 5701.7163
A62: SERVIÇO | B62: 10.03.100.4 | C62: 97063 | D62: MONTAGEM E DESMONTAGEM DE ANDAIME MODULAR FACHADEIRO, COM PISO METÁLICO, PARA EDIFICAÇÕES COM MÚLTIPLOS PAVIMENTOS (EXCLUSIVE ANDAIME E LIMPEZA). AF_11/2017 | E62: M2 | F62: 700 | G62: 8,20 | H62: 0.2094 | I62: 9.91708 | J62: 6941.956
G64: SUBTOTAL (Divisão): | J64: 307575.62
G66: TOTAL GERAL: | J66: 384623.77
B68: ENG. GABRIEL DA CUNHA ARAUJO CREA 23300/D-DF ART: 0720210046394 MAT.: 973.175-X
B69: ENG. GILMAR DA MOTA FERNANDES CREA 23785/D-DF ART: 0720210047629 MAT.: 973.113-X
B70: ENG. TIAGO DE SOUZA OLIVEIRA CREA 24935/D-DF ART: 0720210047000 MAT.: 973.315-9

Sheet 018.02-21-IMPLANTAÇÃO
B2: GOVERNO DO DISTRITO FEDERAL
B3: SECRETARIA DE ESTADO DE INFRAESTRUTURA E SERVIÇOS PÚBLICOS
B4: COMPANHIA URBANIZADORA DA NOVA CAPITAL DO BRASIL
B5: PLANILHA ESTIMATIVA - IMPLANTAÇÃO
B6: Nº ESTIMATIVA PARCIAL: | D6: 018.02/2021-SEORÇA-SDS | I6: DATA: | J6: ='018-21-CAPA'!E20 -> 44389
B7: NOME ESTIMATIVA PARCIAL: | D7: ORÇ. REFORMA DO RESTAURANTE COMUNITÁRIO DE ARNIQUEIRAS | I7: Nº PROJETO: | J7: ='018.01-21-ADM OBRA'!J7 -> PROJ-DE-045-20
B8: ENDEREÇO: | C8: EQNP 16/20 AE, Lotes E,F e G - CEILÂNDIA - DF | D8: QS AVENIDA ÁGUAS CLRAS LT-03, ÁGUAS CLARAS-DF | I8: ÁREA: | J8: ='018.01-21-ADM OBRA'!J8 -> 1.497,00 m²
B9: ENCARGOS TRABALHISTAS: | D9: horista=113,69% / mensalista=73,06% | E9: B.D.I. : | F9: 0.2094 | G9: B.D.I. : | H9: 0.1089 | I9: TAB. REF.: | J9: ='018.01-21-ADM OBRA'!J9 -> SINAPI MAIO 2021
B11: ITEM | C11: CÓDIGO | D11: DESCRIÇÃO | E11: UNID. | F11: QUANT. | G11: CUSTO UNITÁRIO (R$) | H11: BDI | I11: PREÇO UNITÁRIO (R$) C/ BDI | J11: PREÇO TOTAL (R$) C/ BDI
B12: 02.00.000 | D12: SERVIÇOS PRELIMINARES | L12: =I12*F12 -> 0 | M12: =L12-J12 -> 0
B13: 02.01.000 | D13: CANTEIRO DE OBRAS | L13: =I13*F13 -> 0 | M13: =L13-J13 -> 0
B14: 02.01.100 | D14: CONSTRUÇÕES PROVISÓRIAS | L14: =I14*F14 -> 0 | M14: =L14-J14 -> 0
A15: INSUMO | B15: 02.01.100.1 | C15: 10775 | D15: LOCACAO DE CONTAINER 2,30 X 6,00 M, ALT. 2,50 M, COM 1 SANITARIO, PARA ESCRITORIO, COMPLETO, SEM DIVISORIAS INTERNAS | E15: MES | F15: 8 | G15: 585,00 | H15: 0.2094 | I15: 707.499 | J15: 5659.992 | L15: =I15*F15 -> 5659.992 | M15: =L15-J15 -> 0
A16: SERVIÇO | B16: 02.01.100.2 | C16: 93210 | D16: EXECUÇÃO DE REFEITÓRIO EM CANTEIRO DE OBRA EM CHAPA DE MADEIRA COMPENSADA, NÃO INCLUSO MOBILIÁRIO E EQUIPAMENTOS. AF_02/2016 | E16: M2 | F16: 32.4 | G16: 518,84 | H16: 0.2094 | I16: 627.4851 | J16: 20330.517 | L16: =I16*F16 -> 20330.517 | M16: =L16-J16 -> 0
A17: INSUMO | B17: 02.01.100.3 | C17: 10777 | D17: LOCACAO DE CONTAINER 2,30 X 4,30 M, ALT. 2,50 M, PARA SANITARIO, COM 3 BACIAS, 4 CHUVEIROS, 1 LAVATORIO E 1 MICTORIO | E17: MES | F17: 16 | G17: 664,21 | H17: 0.2094 | I17: 803.29557 | J17: 12852.729 | L17: =I17*F17 -> 12852.729 | M17: =L17-J17 -> 0
A18: SERVIÇO | B18: 02.01.100.4 | C18: 93585 | D18: EXECUÇÃO DE GUARITA EM CANTEIRO DE OBRA EM CHAPA DE MADEIRA COMPENSADA, NÃO INCLUSO MOBILIÁRIO. AF_04/2016 | E18: M2 | F18: 4 | G18: 1.013,01 | H18: 0.2094 | I18: 1225.1343 | J18: 4900.5372 | L18: =I18*F18 -> 4900.5372 | M18: =L18-J18 -> 0
A19: CCU | B19: 02.01.100.5 | C19: CCU - 02.001 | D19: LOCACAO DE CONTAINER 2,30 X 6,00 M, ALT. 2,50 M, PARA ALMOXARIFADO, SEM DIVISORIAS INTERNAS E SEM SANITARIO | E19: MES | F19: 16 | G19: 457.03 | H19: 0.2094 | I19: 552.73208 | J19: 8843.7133 | L19: =I19*F19 -> 8843.7133 | M19: =L19-J19 -> 0
A20: SERVIÇO | B20: 02.01.100.6 | C20: 93582 | D20: EXECUÇÃO DE CENTRAL DE ARMADURA EM CANTEIRO DE OBRA, NÃO INCLUSO MOBILIÁRIO E EQUIPAMENTOS. AF_04/2016 | E20: M2 | F20: 28.8 | G20: 241,57 | H20: 0.2094 | I20: 292.15476 | J20: 8414.057 | L20: =I20*F20 -> 8414.057 | M20: =L20-J20 -> 0
A21: SERVIÇO | B21: 02.01.100.7 | C21: 93583 | D21: EXECUÇÃO DE CENTRAL DE FÔRMAS, PRODUÇÃO DE ARGAMASSA OU CONCRETO EM CANTEIRO DE OBRA, NÃO INCLUSO MOBILIÁRIO E EQUIPAMENTOS. AF_04/2016 | E21: M2 | F21: 28.8 | G21: 394,07 | H21: 0.2094 | I21: 476.58826 | J21: 13725.742 | L21: =I21*F21 -> 13725.742 | M21: =L21-J21 -> 0
A22: CCU | B22: 02.01.100.8 | C22: CCU - 02.002 | D22: RAMPA DE LAVAGEM - INCLUSIVE DEMOLIÇÃO | E22: UN | F22: 1 | G22: 15553.8 | H22: 0.2094 | I22: 18810.766 | J22: 18810.766 | L22: =I22*F22 -> 18810.766 | M22: =L22-J22 -> 0
A23: CCU | B23: 02.01.100.9 | C23: CCU - 02.003 | D23: LOCAÇÃO DE GRUPO GERADOR 13 CV PARA USO EMERGÊNCIAL | E23: MÊS | F23: 8 | G23: 367.84 | H23: 0.2094 | I23: 444.8657 | J23: 3558.9256 | L23: =I23*F23 -> 3558.9256 | M23: =L23-J23 -> 0
L24: =I24*F24 -> 0 | M24: =L24-J24 -> 0
B25: 02.01.200 | D25: LIGAÇÕES PROVISÓRIAS | L25: =I25*F25 -> 0 | M25: =L25-J25 -> 0
A26: CCU | B26: 02.01.200.1 | C26: CCU - 02.004 | D26: ENTRADA PROVISORIA DE ENERGIA ELETRICA AEREA TRIFASICA 40A EM POSTE MADEIRA | E26: UN | F26: 1 | G26: 1998.6 | H26: 0.2094 | I26: 2417.1068 | J26: 2417.1068 | L26: =I26*F26 -> 2417.1068 | M26: =L26-J26 -> 0
A27: CCU | B27: 02.01.200.2 | C27: CCU - 02.005 | D27: LIGAÇÃO PROVISÓRIA DE ÁGUA PARA CANTEIRO DE OBRAS - FORNECIMENTO E INSTALAÇÃO | E27: UN | F27: 1 | G27: 1203.05 | H27: 0.2094 | I27: 1454.9687 | J27: 1454.9687 | L27: =I27*F27 -> 1454.9687 | M27: =L27-J27 -> 0
A28: COTAÇÃO | B28: 02.01.200.3 | C28: COT - 02.001 | D28: CAIXA D'ÁGUA EM POLIETILENO 3.000 LITROS | E28: UN | F28: 6 | G28: 1493.5 | H28: 0.2094 | I28: 1806.2389 | J28: 10837.433 | L28: =I28*F28 -> 10837.433 | M28: =L28-J28 -> 0
A29: CCU | B29: 02.01.200.4 | C29: CCU - 02.006 | D29: LIGAÇÃO PROVISÓRIA DE ESGOTO PARA CANTEIRO DE OBRAS - FORNECIMENTO E INSTALAÇÃO | E29: UN | F29: 1 | G29: 658.82 | H29: 0.2094 | I29: 796.77691 | J29: 796.77691 | L29: =I29*F29 -> 796.77691 | M29: =L29-J29 -> 0
L30: =I30*F30 -> 0 | M30: =L30-J30 -> 0
B31: 02.01.400 | D31: PROTEÇÃO E SINALIZAÇÃO | L31: =I31*F31 -> 0 | M31: =L31-J31 -> 0
A32: CCU | B32: 02.01.400.1 | C32: CCU - 02.008 | D32: PLACA DE OBRA EM CHAPA DE ACO GALVANIZADO ADESIVADA - FORNECIMENTO E INSTALAÇÃO | E32: M2 | F32: 15.38 | G32: 319.22 | H32: 0.2094 | I32: 386.06467 | J32: 5937.6746 | L32: =I32*F32 -> 5937.6746 | M32: =L32-J32 -> 0
A33: SERVIÇO | B33: 02.01.400.2 | C33: 98459 | D33: TAPUME COM TELHA METÁLICA. AF_05/2018 | E33: M2 | F33: 191.73 | G33: 106,71 | H33: 0.2094 | I33: 129.05507 | J33: 24743.729 | L33: =I33*F33 -> 24743.729 | M33: =L33-J33 -> 0
L34: =I34*F34 -> 0 | M34: =L34-J34 -> 0
B35: 02.02.000 | D35: DEMOLIÇÃO | L35: =I35*F35 -> 0 | M35: =L35-J35 -> 0
B36: 02.02.100 | D36: DEMOLIÇÃO MECÂNIZADA/CONVENCIONAL | L36: =I36*F36 -> 0 | M36: =L36-J36 -> 0
B37: 02.02.110 | D37: FUNDAÇÕES E ESTRUTURAS DE CONCRETO | L37: =I37*F37 -> 0
A38: SERVIÇO | B38: 02.02.110.1 | C38: 97627 | D38: DEMOLIÇÃO DE PILARES E VIGAS EM CONCRETO ARMADO, DE FORMA MECANIZADA COM MARTELETE, SEM REAPROVEITAMENTO. AF_12/2017 | E38: M3 | F38: 11.88 | G38: 238,44 | H38: 0.2094 | I38: 288.36934 | J38: 3425.8277 | L38: =I38*F38 -> 3425.8277 | M38: =L38-J38 -> 0
A39: SERVIÇO | B39: 02.02.110.1 | C39: 97629 | D39: DEMOLIÇÃO DE LAJES, DE FORMA MECANIZADA COM MARTELETE, SEM REAPROVEITAMENTO. AF_12/2017 | E39: M3 | F39: 5.68 | G39: 105,72 | H39: 0.2094 | I39: 127.85777 | J39: 726.23212 | L39: =I39*F39 -> 726.23212 | M39: =L39-J39 -> 0
L40: =I40*F40 -> 0
B41: 02.02.120 | D41: ESTRUTURAS METÁLICAS | L41: =I41*F41 -> 0
A42: SERVIÇO | B42: 02.02.120.1 | C42: 97655 | D42: REMOÇÃO DE TRAMA METÁLICA PARA COBERTURA, DE FORMA MANUAL, SEM REAPROVEITAMENTO. AF_12/2017 | E42: M2 | F42: 1308.7 | G42: 17,96 | H42: 0.2094 | I42: 21.720824 | J42: 28426.042 | L42: =I42*F42 -> 28426.042 | M42: =L42-J42 -> 0
L43: =I43*F43 -> 0
B44: 02.02.130 | D44: ESQUADRIAS | L44: =I44*F44 -> 0
A45: SERVIÇO | B45: 02.02.130.1 | C45: 97644 | D45: REMOÇÃO DE PORTAS, DE FORMA MANUAL, SEM REAPROVEITAMENTO. AF_12/2017 | E45: M2 | F45: 151.2 | G45: 7,68 | H45: 0.2094 | I45: 9.288192 | J45: 1404.3746 | L45: =I45*F45 -> 1404.3746 | M45: =L45-J45 -> 0
A46: SERVIÇO | B46: 02.02.130.2 | C46: 97645 | D46: REMOÇÃO DE JANELAS, DE FORMA MANUAL, SEM REAPROVEITAMENTO. AF_12/2017 | E46: M2 | F46: 68.19 | G46: 27,50 | H46: 0.2094 | I46: 33.2585 | J46: 2267.8971 | L46: =I46*F46 -> 2267.8971 | M46: =L46-J46 -> 0
L47: =I47*F47 -> 0
B48: 02.02.140 | D48: VEDAÇÕES | L48: =I48*F48 -> 0
A49: SERVIÇO | B49: 02.02.140.1 | C49: 97622 | D49: DEMOLIÇÃO DE ALVENARIA DE BLOCO FURADO, DE FORMA MANUAL, SEM REAPROVEITAMENTO. AF_12/2017 | E49: M3 | F49: 74.38 | G49: 46,30 | H49: 0.2094 | I49: 55.99522 | J49: 4164.9245 | L49: =I49*F49 -> 4164.9245 | M49: =L49-J49 -> 0
A50: CCU | B50: 02.02.140.2 | C50: CCU - 02.009 | D50: REMOÇÃO DE ESTRUTURA METÁLICA CHUMBADA EM CONCRETO (ALAMBRADO) | E50: M2 | F50: 69.41 | G50: 52.83 | H50: 0.2094 | I50: 63.892602 | J50: 4434.7855 | L50: =I50*F50 -> 4434.7855 | M50: =L50-J50 -> 0
A51: SERVIÇO | B51: 02.02.140.3 | C51: 97634 | D51: DEMOLIÇÃO DE REVESTIMENTO CERÂMICO, DE FORMA MECANIZADA COM MARTELETE, SEM REAPROVEITAMENTO. AF_12/2017 | E51: M2 | F51: 192.63 | G51: 10,23 | H51: 0.2094 | I51: 12.372162 | J51: 2383.2496 | L51: =I51*F51 -> 2383.2496 | M51: =L51-J51 -> 0
A52: CCU | B52: 02.02.140.4 | C52: CCU - 02.010 | D52: DEMOLIÇÃO DE DIVISÓRIAS DE MADEIRA - SEM REAPROVEITAMENTO | E52: M2 | F52: 98.7 | G52: 16.51 | H52: 0.2094 | I52: 19.967194 | J52: 1970.762 | L52: =I52*F52 -> 1970.762 | M52: =L52-J52 -> 0
A53: CCU | B53: 02.02.140.5 | C53: CCU - 02.011 | D53: REMOÇÃO DE DIVISÓRIAS DE CONCRETO, GRANITO OU MARMORE - SEM REAPROVEITAMENTO | E53: M2 | F53: 18.18 | G53: 13.99 | H53: 0.2094 | I53: 16.919506 | J53: 307.59662 | L53: =I53*F53 -> 307.59662 | M53: =L53-J53 -> 0
L54: =I54*F54 -> 0
B55: 02.02.150 | D55: PISOS | L55: =I55*F55 -> 0
A56: CCU | B56: 02.02.150.1 | C56: CCU - 02.012 | D56: DEMOLIÇÃO DE PISOS/CALÇADAS, DE FORMA MECANIZADA COM MARTELETE, SEM REAPROVEITAMENTO | E56: M3 | F56: 36.8 | G56: 105.72 | H56: 0.2094 | I56: 127.85777 | J56: 4705.1659 | L56: =I56*F56 -> 4705.1659 | M56: =L56-J56 -> 0
A57: CCU | B57: 02.02.150.2 | C57: CCU - 02.013 | D57: REMOÇÃO DE PISO DE ALTA RESISTÊNCIA - GRANITINA | E57: M2 | F57: 732 | G57: 20 | H57: 0.2094 | I57: 24.188 | J57: 17705.616 | L57: =I57*F57 -> 17705.616 | M57: =L57-J57 -> 0
L58: =I58*F58 -> 0
B59: 02.02.160 | D59: COBERTURAS | L59: =I59*F59 -> 0
A60: SERVIÇO | B60: 02.02.160.1 | C60: 97647 | D60: REMOÇÃO DE TELHAS, DE FIBROCIMENTO, METÁLICA E CERÂMICA, DE FORMA MANUAL, SEM REAPROVEITAMENTO. AF_12/2017 | E60: M2 | F60: 1394.26 | G60: 2,94 | H60: 0.2094 | I60: 3.555636 | J60: 4957.481 | L60: =I60*F60 -> 4957.481 | M60: =L60-J60 -> 0
L61: =I61*F61 -> 0
B62: 02.02.180 | D62: PAVIMENTAÇÕES | L62: =I62*F62 -> 0
A63: SERVIÇO | B63: 02.02.180.1 | C63: 97636 | D63: DEMOLIÇÃO PARCIAL DE PAVIMENTO ASFÁLTICO, DE FORMA MECANIZADA, SEM REAPROVEITAMENTO. AF_12/2017 | E63: M2 | F63: 756.7 | G63: 13,62 | H63: 0.2094 | I63: 16.472028 | J63: 12464.384 | L63: =I63*F63 -> 12464.384 | M63: =L63-J63 -> 0
A64: CCU | B64: 02.02.180.2 | C64: CCU - 02.014 | D64: DEMOLIÇÃO DE MEIO FIO | E64: M | F64: 15.9 | G64: 9.99 | H64: 0.2094 | I64: 12.081906 | J64: 192.10231 | L64: =I64*F64 -> 192.10231 | M64: =L64-J64 -> 0
L65: =I65*F65 -> 0
B66: 02.02.185 | D66: EQUIPAMENTOS E ACESSÓRIOS ELÉTRICOS E HIDRÁULICOS | L66: =I66*F66 -> 0
A67: SERVIÇO | B67: 02.02.185.1 | C67: 97661 | D67: REMOÇÃO DE CABOS ELÉTRICOS, DE FORMA MANUAL, SEM REAPROVEITAMENTO. AF_12/2017 | E67: M | F67: 2000 | G67: 0,56 | H67: 0.2094 | I67: 0.677264 | J67: 1354.528 | L67: =I67*F67 -> 1354.528 | M67: =L67-J67 -> 0
A68: SERVIÇO | B68: 02.02.185.2 | C68: 97665 | D68: REMOÇÃO DE LUMINÁRIAS, DE FORMA MANUAL, SEM REAPROVEITAMENTO. AF_12/2017 | E68: UN | F68: 75 | G68: 1,07 | H68: 0.2094 | I68: 1.294058 | J68: 97.05435 | L68: =I68*F68 -> 97.05435 | M68: =L68-J68 -> 0
A69: SERVIÇO | B69: 02.02.185.3 | C69: 97660 | D69: REMOÇÃO DE INTERRUPTORES/TOMADAS ELÉTRICAS, DE FORMA MANUAL, SEM REAPROVEITAMENTO. AF_12/2017 | E69: UN | F69: 100 | G69: 0,54 | H69: 0.2094 | I69: 0.653076 | J69: 65.3076 | L69: =I69*F69 -> 65.3076 | M69: =L69-J69 -> 0
A70: CCU | B70: 02.02.185.4 | C70: CCU - 02.015 | D70: REMOÇÃO DE QUADROS E PAINÉIS ELÉTRICOS DE EMBUTIR OU SOBREPOR | E70: UN | F70: 8 | G70: 42.84 | H70: 0.2094 | I70: 51.810696 | J70: 414.48557 | L70: =I70*F70 -> 414.48557 | M70: =L70-J70 -> 0
A71: SERVIÇO | B71: 02.02.185.5 | C71: 97663 | D71: REMOÇÃO DE LOUÇAS, DE FORMA MANUAL, SEM REAPROVEITAMENTO. AF_12/2017 | E71: UN | F71: 13 | G71: 10,17 | H71: 0.2094 | I71: 12.299598 | J71: 159.89477 | L71: =I71*F71 -> 159.89477 | M71: =L71-J71 -> 0
A72: SERVIÇO | B72: 02.02.185.6 | C72: 97664 | D72: REMOÇÃO DE ACESSÓRIOS, DE FORMA MANUAL, SEM REAPROVEITAMENTO. AF_12/2017 | E72: UN | F72: 20 | G72: 1,26 | H72: 0.2094 | I72: 1.523844 | J72: 30.47688 | L72: =I72*F72 -> 30.47688 | M72: =L72-J72 -> 0
A73: CCU | B73: 02.02.185.7 | C73: CCU - 02.016 | D73: REMOÇÃO DE BANCADAS DE GRANITO, MARMORE OU INÓX | E73: M2 | F73: 20.02 | G73: 21.19 | H73: 0.2094 | I73: 25.627186 | J73: 513.05626 | L73: =I73*F73 -> 513.05626 | M73: =L73-J73 -> 0
A74: CCU | B74: 02.02.185.8 | C74: CCU - 02.017 | D74: REMOÇÃO DE CATRACA DE CONTROLO DE ACESSO | E74: UN | F74: 1 | G74: 19.5 | H74: 0.2094 | I74: 23.5833 | J74: 23.5833 | L74: =I74*F74 -> 23.5833 | M74: =L74-J74 -> 0
L75: =I75*F75 -> 0
B76: 02.02.190 | D76: VEGETAÇÃO | L76: =I76*F76 -> 0
A77: SERVIÇO | B77: 02.02.190.1 | C77: 98524 | D77: LIMPEZA MANUAL DE VEGETAÇÃO EM TERRENO COM ENXADA.AF_05/2018 | E77: M2 | F77: 321.91 | G77: 2,92 | H77: 0.2094 | I77: 3.531448 | J77: 1136.8084 | L77: =I77*F77 -> 1136.8084 | M77: =L77-J77 -> 0
A78: SERVIÇO | B78: 02.02.190.2 | C78: 98530 | D78: CORTE RASO E RECORTE DE ÁRVORE COM DIÂMETRO DE TRONCO MAIOR OU IGUAL A 0,40 M E MENOR QUE 0,60 M.AF_05/2018 | E78: UN | F78: 6 | G78: 112,04 | H78: 0.2094 | I78: 135.50118 | J78: 813.00706 | L78: =I78*F78 -> 813.00706 | M78: =L78-J78 -> 0
A79: SERVIÇO | B79: 02.02.190.3 | C79: 98527 | D79: REMOÇÃO DE RAÍZES REMANESCENTES DE TRONCO DE ÁRVORE COM DIÂMETRO MAIOR OU IGUAL A 0,40 M E MENOR QUE 0,60 M.AF_05/2018 | E79: UN | F79: 6 | G79: 136,36 | H79: 0.2094 | I79: 164.91378 | J79: 989.4827 | L79: =I79*F79 -> 989.4827 | M79: =L79-J79 -> 0
L80: =I80*F80 -> 0 | M80: =L80-J80 -> 0
B81: 02.02.195 | D81: CANTEIRO DE OBRAS | L81: =I81*F81 -> 0 | M81: =L81-J81 -> 0
A82: SERVIÇO | B82: 02.02.195.1 | C82: 97637 | D82: REMOÇÃO DE TAPUME/ CHAPAS METÁLICAS E DE MADEIRA, DE FORMA MANUAL, SEM REAPROVEITAMENTO. AF_12/2017 | E82: M2 | F82: 207.11 | G82: 2,15 | H82: 0.2094 | I82: 2.60021 | J82: 538.52949 | L82: =I82*F82 -> 538.52949 | M82: =L82-J82 -> 0
A83: CCU | B83: 02.02.195.2 | C83: CCU - 02.018 | D83: DEMOLIÇÃO MANUAL DE CONSTRUÇÕES PROVISÓRIAS DE MADEIRA - SEM REAPROVEITAMENTO | E83: M2 | F83: 94 | G83: 11.79 | H83: 0.2094 | I83: 14.258826 | J83: 1340.3296 | L83: =I83*F83 -> 1340.3296 | M83: =L83-J83 -> 0
L84: =I84*F84 -> 0 | M84: =L84-J84 -> 0
B85: 02.02.330 | D85: CARGA, TRANSPORTE, DESCARGA DE MATERIAL DE DEMOLIÇÃO | L85: =I85*F85 -> 0 | M85: =L85-J85 -> 0
A86: SERVIÇO | B86: 02.02.330.1 | C86: 100983 | D86: CARGA, MANOBRA E DESCARGA DE ENTULHO EM CAMINHÃO BASCULANTE 14 M³ - CARGA COM ESCAVADEIRA HIDRÁULICA (CAÇAMBA DE 0,80 M³ / 111 HP) E DESCARGA LIVRE (UNIDADE: M3). AF_07/2020 | E86: M3 | F86: 450.55345 | G86: 6,26 | H86: 0.2094 | I86: 7.570844 | J86: 3411.0699 | L86: =I86*F86 -> 3411.0699 | M86: =L86-J86 -> 0
A87: SERVIÇO | B87: 02.02.330.2 | C87: 95876 | D87: TRANSPORTE COM CAMINHÃO BASCULANTE DE 14 M³, EM VIA URBANA PAVIMENTADA, DMT ATÉ 30 KM (UNIDADE: M3XKM). AF_07/2020 | E87: M3XKM | F87: 9957.2312 | G87: 1,52 | H87: 0.2094 | I87: 1.838288 | J87: 18304.259 | L87: =I87*F87 -> 18304.259 | M87: DISTÂNCIA DE BOTA FORA = 17,0 KM
A88: SERVIÇO | B88: 02.02.330.3 | C88: SLU-1 | D88: DISPOSIÇÃO FINAL DE RESÍDUOS SEGREGADOS DE CONSTRUÇÃO CIVIL | E88: T | F88: 675.83018 | G88: 12.23 | H88: 0.2094 | I88: 14.790962 | J88: 9996.1784 | L88: =I88*F88 -> 9996.1784 | M88: PESO ESPECÍFICO DO ENTULHO DE OBRAS = 1500 KG/M3
L89: =I89*F89 -> 0 | M89: =L89-J89 -> 0
G90: SUBTOTAL (Divisão): | J90: 272009.16 | L90: =I90*F90 -> 0
L91: =I91*F91 -> 0 | M91: =L91-J91 -> 0
B92: 03.00.000 | D92: FUNDAÇÕES E ESTRUTURAS - RESERVATÓRIO METÁLICO | L92: =I92*F92 -> 0 | M92: =L92-J92 -> 0
B93: 03.01.000 | D93: FUNDAÇÕES | L93: =I93*F93 -> 0 | M93: =L93-J93 -> 0
B94: 03.01.100 | D94: ESCAVAÇÃO DE VALAS | L94: =I94*F94 -> 0 | M94: =L94-J94 -> 0 | O94: VOL. CONCRETO
A95: SERVIÇO | B95: 03.01.100.1 | C95: 96523 | D95: ESCAVAÇÃO MANUAL PARA BLOCO DE COROAMENTO OU SAPATA, COM PREVISÃO DE FÔRMA. AF_06/2017 | E95: M3 | F95: 7.94 | G95: 82,17 | H95: 0.2094 | I95: 99.376398 | J95: 789.0486 | L95: =I95*F95 -> 789.0486 | M95: =L95-J95 -> 0 | O95: =K102+F121 -> 10.458008
A96: SERVIÇO | B96: 03.01.100.2 | C96: 101616 | D96: PREPARO DE FUNDO DE VALA COM LARGURA MENOR QUE 1,5 M (ACERTO DO SOLO NATURAL). AF_08/2020 | E96: M2 | F96: 8.82 | G96: 5,27 | H96: 0.2094 | I96: 6.373538 | J96: 56.214605 | L96: =I96*F96 -> 56.214605 | M96: =L96-J96 -> 0
A97: SERVIÇO | B97: 03.01.100.3 | C97: 93382 | D97: REATERRO MANUAL DE VALAS COM COMPACTAÇÃO MECANIZADA. AF_04/2016 | E97: M3 | F97: 2.11 | G97: 25,12 | H97: 0.2094 | I97: 30.380128 | J97: 64.10207 | L97: =I97*F97 -> 64.10207 | M97: =L97-J97 -> 0
L98: =I98*F98 -> 0 | M98: =L98-J98 -> 0
B99: 03.01.400 | D99: FUNDAÇÕES PROFUNDAS | L99: =I99*F99 -> 0 | M99: =L99-J99 -> 0
B100: 03.01.411 | D100: DE CONCRETO ARMADO | L100: =I100*F100 -> 0 | M100: =L100-J100 -> 0
B101: 03.01.413 | D101: ESTACAS | L101: =I101*F101 -> 0 | M101: =L101-J101 -> 0
A102: CCU | B102: 03.01.413.1 | C102: CCU - 03.001 | D102: ESTACA ESCAVADA MECANICAMENTE, SEM FLUIDO ESTABILIZANTE, COM 30CM DE DIÂMETRO, CONCRETO (C-30) LANÇADO POR CAMINHÃO BETONEIRA (EXCLUSIVE ARMAÇÃO) | E102: M | F102: 70 | G102: 45.82 | H102: 0.2094 | I102: 55.414708 | J102: 3879.0296 | K102: =PI()*(0.15^2)*F102 -> 4.9480084 | L102: =I102*F102 -> 3879.0296 | M102: =L102-J102 -> 0
...

Sheet 018.03-21-ED. PRINCIPAL
B2: GOVERNO DO DISTRITO FEDERAL
B3: SECRETARIA DE ESTADO DE INFRAESTRUTURA E SERVIÇOS PÚBLICOS
B4: COMPANHIA URBANIZADORA DA NOVA CAPITAL DO BRASIL
B5: PLANILHA ESTIMATIVA - EDIFICAÇÃO PRINCIPAL
B6: Nº ESTIMATIVA PARCIAL: | D6: 018.03/2021-SEORÇA-SDS | I6: DATA: | J6: ='018-21-CAPA'!E20 -> 44389
B7: NOME ESTIMATIVA PARCIAL: | D7: ORÇ. REFORMA DO RESTAURANTE COMUNITÁRIO DE ARNIQUEIRAS | I7: Nº PROJETO: | J7: ='018.01-21-ADM OBRA'!J7 -> PROJ-DE-045-20
B8: ENDEREÇO: | C8: EQNP 16/20 AE, Lotes E,F e G - CEILÂNDIA - DF | D8: QS AVENIDA ÁGUAS CLRAS LT-03, ÁGUAS CLARAS-DF | I8: ÁREA: | J8: ='018.01-21-ADM OBRA'!J8 -> 1.497,00 m²
B9: ENCARGOS TRABALHISTAS: | D9: horista=113,69% / mensalista=73,06% | E9: B.D.I. : | F9: 0.2094 | G9: B.D.I. : | H9: 0.1089 | I9: TAB. REF.: | J9: ='018.01-21-ADM OBRA'!J9 -> SINAPI MAIO 2021
B11: ITEM | C11: CÓDIGO | D11: DESCRIÇÃO | E11: UNID. | F11: QUANT. | G11: CUSTO UNITÁRIO (R$) | H11: BDI | I11: PREÇO UNITÁRIO (R$) C/ BDI | J11: PREÇO TOTAL (R$) C/ BDI
B12: 03.00.000 | D12: FUNDAÇÕES E ESTRUTURAS | L12: =I12*F12 -> 0
B13: 03.01.000 | D13: FUNDAÇÕES | L13: =I13*F13 -> 0 | O13: VOL. CONCRETO
B14: 03.01.100 | D14: ESCAVAÇÃO DE VALAS | L14: =I14*F14 -> 0 | O14: =K23+F46+F65+F78+F94+F103 -> 65.96398
A15: SERVIÇO | B15: 03.01.100.1 | C15: 96527 | D15: ESCAVAÇÃO MANUAL DE VALA PARA VIGA BALDRAME, COM PREVISÃO DE FÔRMA. AF_06/2017 | E15: M3 | F15: 65.22 | G15: 107,74 | H15: 0.2094 | I15: 130.30076 | J15: 8498.2153 | L15: =I15*F15 -> 8498.2153
A16: SERVIÇO | B16: 03.01.100.2 | C16: 96523 | D16: ESCAVAÇÃO MANUAL PARA BLOCO DE COROAMENTO OU SAPATA, COM PREVISÃO DE FÔRMA. AF_06/2017 | E16: M3 | F16: 10.53 | G16: 82,17 | H16: 0.2094 | I16: 99.376398 | J16: 1046.4335 | L16: =I16*F16 -> 1046.4335
A17: SERVIÇO | B17: 03.01.100.3 | C17: 101616 | D17: PREPARO DE FUNDO DE VALA COM LARGURA MENOR QUE 1,5 M (ACERTO DO SOLO NATURAL). AF_08/2020 | E17: M2 | F17: 173.15 | G17: 5,27 | H17: 0.2094 | I17: 6.373538 | J17: 1103.5781 | L17: =I17*F17 -> 1103.5781
A18: SERVIÇO | B18: 03.01.100.4 | C18: 93382 | D18: REATERRO MANUAL DE VALAS COM COMPACTAÇÃO MECANIZADA. AF_04/2016 | E18: M3 | F18: 47.86 | G18: 25,12 | H18: 0.2094 | I18: 30.380128 | J18: 1453.9929 | L18: =I18*F18 -> 1453.9929
L19: =I19*F19 -> 0
B20: 03.01.400 | D20: FUNDAÇÕES PROFUNDAS | L20: =I20*F20 -> 0
B21: 03.01.411 | D21: DE CONCRETO ARMADO | L21: =I21*F21 -> 0
B22: 03.01.413 | D22: ESTACAS | L22: =I22*F22 -> 0
A23: CCU | B23: 03.01.413.1 | C23: CCU - 03.003 | D23: ESTACA BROCA DE CONCRETO, DIÂMETRO DE 30CM, ESCAVAÇÃO MANUAL COM TRADO CONCHA | E23: M | F23: 232 | G23: 83.86 | H23: 0.2094 | I23: 101.42028 | J23: 23529.506 | K23: =PI()*(0.2^2)*F23 -> 29.15398 | L23: =I23*F23 -> 23529.506
A24: SERVIÇO | B24: 03.01.413.2 | C24: 95584 | D24: MONTAGEM DE ARMADURA TRANSVERSAL DE ESTACAS DE SEÇÃO CIRCULAR, DIÂMETRO = 6,3 MM. AF_11/2016 | E24: KG | F24: 241.08 | G24: 15,55 | H24: 0.2094 | I24: 18.80617 | J24: 4533.7915 | L24: =I24*F24 -> 4533.7915
A25: SERVIÇO | B25: 03.01.413.3 | C25: 95578 | D25: MONTAGEM DE ARMADURA LONGITUDINAL/TRANSVERSAL DE ESTACAS DE SEÇÃO CIRCULAR, DIÂMETRO = 12,5 MM. AF_11/2016 | E25: KG | F25: 1066.04 | G25: 11,31 | H25: 0.2094 | I25: 13.678314 | J25: 14581.63 | L25: =I25*F25 -> 14581.63
L26: =I26*F26 -> 0
B27: 03.01.430 | D27: ARRASAMENTO DE CABEÇA DE ESTACAS | L27: =I27*F27 -> 0
A28: SERVIÇO | B28: 03.01.430.1 | C28: 95601 | D28: ARRASAMENTO MECANICO DE ESTACA DE CONCRETO ARMADO, DIAMETROS DE ATÉ 40 CM. AF_05/2021 | E28: UN | F28: 41 | G28: 13,78 | H28: 0.2094 | I28: 16.665532 | J28: 683.28681 | L28: =I28*F28 -> 683.28681
L29: =I29*F29 -> 0
B30: 03.01.500 | D30: BLOCOS SAPATAS E VIGAS BALDRAME | L30: =I30*F30 -> 0
B31: 03.01.501 | D31: LASTRO | L31: =I31*F31 -> 0
A32: SERVIÇO | B32: 03.01.501.1 | C32: 96619 | D32: LASTRO DE CONCRETO MAGRO, APLICADO EM BLOCOS DE COROAMENTO OU SAPATAS, ESPESSURA DE 5 CM. AF_08/2017 | E32: M2 | F32: 67.08 | G32: 27,10 | H32: 0.2094 | I32: 32.77474 | J32: 2198.5296 | L32: =I32*F32 -> 2198.5296
L33: =I33*F33 -> 0
B34: 03.01.502 | D34: FORMAS | L34: =I34*F34 -> 0
A35: SERVIÇO | B35: 03.01.502.1 | C35: 96540 | D35: FABRICAÇÃO, MONTAGEM E DESMONTAGEM DE FÔRMA PARA BLOCO DE COROAMENTO, EM CHAPA DE MADEIRA COMPENSADA RESINADA, E=17 MM, 4 UTILIZAÇÕES. AF_06/2017 | E35: M2 | F35: 59.04 | G35: 113,82 | H35: 0.2094 | I35: 137.65391 | J35: 8127.0867 | L35: =I35*F35 -> 8127.0867
A36: SERVIÇO | B36: 03.01.502.2 | C36: 96542 | D36: FABRICAÇÃO, MONTAGEM E DESMONTAGEM DE FÔRMA PARA VIGA BALDRAME, EM CHAPA DE MADEIRA COMPENSADA RESINADA, E=17 MM, 4 UTILIZAÇÕES. AF_06/2017 | E36: M2 | F36: 254.99 | G36: 79,72 | H36: 0.2094 | I36: 96.413368 | J36: 24584.445 | L36: =I36*F36 -> 24584.445
L37: =I37*F37 -> 0
B38: 03.01.503 | D38: ARMADURA | L38: =I38*F38 -> 0
A39: SERVIÇO | B39: 03.01.503.1 | C39: 96543 | D39: ARMAÇÃO DE BLOCO, VIGA BALDRAME E SAPATA UTILIZANDO AÇO CA-60 DE 5 MM - MONTAGEM. AF_06/2017 | E39: KG | F39: 379.83624 | G39: 18,47 | H39: 0.2094 | I39: 22.337618 | J39: 8484.6368 | L39: =I39*F39 -> 8484.6368
A40: SERVIÇO | B40: 03.01.503.2 | C40: 96544 | D40: ARMAÇÃO DE BLOCO, VIGA BALDRAME OU SAPATA UTILIZANDO AÇO CA-50 DE 6,3 MM - MONTAGEM. AF_06/2017 | E40: KG | F40: 12 | G40: 17,21 | H40: 0.2094 | I40: 20.813774 | J40: 249.76529 | L40: =I40*F40 -> 249.76529
A41: SERVIÇO | B41: 03.01.503.3 | C41: 96545 | D41: ARMAÇÃO DE BLOCO, VIGA BALDRAME OU SAPATA UTILIZANDO AÇO CA-50 DE 8 MM - MONTAGEM. AF_06/2017 | E41: KG | F41: 520.9248 | G41: 16,02 | H41: 0.2094 | I41: 19.374588 | J41: 10092.703 | L41: =I41*F41 -> 10092.703
A42: SERVIÇO | B42: 03.01.503.4 | C42: 96546 | D42: ARMAÇÃO DE BLOCO, VIGA BALDRAME OU SAPATA UTILIZANDO AÇO CA-50 DE 10 MM - MONTAGEM. AF_06/2017 | E42: KG | F42: 284 | G42: 14,26 | H42: 0.2094 | I42: 17.246044 | J42: 4897.8765 | L42: =I42*F42 -> 4897.8765
A43: SERVIÇO | B43: 03.01.503.5 | C43: 96547 | D43: ARMAÇÃO DE BLOCO, VIGA BALDRAME OU SAPATA UTILIZANDO AÇO CA-50 DE 12,5 MM - MONTAGEM. AF_06/2017 | E43: KG | F43: 10 | G43: 12,02 | H43: 0.2094 | I43: 14.536988 | J43: 145.36988 | L43: =I43*F43 -> 145.36988
L44: =I44*F44 -> 0
B45: 03.01.504 | D45: CONCRETO | L45: =I45*F45 -> 0
A46: SERVIÇO | B46: 03.01.504.1 | C46: 96557 | D46: CONCRETAGEM DE BLOCOS DE COROAMENTO E VIGAS BALDRAMES, FCK 30 MPA, COM USO DE BOMBA  LANÇAMENTO, ADENSAMENTO E ACABAMENTO. AF_06/2017 | E46: M3 | F46: 27.89 | G46: 412,53 | H46: 0.2094 | I46: 498.91378 | J46: 13914.705 | L46: =I46*F46 -> 13914.705
L47: =I47*F47 -> 0
B48: 03.01.600 | D48: IMPERMEABILIZAÇÃO | L48: =I48*F48 -> 0
B49: 03.01.602 | D49: FUNDAÇÕES | L49: =I49*F49 -> 0
A50: SERVIÇO | B50: 03.01.602.1 | C50: 98557 | D50: IMPERMEABILIZAÇÃO DE SUPERFÍCIE COM EMULSÃO ASFÁLTICA, 2 DEMÃOS AF_06/2018 | E50: M2 | F50: 350.5 | G50: 36,62 | H50: 0.2094 | I50: 44.288228 | J50: 15523.024 | L50: =I50*F50 -> 15523.024
L51: =I51*F51 -> 0
B52: 03.02.000 | D52: ESTRUTURAS DE CONCRETO | L52: =I52*F52 -> 0
B53: 03.02.100 | D53: CONCRETO ARMADO | L53: =I53*F53 -> 0
B54: 03.02.110 | D54: PILARES | L54: =I54*F54 -> 0
B55: 03.02.111 | D55: FORMA | L55: =I55*F55 -> 0
A56: SERVIÇO | B56: 03.02.111.1 | C56: 92423 | D56: MONTAGEM E DESMONTAGEM DE FÔRMA DE PILARES RETANGULARES E ESTRUTURAS SIMILARES, PÉ-DIREITO SIMPLES, EM CHAPA DE MADEIRA COMPENSADA RESINADA, 6 UTILIZAÇÕES. AF_09/2020 | E56: M2 | F56: 29 | G56: 55,85 | H56: 0.2094 | I56: 67.54499 | J56: 1958.8047 | L56: =I56*F56 -> 1958.8047
L57: =I57*F57 -> 0
B58: 03.02.112 | D58: ARMADURA | L58: =I58*F58 -> 0
A59: SERVIÇO | B59: 03.02.112.1 | C59: 92775 | D59: ARMAÇÃO DE PILAR OU VIGA DE UMA ESTRUTURA CONVENCIONAL DE CONCRETO ARMADO EM UMA EDIFICAÇÃO TÉRREA OU SOBRADO UTILIZANDO AÇO CA-60 DE 5,0 MM - MONTAGEM. AF_12/2015 | E59: KG | F59: 11.89 | G59: 18,51 | H59: 0.2094 | I59: 22.385994 | J59: 266.16947 | L59: =I59*F59 -> 266.16947
A60: SERVIÇO | B60: 03.02.112.2 | C60: 92776 | D60: ARMAÇÃO DE PILAR OU VIGA DE UMA ESTRUTURA CONVENCIONAL DE CONCRETO ARMADO EM UMA EDIFICAÇÃO TÉRREA OU SOBRADO UTILIZANDO AÇO CA-50 DE 6,3 MM - MONTAGEM. AF_12/2015 | E60: KG | F60: 36.02 | G60: 17,26 | H60: 0.2094 | I60: 20.874244 | J60: 751.89027 | L60: =I60*F60 -> 751.89027
A61: SERVIÇO | B61: 03.02.112.3 | C61: 92778 | D61: ARMAÇÃO DE PILAR OU VIGA DE UMA ESTRUTURA CONVENCIONAL DE CONCRETO ARMADO EM UMA EDIFICAÇÃO TÉRREA OU SOBRADO UTILIZANDO AÇO CA-50 DE 10,0 MM - MONTAGEM. AF_12/2015 | E61: KG | F61: 32 | G61: 14,19 | H61: 0.2094 | I61: 17.161386 | J61: 549.16435 | L61: =I61*F61 -> 549.16435
A62: SERVIÇO | B62: 03.02.112.4 | C62: 92779 | D62: ARMAÇÃO DE PILAR OU VIGA DE UMA ESTRUTURA CONVENCIONAL DE CONCRETO ARMADO EM UMA EDIFICAÇÃO TÉRREA OU SOBRADO UTILIZANDO AÇO CA-50 DE 12,5 MM - MONTAGEM. AF_12/2015 | E62: KG | F62: 118.64 | G62: 11,88 | H62: 0.2094 | I62: 14.367672 | J62: 1704.5806 | L62: =I62*F62 -> 1704.5806
L63: =I63*F63 -> 0
B64: 03.02.113 | D64: CONCRETO | L64: =I64*F64 -> 0
A65: CCU | B65: 03.02.113.1 | C65: CCU - 03.004 | D65: CONCRETAGEM DE PILARES, FCK = 30 MPA, COM USO DE BOMBA EM EDIFICAÇÃO COM SEÇÃO MÉDIA DE PILARES MENOR OU IGUAL A 0,25 M² - LANÇAMENTO, ADENSAMENTO E ACABAMENTO | E65: M3 | F65: 1.44 | G65: 408.62 | H65: 0.2094 | I65: 494.18503 | J65: 711.62644 | L65: =I65*F65 -> 711.62644
L66: =I66*F66 -> 0
B67: 03.02.120 | D67: VIGAS | L67: =I67*F67 -> 0
B68: 03.02.121 | D68: FORMA | L68: =I68*F68 -> 0
A69: SERVIÇO | B69: 03.02.121.1 | C69: 92460 | D69: MONTAGEM E DESMONTAGEM DE FÔRMA DE VIGA, ESCORAMENTO METÁLICO, PÉ-DIREITO SIMPLES, EM CHAPA DE MADEIRA RESINADA, 6 UTILIZAÇÕES. AF_09/2020 | E69: M2 | F69: 60 | G69: 88,05 | H69: 0.2094 | I69: 106.48767 | J69: 6389.2602 | L69: =I69*F69 -> 6389.2602
L70: =I70*F70 -> 0
B71: 03.02.122 | D71: ARMADURA | L71: =I71*F71 -> 0
A72: SERVIÇO | B72: 03.02.122.1 | C72: 92775 | D72: ARMAÇÃO DE PILAR OU VIGA DE UMA ESTRUTURA CONVENCIONAL DE CONCRETO ARMADO EM UMA EDIFICAÇÃO TÉRREA OU SOBRADO UTILIZANDO AÇO CA-60 DE 5,0 MM - MONTAGEM. AF_12/2015 | E72: KG | F72: 69 | G72: 18,51 | H72: 0.2094 | I72: 22.385994 | J72: 1544.6336 | L72: =I72*F72 -> 1544.6336
A73: SERVIÇO | B73: 03.02.122.2 | C73: 92777 | D73: ARMAÇÃO DE PILAR OU VIGA DE UMA ESTRUTURA CONVENCIONAL DE CONCRETO ARMADO EM UMA EDIFICAÇÃO TÉRREA OU SOBRADO UTILIZANDO AÇO CA-50 DE 8,0 MM - MONTAGEM. AF_12/2015 | E73: KG | F73: 61 | G73: 16,00 | H73: 0.2094 | I73: 19.3504 | J73: 1180.3744 | L73: =I73*F73 -> 1180.3744
A74: SERVIÇO | B74: 03.02.122.3 | C74: 92778 | D74: ARMAÇÃO DE PILAR OU VIGA DE UMA ESTRUTURA CONVENCIONAL DE CONCRETO ARMADO EM UMA EDIFICAÇÃO TÉRREA OU SOBRADO UTILIZANDO AÇO CA-50 DE 10,0 MM - MONTAGEM. AF_12/2015 | E74: KG | F74: 108 | G74: 14,19 | H74: 0.2094 | I74: 17.161386 | J74: 1853.4297 | L74: =I74*F74 -> 1853.4297
A75: SERVIÇO | B75: 03.02.122.4 | C75: 92779 | D75: ARMAÇÃO DE PILAR OU VIGA DE UMA ESTRUTURA CONVENCIONAL DE CONCRETO ARMADO EM UMA EDIFICAÇÃO TÉRREA OU SOBRADO UTILIZANDO AÇO CA-50 DE 12,5 MM - MONTAGEM. AF_12/2015 | E75: KG | F75: 10 | G75: 11,88 | H75: 0.2094 | I75: 14.367672 | J75: 143.67672 | L75: =I75*F75 -> 143.67672
L76: =I76*F76 -> 0
B77: 03.02.123 | D77: CONCRETO | L77: =I77*F77 -> 0
A78: CCU | B78: 03.02.123.1 | C78: CCU - 03.006 | D78: CONCRETAGEM DE VIGAS E LAJES, FCK=30 MPA, PARA LAJES MACIÇAS OU NERVURADAS COM USO DE BOMBA - LANÇAMENTO, ADENSAMENTO E ACABAMENTO. | E78: M3 | F78: 3.75 | G78: 402.68 | H78: 0.2094 | I78: 487.00119 | J78: 1826.2545 | L78: =I78*F78 -> 1826.2545
L79: =I79*F79 -> 0
B80: 03.02.128 | D80: CHUMABAMENTO DAS ARMADURAS NA ESTRUTURA EXISTENTE | L80: =I80*F80 -> 0
A81: CCU | B81: 03.02.128.1 | C81: CCU - 03.032 | D81: FURO EM CONCRETO COM FURADEIRA INDUSTRIAL PARA ANCORAGEM DE ARMADURAS | E81: M | F81: 10.8 | G81: 118.57 | H81: 0.2094 | I81: 143.39856 | J81: 1548.7044 | L81: =I81*F81 -> 1548.7044
A82: CCU | B82: 03.02.128.2 | C82: CCU - 03.033 | D82: APLICAÇÃO DE ADESIVO ESTRUTURAL A BASE DE RESINA EPÓXI | E82: L | F82: 0.62 | G82: 132.21 | H82: 0.2094 | I82: 159.89477 | J82: 99.13476 | L82: =I82*F82 -> 99.13476
L83: =I83*F83 -> 0
B84: 03.02.130 | D84: LAJES | L84: =I84*F84 -> 0
B85: 03.02.131 | D85: FORMA | L85: =I85*F85 -> 0
A86: SERVIÇO | B86: 03.02.131.1 | C86: 92518 | D86: MONTAGEM E DESMONTAGEM DE FÔRMA DE LAJE MACIÇA, PÉ-DIREITO SIMPLES, EM CHAPA DE MADEIRA COMPENSADA RESINADA, 6 UTILIZAÇÕES. AF_09/2020 | E86: M2 | F86: 30 | G86: 28,33 | H86: 0.2094 | I86: 34.262302 | J86: 1027.8691 | L86: =I86*F86 -> 1027.8691
L87: =I87*F87 -> 0
B88: 03.02.132 | D88: ARMADURA | L88: =I88*F88 -> 0
A89: SERVIÇO | B89: 03.02.132.1 | C89: 92784 | D89: ARMAÇÃO DE LAJE DE UMA ESTRUTURA CONVENCIONAL DE CONCRETO ARMADO EM UMA EDIFICAÇÃO TÉRREA OU SOBRADO UTILIZANDO AÇO CA-60 DE 5,0 MM - MONTAGEM. AF_12/2015 | E89: KG | F89: 23 | G89: 16,36 | H89: 0.2094 | I89: 19.785784 | J89: 455.07303 | L89: =I89*F89 -> 455.07303
A90: SERVIÇO | B90: 03.02.132.2 | C90: 92785 | D90: ARMAÇÃO DE LAJE DE UMA ESTRUTURA CONVENCIONAL DE CONCRETO ARMADO EM UMA EDIFICAÇÃO TÉRREA OU SOBRADO UTILIZANDO AÇO CA-50 DE 6,3 MM - MONTAGEM. AF_12/2015 | E90: KG | F90: 55 | G90: 15,59 | H90: 0.2094 | I90: 18.854546 | J90: 1037 | L90: =I90*F90 -> 1037
A91: SERVIÇO | B91: 03.02.132.3 | C91: 92786 | D91: ARMAÇÃO DE LAJE DE UMA ESTRUTURA CONVENCIONAL DE CONCRETO ARMADO EM UMA EDIFICAÇÃO TÉRREA OU SOBRADO UTILIZANDO AÇO CA-50 DE 8,0 MM - MONTAGEM. AF_12/2015 | E91: KG | F91: 175 | G91: 14,72 | H91: 0.2094 | I91: 17.802368 | J91: 3115.4144 | L91: =I91*F91 -> 3115.4144
L92: =I92*F92 -> 0
B93: 03.02.133 | D93: CONCRETO | L93: =I93*F93 -> 0
A94: CCU | B94: 03.02.133.1 | C94: CCU - 03.006 | D94: CONCRETAGEM DE VIGAS E LAJES, FCK=30 MPA, PARA LAJES MACIÇAS OU NERVURADAS COM USO DE BOMBA - LANÇAMENTO, ADENSAMENTO E ACABAMENTO. | E94: M3 | F94: 3.63 | G94: 402.68 | H94: 0.2094 | I94: 487.00119 | J94: 1767.8143 | L94: =I94*F94 -> 1767.8143
L95: =I95*F95 -> 0
B96: 03.02.190 | D96: RECONSTITUIÇÃO DE BURACOS NA LAJE
A97: SERVIÇO | B97: 03.02.190.1 | C97: 99814 | D97: LIMPEZA DE SUPERFÍCIE COM JATO DE ALTA PRESSÃO. AF_04/2019 | E97: M2 | F97: 0.9 | G97: 1,57 | H97: 0.2094 | I97: 1.898758 | J97: 1.7088822 | L97: =I97*F97 -> 1.7088822
A98: CCU | B98: 03.02.190.2 | C98: CCU - 03.040 | D98: APICOAMENTO DE CONCRETO | E98: M2 | F98: 0.9 | G98: 5.28 | H98: 0.2094 | I98: 6.385632 | J98: 5.7470688 | L98: =I98*F98 -> 5.7470688
A99: CCU | B99: 03.02.190.3 | C99: CCU - 03.032 | D99: FURO EM CONCRETO COM FURADEIRA INDUSTRIAL PARA ANCORAGEM DE ARMADURAS | E99: M | F99: 1.8 | G99: 118.57 | H99: 0.2094 | I99: 143.39856 | J99: 258.1174 | L99: =I99*F99 -> 258.1174
A100: CCU | B100: 03.02.190.4 | C100: CCU - 03.041 | D100: APLICAÇÃO DE ADESIVO ESTRUTURAL A BASE DE RESINA EPÓXI | E100: UN | F100: 36 | G100: 4.84 | H100: 0.2094 | I100: 5.853496 | J100: 210.72586 | L100: =I100*F100 -> 210.72586
A101: SERVIÇO | B101: 03.02.190.5 | C101: 92518 | D101: MONTAGEM E DESMONTAGEM DE FÔRMA DE LAJE MACIÇA, PÉ-DIREITO SIMPLES, EM CHAPA DE MADEIRA COMPENSADA RESINADA, 6 UTILIZAÇÕES. AF_09/2020 | E101: M2 | F101: 0.75 | G101: 28,33 | H101: 0.2094 | I101: 34.262302 | J101: 25.696726 | L101: =I101*F101 -> 25.696726
A102: SERVIÇO | B102: 03.02.190.6 | C102: 92784 | D102: ARMAÇÃO DE LAJE DE UMA ESTRUTURA CONVENCIONAL DE CONCRETO ARMADO EM UMA EDIFICAÇÃO TÉRREA OU SOBRADO UTILIZANDO AÇO CA-60 DE 5,0 MM - MONTAGEM. AF_12/2015 | E102: KG | F102: 14.4 | G102: 16,36 | H102: 0.2094 | I102: 19.785784 | J102: 284.91529 | L102: =I102*F102 -> 284.91529
...

Sheet 018.04-21-LIXEIRA
B2: GOVERNO DO DISTRITO FEDERAL
B3: SECRETARIA DE ESTADO DE INFRAESTRUTURA E SERVIÇOS PÚBLICOS
B4: COMPANHIA URBANIZADORA DA NOVA CAPITAL DO BRASIL
B5: PLANILHA ESTIMATIVA - LIXEIRA
B6: Nº ESTIMATIVA PARCIAL: | D6: 018.04/2021-SEORÇA-SDS | I6: DATA: | J6: ='018-21-CAPA'!E20 -> 44389
B7: NOME ESTIMATIVA PARCIAL: | D7: ORÇ. REFORMA DO RESTAURANTE COMUNITÁRIO DE ARNIQUEIRAS | I7: Nº PROJETO: | J7: ='018.01-21-ADM OBRA'!J7 -> PROJ-DE-045-20
B8: ENDEREÇO: | C8: EQNP 16/20 AE, Lotes E,F e G - CEILÂNDIA - DF | D8: QS AVENIDA ÁGUAS CLRAS LT-03, ÁGUAS CLARAS-DF | I8: ÁREA: | J8: ='018.01-21-ADM OBRA'!J8 -> 1.497,00 m²
B9: ENCARGOS TRABALHISTAS: | D9: horista=113,69% / mensalista=73,06% | E9: B.D.I. : | F9: 0.2094 | G9: B.D.I. : | H9: 0.1089 | I9: TAB. REF.: | J9: ='018.01-21-ADM OBRA'!J9 -> SINAPI MAIO 2021
B11: ITEM | C11: CÓDIGO | D11: DESCRIÇÃO | E11: UNID. | F11: QUANT. | G11: CUSTO UNITÁRIO (R$) | H11: BDI | I11: PREÇO UNITÁRIO (R$) C/ BDI | J11: PREÇO TOTAL (R$) C/ BDI
B12: 02.00.000 | D12: SERVIÇOS PRELIMINARES | L12: =I12*F12 -> 0
B13: 02.03.000 | D13: LOCAÇÃO DE OBRAS | L13: =I13*F13 -> 0
B14: 02.03.100 | D14: DE EDIFICAÇÕES | L14: =I14*F14 -> 0
A15: SERVIÇO | B15: 02.03.100.1 | C15: 99059 | D15: LOCACAO CONVENCIONAL DE OBRA, UTILIZANDO GABARITO DE TÁBUAS CORRIDAS PONTALETADAS A CADA 2,00M - 2 UTILIZAÇÕES. AF_10/2018 | E15: M | F15: 9.2 | G15: 49,10 | H15: 0.2094 | I15: 59.38154 | J15: 546.31017 | L15: =I15*F15 -> 546.31017
L16: =I16*F16 -> 0
G17: SUBTOTAL (Divisão): | J17: 546.31017 | L17: =I17*F17 -> 0
L18: =I18*F18 -> 0
B19: 03.00.000 | D19: FUNDAÇÕES E ESTRUTURAS | L19: =I19*F19 -> 0
B20: 03.01.000 | D20: FUNDAÇÕES | L20: =I20*F20 -> 0 | O20: VOL. CONCRETO
B21: 03.01.100 | D21: ESCAVAÇÃO DE VALAS | L21: =I21*F21 -> 0 | O21: =K30+F51+F68+F84+F91 -> 12.609203
A22: SERVIÇO | B22: 03.01.100.1 | C22: 96527 | D22: ESCAVAÇÃO MANUAL DE VALA PARA VIGA BALDRAME, COM PREVISÃO DE FÔRMA. AF_06/2017 | E22: M3 | F22: 1.19 | G22: 107,74 | H22: 0.2094 | I22: 130.30076 | J22: 155.0579 | L22: =I22*F22 -> 155.0579
A23: SERVIÇO | B23: 03.01.100.2 | C23: 96523 | D23: ESCAVAÇÃO MANUAL PARA BLOCO DE COROAMENTO OU SAPATA, COM PREVISÃO DE FÔRMA. AF_06/2017 | E23: M3 | F23: 2.11 | G23: 82,17 | H23: 0.2094 | I23: 99.376398 | J23: 209.6842 | L23: =I23*F23 -> 209.6842
A24: SERVIÇO | B24: 03.01.100.3 | C24: 101616 | D24: PREPARO DE FUNDO DE VALA COM LARGURA MENOR QUE 1,5 M (ACERTO DO SOLO NATURAL). AF_08/2020 | E24: M2 | F24: 5.89 | G24: 5,27 | H24: 0.2094 | I24: 6.373538 | J24: 37.540139 | L24: =I24*F24 -> 37.540139
A25: SERVIÇO | B25: 03.01.100.4 | C25: 93382 | D25: REATERRO MANUAL DE VALAS COM COMPACTAÇÃO MECANIZADA. AF_04/2016 | E25: M3 | F25: 1.96 | G25: 25,12 | H25: 0.2094 | I25: 30.380128 | J25: 59.545051 | L25: =I25*F25 -> 59.545051
L26: =I26*F26 -> 0
B27: 03.01.400 | D27: FUNDAÇÕES PROFUNDAS | L27: =I27*F27 -> 0
B28: 03.01.411 | D28: DE CONCRETO ARMADO | L28: =I28*F28 -> 0
B29: 03.01.413 | D29: ESTACAS | L29: =I29*F29 -> 0
A30: CCU | B30: 03.01.413.1 | C30: CCU - 03.001 | D30: ESTACA ESCAVADA MECANICAMENTE, SEM FLUIDO ESTABILIZANTE, COM 30CM DE DIÂMETRO, CONCRETO (C-30) LANÇADO POR CAMINHÃO BETONEIRA (EXCLUSIVE ARMAÇÃO) | E30: M | F30: 28 | G30: 45.82 | H30: 0.2094 | I30: 55.414708 | J30: 1551.6118 | K30: =PI()*(0.15^2)*F30 -> 1.9792034 | L30: =I30*F30 -> 1551.6118
A31: SERVIÇO | B31: 03.01.413.2 | C31: 95584 | D31: MONTAGEM DE ARMADURA TRANSVERSAL DE ESTACAS DE SEÇÃO CIRCULAR, DIÂMETRO = 6,3 MM. AF_11/2016 | E31: KG | F31: 23.52 | G31: 15,55 | H31: 0.2094 | I31: 18.80617 | J31: 442.32112 | L31: =I31*F31 -> 442.32112
A32: SERVIÇO | B32: 03.01.413.3 | C32: 95578 | D32: MONTAGEM DE ARMADURA LONGITUDINAL/TRANSVERSAL DE ESTACAS DE SEÇÃO CIRCULAR, DIÂMETRO = 12,5 MM. AF_11/2016 | E32: KG | F32: 104 | G32: 11,31 | H32: 0.2094 | I32: 13.678314 | J32: 1422.5447 | L32: =I32*F32 -> 1422.5447
L33: =I33*F33 -> 0
B34: 03.01.430 | D34: ARRASAMENTO DE CABEÇA DE ESTACAS | L34: =I34*F34 -> 0
A35: SERVIÇO | B35: 03.01.430.1 | C35: 95601 | D35: ARRASAMENTO MECANICO DE ESTACA DE CONCRETO ARMADO, DIAMETROS DE ATÉ 40 CM. AF_05/2021 | E35: UN | F35: 4 | G35: 13,78 | H35: 0.2094 | I35: 16.665532 | J35: 66.662128 | L35: =I35*F35 -> 66.662128
L36: =I36*F36 -> 0
B37: 03.01.500 | D37: BLOCOS SAPATAS E VIGAS BALDRAME | L37: =I37*F37 -> 0
B38: 03.01.501 | D38: LASTRO | L38: =I38*F38 -> 0
A39: SERVIÇO | B39: 03.01.501.1 | C39: 96619 | D39: LASTRO DE CONCRETO MAGRO, APLICADO EM BLOCOS DE COROAMENTO OU SAPATAS, ESPESSURA DE 5 CM. AF_08/2017 | E39: M2 | F39: 2.32 | G39: 27,10 | H39: 0.2094 | I39: 32.77474 | J39: 76.037397 | L39: =I39*F39 -> 76.037397
L40: =I40*F40 -> 0
B41: 03.01.502 | D41: FORMAS | L41: =I41*F41 -> 0
A42: SERVIÇO | B42: 03.01.502.1 | C42: 96540 | D42: FABRICAÇÃO, MONTAGEM E DESMONTAGEM DE FÔRMA PARA BLOCO DE COROAMENTO, EM CHAPA DE MADEIRA COMPENSADA RESINADA, E=17 MM, 4 UTILIZAÇÕES. AF_06/2017 | E42: M2 | F42: 5.76 | G42: 113,82 | H42: 0.2094 | I42: 137.65391 | J42: 792.88651 | L42: =I42*F42 -> 792.88651
A43: SERVIÇO | B43: 03.01.502.2 | C43: 96542 | D43: FABRICAÇÃO, MONTAGEM E DESMONTAGEM DE FÔRMA PARA VIGA BALDRAME, EM CHAPA DE MADEIRA COMPENSADA RESINADA, E=17 MM, 4 UTILIZAÇÕES. AF_06/2017 | E43: M2 | F43: 4.7 | G43: 79,72 | H43: 0.2094 | I43: 96.413368 | J43: 453.14283 | L43: =I43*F43 -> 453.14283
L44: =I44*F44 -> 0
B45: 03.01.503 | D45: ARMADURA | L45: =I45*F45 -> 0
A46: SERVIÇO | B46: 03.01.503.1 | C46: 96543 | D46: ARMAÇÃO DE BLOCO, VIGA BALDRAME E SAPATA UTILIZANDO AÇO CA-60 DE 5 MM - MONTAGEM. AF_06/2017 | E46: KG | F46: 10.17 | G46: 18,47 | H46: 0.2094 | I46: 22.337618 | J46: 227.17358 | L46: =I46*F46 -> 227.17358
A47: SERVIÇO | B47: 03.01.503.2 | C47: 96544 | D47: ARMAÇÃO DE BLOCO, VIGA BALDRAME OU SAPATA UTILIZANDO AÇO CA-50 DE 6,3 MM - MONTAGEM. AF_06/2017 | E47: KG | F47: 0.71 | G47: 17,21 | H47: 0.2094 | I47: 20.813774 | J47: 14.77778 | L47: =I47*F47 -> 14.77778
A48: SERVIÇO | B48: 03.01.503.3 | C48: 96545 | D48: ARMAÇÃO DE BLOCO, VIGA BALDRAME OU SAPATA UTILIZANDO AÇO CA-50 DE 8 MM - MONTAGEM. AF_06/2017 | E48: KG | F48: 25.52 | G48: 16,02 | H48: 0.2094 | I48: 19.374588 | J48: 494.43949 | L48: =I48*F48 -> 494.43949
L49: =I49*F49 -> 0
B50: 03.01.504 | D50: CONCRETO | L50: =I50*F50 -> 0
A51: SERVIÇO | B51: 03.01.504.1 | C51: 96557 | D51: CONCRETAGEM DE BLOCOS DE COROAMENTO E VIGAS BALDRAMES, FCK 30 MPA, COM USO DE BOMBA  LANÇAMENTO, ADENSAMENTO E ACABAMENTO. AF_06/2017 | E51: M3 | F51: 1.21 | G51: 412,53 | H51: 0.2094 | I51: 498.91378 | J51: 603.68568 | L51: =I51*F51 -> 603.68568
L52: =I52*F52 -> 0
B53: 03.01.600 | D53: IMPERMEABILIZAÇÃO | L53: =I53*F53 -> 0
B54: 03.01.602 | D54: FUNDAÇÕES | L54: =I54*F54 -> 0
A55: SERVIÇO | B55: 03.01.602.1 | C55: 98557 | D55: IMPERMEABILIZAÇÃO DE SUPERFÍCIE COM EMULSÃO ASFÁLTICA, 2 DEMÃOS AF_06/2018 | E55: M2 | F55: 12.79 | G55: 36,62 | H55: 0.2094 | I55: 44.288228 | J55: 566.44644 | L55: =I55*F55 -> 566.44644
L56: =I56*F56 -> 0
B57: 03.02.000 | D57: ESTRUTURAS DE CONCRETO | L57: =I57*F57 -> 0
B58: 03.02.100 | D58: CONCRETO ARMADO | L58: =I58*F58 -> 0
B59: 03.02.110 | D59: PILARES | L59: =I59*F59 -> 0
B60: 03.02.111 | D60: FORMA | L60: =I60*F60 -> 0
A61: SERVIÇO | B61: 03.02.111.1 | C61: 92423 | D61: MONTAGEM E DESMONTAGEM DE FÔRMA DE PILARES RETANGULARES E ESTRUTURAS SIMILARES, PÉ-DIREITO SIMPLES, EM CHAPA DE MADEIRA COMPENSADA RESINADA, 6 UTILIZAÇÕES. AF_09/2020 | E61: M2 | F61: 9.15 | G61: 55,85 | H61: 0.2094 | I61: 67.54499 | J61: 618.03666 | L61: =I61*F61 -> 618.03666
L62: =I62*F62 -> 0
B63: 03.02.112 | D63: ARMADURA | L63: =I63*F63 -> 0
A64: SERVIÇO | B64: 03.02.112.1 | C64: 92776 | D64: ARMAÇÃO DE PILAR OU VIGA DE UMA ESTRUTURA CONVENCIONAL DE CONCRETO ARMADO EM UMA EDIFICAÇÃO TÉRREA OU SOBRADO UTILIZANDO AÇO CA-50 DE 6,3 MM - MONTAGEM. AF_12/2015 | E64: KG | F64: 17.68 | G64: 17,26 | H64: 0.2094 | I64: 20.874244 | J64: 369.05663 | L64: =I64*F64 -> 369.05663
A65: SERVIÇO | B65: 03.02.112.2 | C65: 92779 | D65: ARMAÇÃO DE PILAR OU VIGA DE UMA ESTRUTURA CONVENCIONAL DE CONCRETO ARMADO EM UMA EDIFICAÇÃO TÉRREA OU SOBRADO UTILIZANDO AÇO CA-50 DE 12,5 MM - MONTAGEM. AF_12/2015 | E65: KG | F65: 58.55 | G65: 11,88 | H65: 0.2094 | I65: 14.367672 | J65: 841.2272 | L65: =I65*F65 -> 841.2272
L66: =I66*F66 -> 0
B67: 03.02.113 | D67: CONCRETO | L67: =I67*F67 -> 0
A68: CCU | B68: 03.02.113.1 | C68: CCU - 03.004 | D68: CONCRETAGEM DE PILARES, FCK = 30 MPA, COM USO DE BOMBA EM EDIFICAÇÃO COM SEÇÃO MÉDIA DE PILARES MENOR OU IGUAL A 0,25 M² - LANÇAMENTO, ADENSAMENTO E ACABAMENTO | E68: M3 | F68: 0.44 | G68: 408.62 | H68: 0.2094 | I68: 494.18503 | J68: 217.44141 | L68: =I68*F68 -> 217.44141
L69: =I69*F69 -> 0
B70: 03.02.120 | D70: VIGAS | L70: =I70*F70 -> 0
B71: 03.02.121 | D71: FORMA | L71: =I71*F71 -> 0
A72: SERVIÇO | B72: 03.02.121.1 | C72: 92460 | D72: MONTAGEM E DESMONTAGEM DE FÔRMA DE VIGA, ESCORAMENTO METÁLICO, PÉ-DIREITO SIMPLES, EM CHAPA DE MADEIRA RESINADA, 6 UTILIZAÇÕES. AF_09/2020 | E72: M2 | F72: 6.96 | G72: 88,05 | H72: 0.2094 | I72: 106.48767 | J72: 741.15418 | L72: =I72*F72 -> 741.15418
L73: =I73*F73 -> 0
B74: 03.02.122 | D74: ARMADURA | L74: =I74*F74 -> 0
A75: SERVIÇO | B75: 03.02.122.1 | C75: 92775 | D75: ARMAÇÃO DE PILAR OU VIGA DE UMA ESTRUTURA CONVENCIONAL DE CONCRETO ARMADO EM UMA EDIFICAÇÃO TÉRREA OU SOBRADO UTILIZANDO AÇO CA-60 DE 5,0 MM - MONTAGEM. AF_12/2015 | E75: KG | F75: 5.91 | G75: 18,51 | H75: 0.2094 | I75: 22.385994 | J75: 132.30122 | L75: =I75*F75 -> 132.30122
A76: SERVIÇO | B76: 03.02.122.2 | C76: 92777 | D76: ARMAÇÃO DE PILAR OU VIGA DE UMA ESTRUTURA CONVENCIONAL DE CONCRETO ARMADO EM UMA EDIFICAÇÃO TÉRREA OU SOBRADO UTILIZANDO AÇO CA-50 DE 8,0 MM - MONTAGEM. AF_12/2015 | E76: KG | F76: 7.43 | G76: 16,00 | H76: 0.2094 | I76: 19.3504 | J76: 143.77347 | L76: =I76*F76 -> 143.77347
A77: SERVIÇO | B77: 03.02.122.3 | C77: 92778 | D77: ARMAÇÃO DE PILAR OU VIGA DE UMA ESTRUTURA CONVENCIONAL DE CONCRETO ARMADO EM UMA EDIFICAÇÃO TÉRREA OU SOBRADO UTILIZANDO AÇO CA-50 DE 10,0 MM - MONTAGEM. AF_12/2015 | E77: KG | F77: 16.46 | G77: 14,19 | H77: 0.2094 | I77: 17.161386 | J77: 282.47641 | L77: =I77*F77 -> 282.47641
L78: =I78*F78 -> 0
B79: 03.02.123 | D79: CONCRETO | L79: =I79*F79 -> 0
A80: CCU | B80: 03.02.123.1 | C80: CCU - 03.006 | D80: CONCRETAGEM DE VIGAS E LAJES, FCK=30 MPA, PARA LAJES MACIÇAS OU NERVURADAS COM USO DE BOMBA - LANÇAMENTO, ADENSAMENTO E ACABAMENTO. | E80: M3 | F80: 0.41 | G80: 402.68 | H80: 0.2094 | I80: 487.00119 | J80: 199.67049 | L80: =I80*F80 -> 199.67049
L81: =I81*F81 -> 0
B82: 03.02.130 | D82: LAJES | L82: =I82*F82 -> 0
B83: 03.02.131 | D83: FORMA | L83: =I83*F83 -> 0
A84: SERVIÇO | B84: 03.02.131.1 | C84: 92518 | D84: MONTAGEM E DESMONTAGEM DE FÔRMA DE LAJE MACIÇA, PÉ-DIREITO SIMPLES, EM CHAPA DE MADEIRA COMPENSADA RESINADA, 6 UTILIZAÇÕES. AF_09/2020 | E84: M2 | F84: 8.16 | G84: 28,33 | H84: 0.2094 | I84: 34.262302 | J84: 279.58038 | L84: =I84*F84 -> 279.58038
L85: =I85*F85 -> 0
B86: 03.02.132 | D86: ARMADURA | L86: =I86*F86 -> 0
A87: SERVIÇO | B87: 03.02.132.1 | C87: 92784 | D87: ARMAÇÃO DE LAJE DE UMA ESTRUTURA CONVENCIONAL DE CONCRETO ARMADO EM UMA EDIFICAÇÃO TÉRREA OU SOBRADO UTILIZANDO AÇO CA-60 DE 5,0 MM - MONTAGEM. AF_12/2015 | E87: KG | F87: 13.34 | G87: 16,36 | H87: 0.2094 | I87: 19.785784 | J87: 263.94236 | L87: =I87*F87 -> 263.94236
A88: SERVIÇO | B88: 03.02.132.2 | C88: 92786 | D88: ARMAÇÃO DE LAJE DE UMA ESTRUTURA CONVENCIONAL DE CONCRETO ARMADO EM UMA EDIFICAÇÃO TÉRREA OU SOBRADO UTILIZANDO AÇO CA-50 DE 8,0 MM - MONTAGEM. AF_12/2015 | E88: KG | F88: 57.16 | G88: 14,72 | H88: 0.2094 | I88: 17.802368 | J88: 1017.5834 | L88: =I88*F88 -> 1017.5834
L89: =I89*F89 -> 0
B90: 03.02.133 | D90: CONCRETO | L90: =I90*F90 -> 0
A91: CCU | B91: 03.02.133.1 | C91: CCU - 03.006 | D91: CONCRETAGEM DE VIGAS E LAJES, FCK=30 MPA, PARA LAJES MACIÇAS OU NERVURADAS COM USO DE BOMBA - LANÇAMENTO, ADENSAMENTO E ACABAMENTO. | E91: M3 | F91: 0.82 | G91: 402.68 | H91: 0.2094 | I91: 487.00119 | J91: 399.34098 | L91: =I91*F91 -> 399.34098
L92: =I92*F92 -> 0
G93: SUBTOTAL (Divisão): | J93: 12679.141 | L93: =I93*F93 -> 0
L94: =I94*F94 -> 0
B95: 04.00.000 | D95: ARQUITETURA E ELEMENTOS DE URBANISMO | L95: =I95*F95 -> 0
B96: 04.01.000 | D96: ARQUITETURA | L96: =I96*F96 -> 0
B97: 04.01.100 | D97: PAREDES | L97: =I97*F97 -> 0
A98: SERVIÇO | B98: 04.01.100.1 | C98: 87519 | D98: ALVENARIA DE VEDAÇÃO DE BLOCOS CERÂMICOS FURADOS NA HORIZONTAL DE 9X19X19CM (ESPESSURA 9CM) DE PAREDES COM ÁREA LÍQUIDA MAIOR OU IGUAL A 6M² COM VÃOS E ARGAMASSA DE ASSENTAMENTO COM PREPARO EM BETONEIRA. AF_06/2014 | E98: M2 | F98: 14.67 | G98: 79,87 | H98: 0.2094 | I98: 96.594778 | J98: 1417.0454 | L98: =I98*F98 -> 1417.0454
A99: SERVIÇO | B99: 04.01.100.2 | C99: 93202 | D99: FIXAÇÃO (ENCUNHAMENTO) DE ALVENARIA DE VEDAÇÃO COM TIJOLO MACIÇO. AF_03/2016 | E99: M | F99: 8.3 | G99: 24,48 | H99: 0.2094 | I99: 29.606112 | J99: 245.73073 | L99: =I99*F99 -> 245.73073
A100: SERVIÇO | B100: 04.01.100.3 | C100: 93185 | D100: VERGA PRÉ-MOLDADA PARA PORTAS COM MAIS DE 1,5 M DE VÃO. AF_03/2016 | E100: M | F100: 3 | G100: 53,26 | H100: 0.2094 | I100: 64.412644 | J100: 193.23793 | L100: =I100*F100 -> 193.23793
L101: =I101*F101 -> 0
B102: 04.01.200 | D102: ESQUADRIAS | L102: =I102*F102 -> 0
...

Sheet 018.05-21-GLP
B2: GOVERNO DO DISTRITO FEDERAL
B3: SECRETARIA DE ESTADO DE INFRAESTRUTURA E SERVIÇOS PÚBLICOS
B4: COMPANHIA URBANIZADORA DA NOVA CAPITAL DO BRASIL
B5: PLANILHA ESTIMATIVA - CASA DE GÁS
B6: Nº ESTIMATIVA PARCIAL: | D6: 018.05/2021-SEORÇA-SDS | I6: DATA: | J6: ='018-21-CAPA'!E20 -> 44389
B7: NOME ESTIMATIVA PARCIAL: | D7: ORÇ. REFORMA DO RESTAURANTE COMUNITÁRIO DE ARNIQUEIRAS | I7: Nº PROJETO: | J7: ='018.01-21-ADM OBRA'!J7 -> PROJ-DE-045-20
B8: ENDEREÇO: | C8: EQNP 16/20 AE, Lotes E,F e G - CEILÂNDIA - DF | D8: QS AVENIDA ÁGUAS CLRAS LT-03, ÁGUAS CLARAS-DF | I8: ÁREA: | J8: ='018.01-21-ADM OBRA'!J8 -> 1.497,00 m²
B9: ENCARGOS TRABALHISTAS: | D9: horista=113,69% / mensalista=73,06% | E9: B.D.I. : | F9: 0.2094 | G9: B.D.I. : | H9: 0.1089 | I9: TAB. REF.: | J9: ='018.01-21-ADM OBRA'!J9 -> SINAPI MAIO 2021
B11: ITEM | C11: CÓDIGO | D11: DESCRIÇÃO | E11: UNID. | F11: QUANT. | G11: CUSTO UNITÁRIO (R$) | H11: BDI | I11: PREÇO UNITÁRIO (R$) C/ BDI | J11: PREÇO TOTAL (R$) C/ BDI
B12: 02.00.000 | D12: SERVIÇOS PRELIMINARES | L12: =I12*F12 -> 0
B13: 02.03.000 | D13: LOCAÇÃO DE OBRAS | L13: =I13*F13 -> 0
B14: 02.03.100 | D14: DE EDIFICAÇÕES | L14: =I14*F14 -> 0
A15: SERVIÇO | B15: 02.03.100.1 | C15: 99059 | D15: LOCACAO CONVENCIONAL DE OBRA, UTILIZANDO GABARITO DE TÁBUAS CORRIDAS PONTALETADAS A CADA 2,00M - 2 UTILIZAÇÕES. AF_10/2018 | E15: M | F15: 18.8 | G15: 49,10 | H15: 0.2094 | I15: 59.38154 | J15: 1116.373 | L15: =I15*F15 -> 1116.373
L16: =I16*F16 -> 0
G17: SUBTOTAL (Divisão): | J17: 1116.373 | L17: =I17*F17 -> 0
L18: =I18*F18 -> 0
B19: 03.00.000 | D19: FUNDAÇÕES E ESTRUTURAS | L19: =I19*F19 -> 0
B20: 03.01.000 | D20: FUNDAÇÕES | L20: =I20*F20 -> 0
B21: 03.01.100 | D21: ESCAVAÇÃO DE VALAS | L21: =I21*F21 -> 0 | O21: VOL. CONCRETO
A22: SERVIÇO | B22: 03.01.100.1 | C22: 96527 | D22: ESCAVAÇÃO MANUAL DE VALA PARA VIGA BALDRAME, COM PREVISÃO DE FÔRMA. AF_06/2017 | E22: M3 | F22: 3.48 | G22: 107,74 | H22: 0.2094 | I22: 130.30076 | J22: 453.44663 | L22: =I22*F22 -> 453.44663 | O22: =K30+F51+F68+F84+F91 -> 29.028407
A23: SERVIÇO | B23: 03.01.100.2 | C23: 96523 | D23: ESCAVAÇÃO MANUAL PARA BLOCO DE COROAMENTO OU SAPATA, COM PREVISÃO DE FÔRMA. AF_06/2017 | E23: M3 | F23: 4.21 | G23: 82,17 | H23: 0.2094 | I23: 99.376398 | J23: 418.37464 | L23: =I23*F23 -> 418.37464
A24: SERVIÇO | B24: 03.01.100.3 | C24: 101616 | D24: PREPARO DE FUNDO DE VALA COM LARGURA MENOR QUE 1,5 M (ACERTO DO SOLO NATURAL). AF_08/2020 | E24: M2 | F24: 14.22 | G24: 5,27 | H24: 0.2094 | I24: 6.373538 | J24: 90.63171 | L24: =I24*F24 -> 90.63171
A25: SERVIÇO | B25: 03.01.100.4 | C25: 93382 | D25: REATERRO MANUAL DE VALAS COM COMPACTAÇÃO MECANIZADA. AF_04/2016 | E25: M3 | F25: 4.55 | G25: 25,12 | H25: 0.2094 | I25: 30.380128 | J25: 138.22958 | L25: =I25*F25 -> 138.22958
L26: =I26*F26 -> 0
B27: 03.01.400 | D27: FUNDAÇÕES PROFUNDAS | L27: =I27*F27 -> 0
B28: 03.01.411 | D28: DE CONCRETO ARMADO | L28: =I28*F28 -> 0
B29: 03.01.413 | D29: ESTACAS | L29: =I29*F29 -> 0
A30: CCU | B30: 03.01.413.1 | C30: CCU - 03.001 | D30: ESTACA ESCAVADA MECANICAMENTE, SEM FLUIDO ESTABILIZANTE, COM 30CM DE DIÂMETRO, CONCRETO (C-30) LANÇADO POR CAMINHÃO BETONEIRA (EXCLUSIVE ARMAÇÃO) | E30: M | F30: 56 | G30: 45.82 | H30: 0.2094 | I30: 55.414708 | J30: 3103.2236 | K30: =PI()*(0.15^2)*F30 -> 3.9584067 | L30: =I30*F30 -> 3103.2236
A31: SERVIÇO | B31: 03.01.413.2 | C31: 95584 | D31: MONTAGEM DE ARMADURA TRANSVERSAL DE ESTACAS DE SEÇÃO CIRCULAR, DIÂMETRO = 6,3 MM. AF_11/2016 | E31: KG | F31: 47.04 | G31: 15,55 | H31: 0.2094 | I31: 18.80617 | J31: 884.64224 | L31: =I31*F31 -> 884.64224
A32: SERVIÇO | B32: 03.01.413.3 | C32: 95578 | D32: MONTAGEM DE ARMADURA LONGITUDINAL/TRANSVERSAL DE ESTACAS DE SEÇÃO CIRCULAR, DIÂMETRO = 12,5 MM. AF_11/2016 | E32: KG | F32: 208.01 | G32: 11,31 | H32: 0.2094 | I32: 13.678314 | J32: 2845.2261 | L32: =I32*F32 -> 2845.2261
L33: =I33*F33 -> 0
B34: 03.01.430 | D34: ARRASAMENTO DE CABEÇA DE ESTACAS | L34: =I34*F34 -> 0
A35: SERVIÇO | B35: 03.01.430.1 | C35: 95601 | D35: ARRASAMENTO MECANICO DE ESTACA DE CONCRETO ARMADO, DIAMETROS DE ATÉ 40 CM. AF_05/2021 | E35: UN | F35: 8 | G35: 13,78 | H35: 0.2094 | I35: 16.665532 | J35: 133.32426 | L35: =I35*F35 -> 133.32426
L36: =I36*F36 -> 0
B37: 03.01.500 | D37: BLOCOS SAPATAS E VIGAS BALDRAME | L37: =I37*F37 -> 0
B38: 03.01.501 | D38: LASTRO | L38: =I38*F38 -> 0
A39: SERVIÇO | B39: 03.01.501.1 | C39: 96619 | D39: LASTRO DE CONCRETO MAGRO, APLICADO EM BLOCOS DE COROAMENTO OU SAPATAS, ESPESSURA DE 5 CM. AF_08/2017 | E39: M2 | F39: 5.46 | G39: 27,10 | H39: 0.2094 | I39: 32.77474 | J39: 178.95008 | L39: =I39*F39 -> 178.95008
L40: =I40*F40 -> 0
B41: 03.01.502 | D41: FORMAS | L41: =I41*F41 -> 0
A42: SERVIÇO | B42: 03.01.502.1 | C42: 96540 | D42: FABRICAÇÃO, MONTAGEM E DESMONTAGEM DE FÔRMA PARA BLOCO DE COROAMENTO, EM CHAPA DE MADEIRA COMPENSADA RESINADA, E=17 MM, 4 UTILIZAÇÕES. AF_06/2017 | E42: M2 | F42: 11.52 | G42: 113,82 | H42: 0.2094 | I42: 137.65391 | J42: 1585.773 | L42: =I42*F42 -> 1585.773
A43: SERVIÇO | B43: 03.01.502.2 | C43: 96542 | D43: FABRICAÇÃO, MONTAGEM E DESMONTAGEM DE FÔRMA PARA VIGA BALDRAME, EM CHAPA DE MADEIRA COMPENSADA RESINADA, E=17 MM, 4 UTILIZAÇÕES. AF_06/2017 | E43: M2 | F43: 17.69 | G43: 79,72 | H43: 0.2094 | I43: 96.413368 | J43: 1705.5525 | L43: =I43*F43 -> 1705.5525
L44: =I44*F44 -> 0
B45: 03.01.503 | D45: ARMADURA | L45: =I45*F45 -> 0
A46: SERVIÇO | B46: 03.01.503.1 | C46: 96543 | D46: ARMAÇÃO DE BLOCO, VIGA BALDRAME E SAPATA UTILIZANDO AÇO CA-60 DE 5 MM - MONTAGEM. AF_06/2017 | E46: KG | F46: 31.08 | G46: 18,47 | H46: 0.2094 | I46: 22.337618 | J46: 694.25317 | L46: =I46*F46 -> 694.25317
A47: SERVIÇO | B47: 03.01.503.2 | C47: 96544 | D47: ARMAÇÃO DE BLOCO, VIGA BALDRAME OU SAPATA UTILIZANDO AÇO CA-50 DE 6,3 MM - MONTAGEM. AF_06/2017 | E47: KG | F47: 5.78 | G47: 17,21 | H47: 0.2094 | I47: 20.813774 | J47: 120.30361 | L47: =I47*F47 -> 120.30361
A48: SERVIÇO | B48: 03.01.503.3 | C48: 96545 | D48: ARMAÇÃO DE BLOCO, VIGA BALDRAME OU SAPATA UTILIZANDO AÇO CA-50 DE 8 MM - MONTAGEM. AF_06/2017 | E48: KG | F48: 74.91 | G48: 16,02 | H48: 0.2094 | I48: 19.374588 | J48: 1451.3504 | L48: =I48*F48 -> 1451.3504
L49: =I49*F49 -> 0
B50: 03.01.504 | D50: CONCRETO | L50: =I50*F50 -> 0
A51: SERVIÇO | B51: 03.01.504.1 | C51: 96557 | D51: CONCRETAGEM DE BLOCOS DE COROAMENTO E VIGAS BALDRAMES, FCK 30 MPA, COM USO DE BOMBA  LANÇAMENTO, ADENSAMENTO E ACABAMENTO. AF_06/2017 | E51: M3 | F51: 3.04 | G51: 412,53 | H51: 0.2094 | I51: 498.91378 | J51: 1516.6979 | L51: =I51*F51 -> 1516.6979
L52: =I52*F52 -> 0
B53: 03.01.600 | D53: IMPERMEABILIZAÇÃO | L53: =I53*F53 -> 0
B54: 03.01.602 | D54: FUNDAÇÕES | L54: =I54*F54 -> 0
A55: SERVIÇO | B55: 03.01.602.1 | C55: 98557 | D55: IMPERMEABILIZAÇÃO DE SUPERFÍCIE COM EMULSÃO ASFÁLTICA, 2 DEMÃOS AF_06/2018 | E55: M2 | F55: 35.59 | G55: 36,62 | H55: 0.2094 | I55: 44.288228 | J55: 1576.218 | L55: =I55*F55 -> 1576.218
L56: =I56*F56 -> 0
B57: 03.02.000 | D57: ESTRUTURAS DE CONCRETO | L57: =I57*F57 -> 0
B58: 03.02.100 | D58: CONCRETO ARMADO | L58: =I58*F58 -> 0
B59: 03.02.110 | D59: PILARES | L59: =I59*F59 -> 0
B60: 03.02.111 | D60: FORMA | L60: =I60*F60 -> 0
A61: SERVIÇO | B61: 03.02.111.1 | C61: 92423 | D61: MONTAGEM E DESMONTAGEM DE FÔRMA DE PILARES RETANGULARES E ESTRUTURAS SIMILARES, PÉ-DIREITO SIMPLES, EM CHAPA DE MADEIRA COMPENSADA RESINADA, 6 UTILIZAÇÕES. AF_09/2020 | E61: M2 | F61: 20.55 | G61: 55,85 | H61: 0.2094 | I61: 67.54499 | J61: 1388.0495 | L61: =I61*F61 -> 1388.0495
L62: =I62*F62 -> 0
B63: 03.02.112 | D63: ARMADURA | L63: =I63*F63 -> 0
A64: SERVIÇO | B64: 03.02.112.1 | C64: 92776 | D64: ARMAÇÃO DE PILAR OU VIGA DE UMA ESTRUTURA CONVENCIONAL DE CONCRETO ARMADO EM UMA EDIFICAÇÃO TÉRREA OU SOBRADO UTILIZANDO AÇO CA-50 DE 6,3 MM - MONTAGEM. AF_12/2015 | E64: KG | F64: 41.79 | G64: 17,26 | H64: 0.2094 | I64: 20.874244 | J64: 872.33466 | L64: =I64*F64 -> 872.33466
A65: SERVIÇO | B65: 03.02.112.2 | C65: 92779 | D65: ARMAÇÃO DE PILAR OU VIGA DE UMA ESTRUTURA CONVENCIONAL DE CONCRETO ARMADO EM UMA EDIFICAÇÃO TÉRREA OU SOBRADO UTILIZANDO AÇO CA-50 DE 12,5 MM - MONTAGEM. AF_12/2015 | E65: KG | F65: 150.23 | G65: 11,88 | H65: 0.2094 | I65: 14.367672 | J65: 2158.4554 | L65: =I65*F65 -> 2158.4554
L66: =I66*F66 -> 0
B67: 03.02.113 | D67: CONCRETO | L67: =I67*F67 -> 0
A68: CCU | B68: 03.02.113.1 | C68: CCU - 03.004 | D68: CONCRETAGEM DE PILARES, FCK = 30 MPA, COM USO DE BOMBA EM EDIFICAÇÃO COM SEÇÃO MÉDIA DE PILARES MENOR OU IGUAL A 0,25 M² - LANÇAMENTO, ADENSAMENTO E ACABAMENTO | E68: M3 | F68: 0.98 | G68: 408.62 | H68: 0.2094 | I68: 494.18503 | J68: 484.30133 | L68: =I68*F68 -> 484.30133
L69: =I69*F69 -> 0
B70: 03.02.120 | D70: VIGAS | L70: =I70*F70 -> 0
B71: 03.02.121 | D71: FORMA | L71: =I71*F71 -> 0
A72: SERVIÇO | B72: 03.02.121.1 | C72: 92460 | D72: MONTAGEM E DESMONTAGEM DE FÔRMA DE VIGA, ESCORAMENTO METÁLICO, PÉ-DIREITO SIMPLES, EM CHAPA DE MADEIRA RESINADA, 6 UTILIZAÇÕES. AF_09/2020 | E72: M2 | F72: 11.95 | G72: 88,05 | H72: 0.2094 | I72: 106.48767 | J72: 1272.5277 | L72: =I72*F72 -> 1272.5277
L73: =I73*F73 -> 0
B74: 03.02.122 | D74: ARMADURA | L74: =I74*F74 -> 0
A75: SERVIÇO | B75: 03.02.122.1 | C75: 92775 | D75: ARMAÇÃO DE PILAR OU VIGA DE UMA ESTRUTURA CONVENCIONAL DE CONCRETO ARMADO EM UMA EDIFICAÇÃO TÉRREA OU SOBRADO UTILIZANDO AÇO CA-60 DE 5,0 MM - MONTAGEM. AF_12/2015 | E75: KG | F75: 29.52 | G75: 18,51 | H75: 0.2094 | I75: 22.385994 | J75: 660.83454 | L75: =I75*F75 -> 660.83454
A76: SERVIÇO | B76: 03.02.122.2 | C76: 92776 | D76: ARMAÇÃO DE PILAR OU VIGA DE UMA ESTRUTURA CONVENCIONAL DE CONCRETO ARMADO EM UMA EDIFICAÇÃO TÉRREA OU SOBRADO UTILIZANDO AÇO CA-50 DE 6,3 MM - MONTAGEM. AF_12/2015 | E76: KG | F76: 1.51 | G76: 17,26 | H76: 0.2094 | I76: 20.874244 | J76: 31.520108 | L76: =I76*F76 -> 31.520108
A77: SERVIÇO | B77: 03.02.122.3 | C77: 92777 | D77: ARMAÇÃO DE PILAR OU VIGA DE UMA ESTRUTURA CONVENCIONAL DE CONCRETO ARMADO EM UMA EDIFICAÇÃO TÉRREA OU SOBRADO UTILIZANDO AÇO CA-50 DE 8,0 MM - MONTAGEM. AF_12/2015 | E77: KG | F77: 39.67 | G77: 16,00 | H77: 0.2094 | I77: 19.3504 | J77: 767.63037 | L77: =I77*F77 -> 767.63037
L78: =I78*F78 -> 0
B79: 03.02.123 | D79: CONCRETO | L79: =I79*F79 -> 0
A80: CCU | B80: 03.02.123.1 | C80: CCU - 03.006 | D80: CONCRETAGEM DE VIGAS E LAJES, FCK=30 MPA, PARA LAJES MACIÇAS OU NERVURADAS COM USO DE BOMBA - LANÇAMENTO, ADENSAMENTO E ACABAMENTO. | E80: M3 | F80: 0.65 | G80: 402.68 | H80: 0.2094 | I80: 487.00119 | J80: 316.55077 | L80: =I80*F80 -> 316.55077
L81: =I81*F81 -> 0
B82: 03.02.130 | D82: LAJES | L82: =I82*F82 -> 0
B83: 03.02.131 | D83: FORMA | L83: =I83*F83 -> 0
A84: SERVIÇO | B84: 03.02.131.1 | C84: 92518 | D84: MONTAGEM E DESMONTAGEM DE FÔRMA DE LAJE MACIÇA, PÉ-DIREITO SIMPLES, EM CHAPA DE MADEIRA COMPENSADA RESINADA, 6 UTILIZAÇÕES. AF_09/2020 | E84: M2 | F84: 19.14 | G84: 28,33 | H84: 0.2094 | I84: 34.262302 | J84: 655.78046 | L84: =I84*F84 -> 655.78046
L85: =I85*F85 -> 0
B86: 03.02.132 | D86: ARMADURA | L86: =I86*F86 -> 0
A87: SERVIÇO | B87: 03.02.132.1 | C87: 92784 | D87: ARMAÇÃO DE LAJE DE UMA ESTRUTURA CONVENCIONAL DE CONCRETO ARMADO EM UMA EDIFICAÇÃO TÉRREA OU SOBRADO UTILIZANDO AÇO CA-60 DE 5,0 MM - MONTAGEM. AF_12/2015 | E87: KG | F87: 31.3 | G87: 16,36 | H87: 0.2094 | I87: 19.785784 | J87: 619.29504 | L87: =I87*F87 -> 619.29504
A88: SERVIÇO | B88: 03.02.132.2 | C88: 92786 | D88: ARMAÇÃO DE LAJE DE UMA ESTRUTURA CONVENCIONAL DE CONCRETO ARMADO EM UMA EDIFICAÇÃO TÉRREA OU SOBRADO UTILIZANDO AÇO CA-50 DE 8,0 MM - MONTAGEM. AF_12/2015 | E88: KG | F88: 134.07 | G88: 14,72 | H88: 0.2094 | I88: 17.802368 | J88: 2386.7635 | L88: =I88*F88 -> 2386.7635
L89: =I89*F89 -> 0
B90: 03.02.133 | D90: CONCRETO | L90: =I90*F90 -> 0
A91: CCU | B91: 03.02.133.1 | C91: CCU - 03.006 | D91: CONCRETAGEM DE VIGAS E LAJES, FCK=30 MPA, PARA LAJES MACIÇAS OU NERVURADAS COM USO DE BOMBA - LANÇAMENTO, ADENSAMENTO E ACABAMENTO. | E91: M3 | F91: 1.91 | G91: 402.68 | H91: 0.2094 | I91: 487.00119 | J91: 930.17228 | L91: =I91*F91 -> 930.17228
L92: =I92*F92 -> 0
G93: SUBTOTAL (Divisão): | J93: 29440.413 | L93: =I93*F93 -> 0
L94: =I94*F94 -> 0
B95: 04.00.000 | D95: ARQUITETURA E ELEMENTOS DE URBANISMO | L95: =I95*F95 -> 0
B96: 04.01.000 | D96: ARQUITETURA | L96: =I96*F96 -> 0
B97: 04.01.100 | D97: PAREDES | L97: =I97*F97 -> 0
A98: SERVIÇO | B98: 04.01.100.1 | C98: 87519 | D98: ALVENARIA DE VEDAÇÃO DE BLOCOS CERÂMICOS FURADOS NA HORIZONTAL DE 9X19X19CM (ESPESSURA 9CM) DE PAREDES COM ÁREA LÍQUIDA MAIOR OU IGUAL A 6M² COM VÃOS E ARGAMASSA DE ASSENTAMENTO COM PREPARO EM BETONEIRA. AF_06/2014 | E98: M2 | F98: 40.76 | G98: 79,87 | H98: 0.2094 | I98: 96.594778 | J98: 3937.2032 | L98: =I98*F98 -> 3937.2032
A99: SERVIÇO | B99: 04.01.100.2 | C99: 101161 | D99: ALVENARIA DE VEDAÇÃO COM ELEMENTO VAZADO DE CONCRETO (COBOGÓ) DE 7X50X50CM E ARGAMASSA DE ASSENTAMENTO COM PREPARO EM BETONEIRA. AF_05/2020 | E99: M2 | F99: 2.56 | G99: 177,38 | H99: 0.2094 | I99: 214.52337 | J99: 549.17983 | L99: =I99*F99 -> 549.17983
A100: SERVIÇO | B100: 04.01.100.3 | C100: 93202 | D100: FIXAÇÃO (ENCUNHAMENTO) DE ALVENARIA DE VEDAÇÃO COM TIJOLO MACIÇO. AF_03/2016 | E100: M | F100: 17.6 | G100: 24,48 | H100: 0.2094 | I100: 29.606112 | J100: 521.06757 | L100: =I100*F100 -> 521.06757
A101: SERVIÇO | B101: 04.01.100.4 | C101: 93184 | D101: VERGA PRÉ-MOLDADA PARA PORTAS COM ATÉ 1,5 M DE VÃO. AF_03/2016 | E101: M | F101: 14.5 | G101: 31,35 | H101: 0.2094 | I101: 37.91469 | J101: 549.76301 | L101: =I101*F101 -> 549.76301
A102: SERVIÇO | B102: 04.01.100.5 | C102: 93194 | D102: CONTRAVERGA PRÉ-MOLDADA PARA VÃOS DE ATÉ 1,5 M DE COMPRIMENTO. AF_03/2016 | E102: M | F102: 6 | G102: 41,36 | H102: 0.2094 | I102: 50.020784 | J102: 300.1247 | L102: =I102*F102 -> 300.1247
...

Sheet 018.06-21-BOMBAS
B2: GOVERNO DO DISTRITO FEDERAL
B3: SECRETARIA DE ESTADO DE INFRAESTRUTURA E SERVIÇOS PÚBLICOS
B4: COMPANHIA URBANIZADORA DA NOVA CAPITAL DO BRASIL
B5: PLANILHA ESTIMATIVA - CASA DE BOMBAS
B6: Nº ESTIMATIVA PARCIAL: | D6: 018.06/2021-SEORÇA-SDS | I6: DATA: | J6: ='018-21-CAPA'!E20 -> 44389
B7: NOME ESTIMATIVA PARCIAL: | D7: ORÇ. REFORMA DO RESTAURANTE COMUNITÁRIO DE ARNIQUEIRAS | I7: Nº PROJETO: | J7: ='018.01-21-ADM OBRA'!J7 -> PROJ-DE-045-20
B8: ENDEREÇO: | C8: EQNP 16/20 AE, Lotes E,F e G - CEILÂNDIA - DF | D8: QS AVENIDA ÁGUAS CLRAS LT-03, ÁGUAS CLARAS-DF | I8: ÁREA: | J8: ='018.01-21-ADM OBRA'!J8 -> 1.497,00 m²
B9: ENCARGOS TRABALHISTAS: | D9: horista=113,69% / mensalista=73,06% | E9: B.D.I. : | F9: 0.2094 | G9: B.D.I. : | H9: 0.1089 | I9: TAB. REF.: | J9: ='018.01-21-ADM OBRA'!J9 -> SINAPI MAIO 2021
B11: ITEM | C11: CÓDIGO | D11: DESCRIÇÃO | E11: UNID. | F11: QUANT. | G11: CUSTO UNITÁRIO (R$) | H11: BDI | I11: PREÇO UNITÁRIO (R$) C/ BDI | J11: PREÇO TOTAL (R$) C/ BDI
B12: 02.00.000 | D12: SERVIÇOS PRELIMINARES | L12: =I12*F12 -> 0
B13: 02.03.000 | D13: LOCAÇÃO DE OBRAS | L13: =I13*F13 -> 0
B14: 02.03.100 | D14: DE EDIFICAÇÕES | L14: =I14*F14 -> 0
A15: SERVIÇO | B15: 02.03.100.1 | C15: 99059 | D15: LOCACAO CONVENCIONAL DE OBRA, UTILIZANDO GABARITO DE TÁBUAS CORRIDAS PONTALETADAS A CADA 2,00M - 2 UTILIZAÇÕES. AF_10/2018 | E15: M | F15: 10.2 | G15: 49,10 | H15: 0.2094 | I15: 59.38154 | J15: 605.69171 | L15: =I15*F15 -> 605.69171
L16: =I16*F16 -> 0
G17: SUBTOTAL (Divisão): | J17: 605.69171 | L17: =I17*F17 -> 0
L18: =I18*F18 -> 0
B19: 03.00.000 | D19: FUNDAÇÕES E ESTRUTURAS | L19: =I19*F19 -> 0
B20: 03.01.000 | D20: FUNDAÇÕES | L20: =I20*F20 -> 0 | O20: VOL. CONCRETO
B21: 03.01.100 | D21: ESCAVAÇÃO DE VALAS | L21: =I21*F21 -> 0 | O21: =K30+F51+F68+F80+F91 -> 5.0692034
A22: SERVIÇO | B22: 03.01.100.1 | C22: 96527 | D22: ESCAVAÇÃO MANUAL DE VALA PARA VIGA BALDRAME, COM PREVISÃO DE FÔRMA. AF_06/2017 | E22: M3 | F22: 1.39 | G22: 107,74 | H22: 0.2094 | I22: 130.30076 | J22: 181.11805 | L22: =I22*F22 -> 181.11805
A23: SERVIÇO | B23: 03.01.100.2 | C23: 96523 | D23: ESCAVAÇÃO MANUAL PARA BLOCO DE COROAMENTO OU SAPATA, COM PREVISÃO DE FÔRMA. AF_06/2017 | E23: M3 | F23: 2.11 | G23: 82,17 | H23: 0.2094 | I23: 99.376398 | J23: 209.6842 | L23: =I23*F23 -> 209.6842
A24: SERVIÇO | B24: 03.01.100.3 | C24: 101616 | D24: PREPARO DE FUNDO DE VALA COM LARGURA MENOR QUE 1,5 M (ACERTO DO SOLO NATURAL). AF_08/2020 | E24: M2 | F24: 6.34 | G24: 5,27 | H24: 0.2094 | I24: 6.373538 | J24: 40.408231 | L24: =I24*F24 -> 40.408231
A25: SERVIÇO | B25: 03.01.100.4 | C25: 93382 | D25: REATERRO MANUAL DE VALAS COM COMPACTAÇÃO MECANIZADA. AF_04/2016 | E25: M3 | F25: 2.1 | G25: 25,12 | H25: 0.2094 | I25: 30.380128 | J25: 63.798269 | L25: =I25*F25 -> 63.798269
L26: =I26*F26 -> 0
B27: 03.01.400 | D27: FUNDAÇÕES PROFUNDAS | L27: =I27*F27 -> 0
B28: 03.01.411 | D28: DE CONCRETO ARMADO | L28: =I28*F28 -> 0
B29: 03.01.413 | D29: ESTACAS | L29: =I29*F29 -> 0
A30: CCU | B30: 03.01.413.1 | C30: CCU - 03.001 | D30: ESTACA ESCAVADA MECANICAMENTE, SEM FLUIDO ESTABILIZANTE, COM 30CM DE DIÂMETRO, CONCRETO (C-30) LANÇADO POR CAMINHÃO BETONEIRA (EXCLUSIVE ARMAÇÃO) | E30: M | F30: 28 | G30: 45.82 | H30: 0.2094 | I30: 55.414708 | J30: 1551.6118 | K30: =PI()*(0.15^2)*F30 -> 1.9792034 | L30: =I30*F30 -> 1551.6118
A31: SERVIÇO | B31: 03.01.413.2 | C31: 95584 | D31: MONTAGEM DE ARMADURA TRANSVERSAL DE ESTACAS DE SEÇÃO CIRCULAR, DIÂMETRO = 6,3 MM. AF_11/2016 | E31: KG | F31: 23.52 | G31: 15,55 | H31: 0.2094 | I31: 18.80617 | J31: 442.32112 | L31: =I31*F31 -> 442.32112
A32: SERVIÇO | B32: 03.01.413.3 | C32: 95578 | D32: MONTAGEM DE ARMADURA LONGITUDINAL/TRANSVERSAL DE ESTACAS DE SEÇÃO CIRCULAR, DIÂMETRO = 12,5 MM. AF_11/2016 | E32: KG | F32: 104 | G32: 11,31 | H32: 0.2094 | I32: 13.678314 | J32: 1422.5447 | L32: =I32*F32 -> 1422.5447
L33: =I33*F33 -> 0
B34: 03.01.430 | D34: ARRASAMENTO DE CABEÇA DE ESTACAS | L34: =I34*F34 -> 0
A35: SERVIÇO | B35: 03.01.430.1 | C35: 95601 | D35: ARRASAMENTO MECANICO DE ESTACA DE CONCRETO ARMADO, DIAMETROS DE ATÉ 40 CM. AF_05/2021 | E35: UN | F35: 4 | G35: 13,78 | H35: 0.2094 | I35: 16.665532 | J35: 66.662128 | L35: =I35*F35 -> 66.662128
L36: =I36*F36 -> 0
B37: 03.01.500 | D37: BLOCOS SAPATAS E VIGAS BALDRAME | L37: =I37*F37 -> 0
B38: 03.01.501 | D38: LASTRO | L38: =I38*F38 -> 0
A39: SERVIÇO | B39: 03.01.501.1 | C39: 96619 | D39: LASTRO DE CONCRETO MAGRO, APLICADO EM BLOCOS DE COROAMENTO OU SAPATAS, ESPESSURA DE 5 CM. AF_08/2017 | E39: M2 | F39: 2.47 | G39: 27,10 | H39: 0.2094 | I39: 32.77474 | J39: 80.953608 | L39: =I39*F39 -> 80.953608
L40: =I40*F40 -> 0
B41: 03.01.502 | D41: FORMAS | L41: =I41*F41 -> 0
A42: SERVIÇO | B42: 03.01.502.1 | C42: 96540 | D42: FABRICAÇÃO, MONTAGEM E DESMONTAGEM DE FÔRMA PARA BLOCO DE COROAMENTO, EM CHAPA DE MADEIRA COMPENSADA RESINADA, E=17 MM, 4 UTILIZAÇÕES. AF_06/2017 | E42: M2 | F42: 5.76 | G42: 113,82 | H42: 0.2094 | I42: 137.65391 | J42: 792.88651 | L42: =I42*F42 -> 792.88651
A43: SERVIÇO | B43: 03.01.502.2 | C43: 96542 | D43: FABRICAÇÃO, MONTAGEM E DESMONTAGEM DE FÔRMA PARA VIGA BALDRAME, EM CHAPA DE MADEIRA COMPENSADA RESINADA, E=17 MM, 4 UTILIZAÇÕES. AF_06/2017 | E43: M2 | F43: 5.5 | G43: 79,72 | H43: 0.2094 | I43: 96.413368 | J43: 530.27352 | L43: =I43*F43 -> 530.27352
L44: =I44*F44 -> 0
B45: 03.01.503 | D45: ARMADURA | L45: =I45*F45 -> 0
A46: SERVIÇO | B46: 03.01.503.1 | C46: 96543 | D46: ARMAÇÃO DE BLOCO, VIGA BALDRAME E SAPATA UTILIZANDO AÇO CA-60 DE 5 MM - MONTAGEM. AF_06/2017 | E46: KG | F46: 10.96 | G46: 18,47 | H46: 0.2094 | I46: 22.337618 | J46: 244.82029 | L46: =I46*F46 -> 244.82029
A47: SERVIÇO | B47: 03.01.503.2 | C47: 96544 | D47: ARMAÇÃO DE BLOCO, VIGA BALDRAME OU SAPATA UTILIZANDO AÇO CA-50 DE 6,3 MM - MONTAGEM. AF_06/2017 | E47: KG | F47: 0.57 | G47: 17,21 | H47: 0.2094 | I47: 20.813774 | J47: 11.863851 | L47: =I47*F47 -> 11.863851
A48: SERVIÇO | B48: 03.01.503.3 | C48: 96545 | D48: ARMAÇÃO DE BLOCO, VIGA BALDRAME OU SAPATA UTILIZANDO AÇO CA-50 DE 8 MM - MONTAGEM. AF_06/2017 | E48: KG | F48: 27.33 | G48: 16,02 | H48: 0.2094 | I48: 19.374588 | J48: 529.50749 | L48: =I48*F48 -> 529.50749
L49: =I49*F49 -> 0
B50: 03.01.504 | D50: CONCRETO | L50: =I50*F50 -> 0
A51: SERVIÇO | B51: 03.01.504.1 | C51: 96557 | D51: CONCRETAGEM DE BLOCOS DE COROAMENTO E VIGAS BALDRAMES, FCK 30 MPA, COM USO DE BOMBA  LANÇAMENTO, ADENSAMENTO E ACABAMENTO. AF_06/2017 | E51: M3 | F51: 1.27 | G51: 412,53 | H51: 0.2094 | I51: 498.91378 | J51: 633.6205 | L51: =I51*F51 -> 633.6205
L52: =I52*F52 -> 0
B53: 03.01.600 | D53: IMPERMEABILIZAÇÃO | L53: =I53*F53 -> 0
B54: 03.01.602 | D54: FUNDAÇÕES | L54: =I54*F54 -> 0
A55: SERVIÇO | B55: 03.01.602.1 | C55: 98557 | D55: IMPERMEABILIZAÇÃO DE SUPERFÍCIE COM EMULSÃO ASFÁLTICA, 2 DEMÃOS AF_06/2018 | E55: M2 | F55: 13.74 | G55: 36,62 | H55: 0.2094 | I55: 44.288228 | J55: 608.52025 | L55: =I55*F55 -> 608.52025
L56: =I56*F56 -> 0
B57: 03.02.000 | D57: ESTRUTURAS DE CONCRETO | L57: =I57*F57 -> 0
B58: 03.02.100 | D58: CONCRETO ARMADO | L58: =I58*F58 -> 0
B59: 03.02.110 | D59: PILARES | L59: =I59*F59 -> 0
B60: 03.02.111 | D60: FORMA | L60: =I60*F60 -> 0
A61: SERVIÇO | B61: 03.02.111.1 | C61: 92423 | D61: MONTAGEM E DESMONTAGEM DE FÔRMA DE PILARES RETANGULARES E ESTRUTURAS SIMILARES, PÉ-DIREITO SIMPLES, EM CHAPA DE MADEIRA COMPENSADA RESINADA, 6 UTILIZAÇÕES. AF_09/2020 | E61: M2 | F61: 10.42 | G61: 55,85 | H61: 0.2094 | I61: 67.54499 | J61: 703.8188 | L61: =I61*F61 -> 703.8188
L62: =I62*F62 -> 0
B63: 03.02.112 | D63: ARMADURA | L63: =I63*F63 -> 0
A64: SERVIÇO | B64: 03.02.112.1 | C64: 92776 | D64: ARMAÇÃO DE PILAR OU VIGA DE UMA ESTRUTURA CONVENCIONAL DE CONCRETO ARMADO EM UMA EDIFICAÇÃO TÉRREA OU SOBRADO UTILIZANDO AÇO CA-50 DE 6,3 MM - MONTAGEM. AF_12/2015 | E64: KG | F64: 20.09 | G64: 17,26 | H64: 0.2094 | I64: 20.874244 | J64: 419.36356 | L64: =I64*F64 -> 419.36356
A65: SERVIÇO | B65: 03.02.112.2 | C65: 92779 | D65: ARMAÇÃO DE PILAR OU VIGA DE UMA ESTRUTURA CONVENCIONAL DE CONCRETO ARMADO EM UMA EDIFICAÇÃO TÉRREA OU SOBRADO UTILIZANDO AÇO CA-50 DE 12,5 MM - MONTAGEM. AF_12/2015 | E65: KG | F65: 63.94 | G65: 11,88 | H65: 0.2094 | I65: 14.367672 | J65: 918.66895 | L65: =I65*F65 -> 918.66895
L66: =I66*F66 -> 0
B67: 03.02.113 | D67: CONCRETO | L67: =I67*F67 -> 0
A68: CCU | B68: 03.02.113.1 | C68: CCU - 03.004 | D68: CONCRETAGEM DE PILARES, FCK = 30 MPA, COM USO DE BOMBA EM EDIFICAÇÃO COM SEÇÃO MÉDIA DE PILARES MENOR OU IGUAL A 0,25 M² - LANÇAMENTO, ADENSAMENTO E ACABAMENTO | E68: M3 | F68: 0.5 | G68: 408.62 | H68: 0.2094 | I68: 494.18503 | J68: 247.09251 | L68: =I68*F68 -> 247.09251
L69: =I69*F69 -> 0
B70: 03.02.120 | D70: VIGAS | L70: =I70*F70 -> 0
B71: 03.02.121 | D71: FORMA | L71: =I71*F71 -> 0
A72: SERVIÇO | B72: 03.02.121.1 | C72: 92460 | D72: MONTAGEM E DESMONTAGEM DE FÔRMA DE VIGA, ESCORAMENTO METÁLICO, PÉ-DIREITO SIMPLES, EM CHAPA DE MADEIRA RESINADA, 6 UTILIZAÇÕES. AF_09/2020 | E72: M2 | F72: 7.9 | G72: 88,05 | H72: 0.2094 | I72: 106.48767 | J72: 841.25259 | L72: =I72*F72 -> 841.25259
L73: =I73*F73 -> 0
B74: 03.02.122 | D74: ARMADURA | L74: =I74*F74 -> 0
A75: SERVIÇO | B75: 03.02.122.1 | C75: 92775 | D75: ARMAÇÃO DE PILAR OU VIGA DE UMA ESTRUTURA CONVENCIONAL DE CONCRETO ARMADO EM UMA EDIFICAÇÃO TÉRREA OU SOBRADO UTILIZANDO AÇO CA-60 DE 5,0 MM - MONTAGEM. AF_12/2015 | E75: KG | F75: 6.84 | G75: 18,51 | H75: 0.2094 | I75: 22.385994 | J75: 153.1202 | L75: =I75*F75 -> 153.1202
A76: SERVIÇO | B76: 03.02.122.2 | C76: 92777 | D76: ARMAÇÃO DE PILAR OU VIGA DE UMA ESTRUTURA CONVENCIONAL DE CONCRETO ARMADO EM UMA EDIFICAÇÃO TÉRREA OU SOBRADO UTILIZANDO AÇO CA-50 DE 8,0 MM - MONTAGEM. AF_12/2015 | E76: KG | F76: 9.83 | G76: 16,00 | H76: 0.2094 | I76: 19.3504 | J76: 190.21443 | L76: =I76*F76 -> 190.21443
A77: SERVIÇO | B77: 03.02.122.3 | C77: 92778 | D77: ARMAÇÃO DE PILAR OU VIGA DE UMA ESTRUTURA CONVENCIONAL DE CONCRETO ARMADO EM UMA EDIFICAÇÃO TÉRREA OU SOBRADO UTILIZANDO AÇO CA-50 DE 10,0 MM - MONTAGEM. AF_12/2015 | E77: KG | F77: 13.67 | G77: 14,19 | H77: 0.2094 | I77: 17.161386 | J77: 234.59615 | L77: =I77*F77 -> 234.59615
L78: =I78*F78 -> 0
B79: 03.02.123 | D79: CONCRETO | L79: =I79*F79 -> 0
A80: CCU | B80: 03.02.123.1 | C80: CCU - 03.006 | D80: CONCRETAGEM DE VIGAS E LAJES, FCK=30 MPA, PARA LAJES MACIÇAS OU NERVURADAS COM USO DE BOMBA - LANÇAMENTO, ADENSAMENTO E ACABAMENTO. | E80: M3 | F80: 0.47 | G80: 402.68 | H80: 0.2094 | I80: 487.00119 | J80: 228.89056 | L80: =I80*F80 -> 228.89056
L81: =I81*F81 -> 0
B82: 03.02.130 | D82: LAJES | L82: =I82*F82 -> 0
B83: 03.02.131 | D83: FORMA | L83: =I83*F83 -> 0
A84: SERVIÇO | B84: 03.02.131.1 | C84: 92518 | D84: MONTAGEM E DESMONTAGEM DE FÔRMA DE LAJE MACIÇA, PÉ-DIREITO SIMPLES, EM CHAPA DE MADEIRA COMPENSADA RESINADA, 6 UTILIZAÇÕES. AF_09/2020 | E84: M2 | F84: 8.52 | G84: 28,33 | H84: 0.2094 | I84: 34.262302 | J84: 291.91481 | L84: =I84*F84 -> 291.91481
L85: =I85*F85 -> 0
B86: 03.02.132 | D86: ARMADURA | L86: =I86*F86 -> 0
A87: SERVIÇO | B87: 03.02.132.1 | C87: 92784 | D87: ARMAÇÃO DE LAJE DE UMA ESTRUTURA CONVENCIONAL DE CONCRETO ARMADO EM UMA EDIFICAÇÃO TÉRREA OU SOBRADO UTILIZANDO AÇO CA-60 DE 5,0 MM - MONTAGEM. AF_12/2015 | E87: KG | F87: 13.93 | G87: 16,36 | H87: 0.2094 | I87: 19.785784 | J87: 275.61597 | L87: =I87*F87 -> 275.61597
A88: SERVIÇO | B88: 03.02.132.2 | C88: 92786 | D88: ARMAÇÃO DE LAJE DE UMA ESTRUTURA CONVENCIONAL DE CONCRETO ARMADO EM UMA EDIFICAÇÃO TÉRREA OU SOBRADO UTILIZANDO AÇO CA-50 DE 8,0 MM - MONTAGEM. AF_12/2015 | E88: KG | F88: 59.68 | G88: 14,72 | H88: 0.2094 | I88: 17.802368 | J88: 1062.4453 | L88: =I88*F88 -> 1062.4453
L89: =I89*F89 -> 0
B90: 03.02.133 | D90: CONCRETO | L90: =I90*F90 -> 0
A91: CCU | B91: 03.02.133.1 | C91: CCU - 03.006 | D91: CONCRETAGEM DE VIGAS E LAJES, FCK=30 MPA, PARA LAJES MACIÇAS OU NERVURADAS COM USO DE BOMBA - LANÇAMENTO, ADENSAMENTO E ACABAMENTO. | E91: M3 | F91: 0.85 | G91: 402.68 | H91: 0.2094 | I91: 487.00119 | J91: 413.95101 | L91: =I91*F91 -> 413.95101
L92: =I92*F92 -> 0
G93: SUBTOTAL (Divisão): | J93: 13391.539 | L93: =I93*F93 -> 0
L94: =I94*F94 -> 0
B95: 04.00.000 | D95: ARQUITETURA E ELEMENTOS DE URBANISMO | L95: =I95*F95 -> 0
B96: 04.01.000 | D96: ARQUITETURA | L96: =I96*F96 -> 0
B97: 04.01.100 | D97: PAREDES | L97: =I97*F97 -> 0
A98: SERVIÇO | B98: 04.01.100.1 | C98: 87519 | D98: ALVENARIA DE VEDAÇÃO DE BLOCOS CERÂMICOS FURADOS NA HORIZONTAL DE 9X19X19CM (ESPESSURA 9CM) DE PAREDES COM ÁREA LÍQUIDA MAIOR OU IGUAL A 6M² COM VÃOS E ARGAMASSA DE ASSENTAMENTO COM PREPARO EM BETONEIRA. AF_06/2014 | E98: M2 | F98: 20.61 | G98: 79,87 | H98: 0.2094 | I98: 96.594778 | J98: 1990.8184 | L98: =I98*F98 -> 1990.8184
A99: SERVIÇO | B99: 04.01.100.2 | C99: 93202 | D99: FIXAÇÃO (ENCUNHAMENTO) DE ALVENARIA DE VEDAÇÃO COM TIJOLO MACIÇO. AF_03/2016 | E99: M | F99: 9.3 | G99: 24,48 | H99: 0.2094 | I99: 29.606112 | J99: 275.33684 | L99: =I99*F99 -> 275.33684
A100: SERVIÇO | B100: 04.01.100.3 | C100: 93184 | D100: VERGA PRÉ-MOLDADA PARA PORTAS COM ATÉ 1,5 M DE VÃO. AF_03/2016 | E100: M | F100: 1.4 | G100: 31,35 | H100: 0.2094 | I100: 37.91469 | J100: 53.080566 | L100: =I100*F100 -> 53.080566
L101: =I101*F101 -> 0
B102: 04.01.200 | D102: ESQUADRIAS | L102: =I102*F102 -> 0
...

Sheet 018.07-21-CALDEIRA
B2: GOVERNO DO DISTRITO FEDERAL
B3: SECRETARIA DE ESTADO DE INFRAESTRUTURA E SERVIÇOS PÚBLICOS
B4: COMPANHIA URBANIZADORA DA NOVA CAPITAL DO BRASIL
B5: PLANILHA ESTIMATIVA - CALDEIRA
B6: Nº ESTIMATIVA PARCIAL: | D6: 018.07/2021-SEORÇA-SDS | I6: DATA: | J6: ='018-21-CAPA'!E20 -> 44389
B7: NOME ESTIMATIVA PARCIAL: | D7: ORÇ. REFORMA DO RESTAURANTE COMUNITÁRIO DE ARNIQUEIRAS | I7: Nº PROJETO: | J7: ='018.01-21-ADM OBRA'!J7 -> PROJ-DE-045-20
B8: ENDEREÇO: | C8: EQNP 16/20 AE, Lotes E,F e G - CEILÂNDIA - DF | D8: QS AVENIDA ÁGUAS CLRAS LT-03, ÁGUAS CLARAS-DF | I8: ÁREA: | J8: ='018.01-21-ADM OBRA'!J8 -> 1.497,00 m²
B9: ENCARGOS TRABALHISTAS: | D9: horista=113,69% / mensalista=73,06% | E9: B.D.I. : | F9: 0.2094 | G9: B.D.I. : | H9: 0.1089 | I9: TAB. REF.: | J9: ='018.01-21-ADM OBRA'!J9 -> SINAPI MAIO 2021
B11: ITEM | C11: CÓDIGO | D11: DESCRIÇÃO | E11: UNID. | F11: QUANT. | G11: CUSTO UNITÁRIO (R$) | H11: BDI | I11: PREÇO UNITÁRIO (R$) C/ BDI | J11: PREÇO TOTAL (R$) C/ BDI
B12: 02.00.000 | D12: SERVIÇOS PRELIMINARES | L12: =I12*F12 -> 0
B13: 02.03.000 | D13: LOCAÇÃO DE OBRAS | L13: =I13*F13 -> 0
B14: 02.03.100 | D14: DE EDIFICAÇÕES | L14: =I14*F14 -> 0
A15: SERVIÇO | B15: 02.03.100.1 | C15: 99059 | D15: LOCACAO CONVENCIONAL DE OBRA, UTILIZANDO GABARITO DE TÁBUAS CORRIDAS PONTALETADAS A CADA 2,00M - 2 UTILIZAÇÕES. AF_10/2018 | E15: M | F15: 16 | G15: 49,10 | H15: 0.2094 | I15: 59.38154 | J15: 950.10464 | L15: =I15*F15 -> 950.10464
L16: =I16*F16 -> 0
G17: SUBTOTAL (Divisão): | J17: 950.10464 | L17: =I17*F17 -> 0
L18: =I18*F18 -> 0
B19: 03.00.000 | D19: FUNDAÇÕES E ESTRUTURAS | L19: =I19*F19 -> 0
B20: 03.01.000 | D20: FUNDAÇÕES | L20: =I20*F20 -> 0
B21: 03.01.100 | D21: ESCAVAÇÃO DE VALAS | L21: =I21*F21 -> 0 | O21: VOL. CONCRETO
A22: SERVIÇO | B22: 03.01.100.1 | C22: 96527 | D22: ESCAVAÇÃO MANUAL DE VALA PARA VIGA BALDRAME, COM PREVISÃO DE FÔRMA. AF_06/2017 | E22: M3 | F22: 2.57 | G22: 107,74 | H22: 0.2094 | I22: 130.30076 | J22: 334.87294 | L22: =I22*F22 -> 334.87294 | O22: =K30+F51+F68+F80+F91 -> 6.4992034
A23: SERVIÇO | B23: 03.01.100.2 | C23: 96523 | D23: ESCAVAÇÃO MANUAL PARA BLOCO DE COROAMENTO OU SAPATA, COM PREVISÃO DE FÔRMA. AF_06/2017 | E23: M3 | F23: 2.11 | G23: 82,17 | H23: 0.2094 | I23: 99.376398 | J23: 209.6842 | L23: =I23*F23 -> 209.6842
A24: SERVIÇO | B24: 03.01.100.3 | C24: 101616 | D24: PREPARO DE FUNDO DE VALA COM LARGURA MENOR QUE 1,5 M (ACERTO DO SOLO NATURAL). AF_08/2020 | E24: M2 | F24: 8.95 | G24: 5,27 | H24: 0.2094 | I24: 6.373538 | J24: 57.043165 | L24: =I24*F24 -> 57.043165
A25: SERVIÇO | B25: 03.01.100.4 | C25: 93382 | D25: REATERRO MANUAL DE VALAS COM COMPACTAÇÃO MECANIZADA. AF_04/2016 | E25: M3 | F25: 2.88 | G25: 25,12 | H25: 0.2094 | I25: 30.380128 | J25: 87.494769 | L25: =I25*F25 -> 87.494769
L26: =I26*F26 -> 0
B27: 03.01.400 | D27: FUNDAÇÕES PROFUNDAS | L27: =I27*F27 -> 0
B28: 03.01.411 | D28: DE CONCRETO ARMADO | L28: =I28*F28 -> 0
B29: 03.01.413 | D29: ESTACAS | L29: =I29*F29 -> 0
A30: CCU | B30: 03.01.413.1 | C30: CCU - 03.001 | D30: ESTACA ESCAVADA MECANICAMENTE, SEM FLUIDO ESTABILIZANTE, COM 30CM DE DIÂMETRO, CONCRETO (C-30) LANÇADO POR CAMINHÃO BETONEIRA (EXCLUSIVE ARMAÇÃO) | E30: M | F30: 28 | G30: 45.82 | H30: 0.2094 | I30: 55.414708 | J30: 1551.6118 | K30: =PI()*(0.15^2)*F30 -> 1.9792034 | L30: =I30*F30 -> 1551.6118
A31: SERVIÇO | B31: 03.01.413.2 | C31: 95584 | D31: MONTAGEM DE ARMADURA TRANSVERSAL DE ESTACAS DE SEÇÃO CIRCULAR, DIÂMETRO = 6,3 MM. AF_11/2016 | E31: KG | F31: 23.52 | G31: 15,55 | H31: 0.2094 | I31: 18.80617 | J31: 442.32112 | L31: =I31*F31 -> 442.32112
A32: SERVIÇO | B32: 03.01.413.3 | C32: 95578 | D32: MONTAGEM DE ARMADURA LONGITUDINAL/TRANSVERSAL DE ESTACAS DE SEÇÃO CIRCULAR, DIÂMETRO = 12,5 MM. AF_11/2016 | E32: KG | F32: 104 | G32: 11,31 | H32: 0.2094 | I32: 13.678314 | J32: 1422.5447 | L32: =I32*F32 -> 1422.5447
L33: =I33*F33 -> 0
B34: 03.01.430 | D34: ARRASAMENTO DE CABEÇA DE ESTACAS | L34: =I34*F34 -> 0
A35: SERVIÇO | B35: 03.01.430.1 | C35: 95601 | D35: ARRASAMENTO MECANICO DE ESTACA DE CONCRETO ARMADO, DIAMETROS DE ATÉ 40 CM. AF_05/2021 | E35: UN | F35: 4 | G35: 13,78 | H35: 0.2094 | I35: 16.665532 | J35: 66.662128 | L35: =I35*F35 -> 66.662128
L36: =I36*F36 -> 0
B37: 03.01.500 | D37: BLOCOS SAPATAS E VIGAS BALDRAME | L37: =I37*F37 -> 0
B38: 03.01.501 | D38: LASTRO | L38: =I38*F38 -> 0
A39: SERVIÇO | B39: 03.01.501.1 | C39: 96619 | D39: LASTRO DE CONCRETO MAGRO, APLICADO EM BLOCOS DE COROAMENTO OU SAPATAS, ESPESSURA DE 5 CM. AF_08/2017 | E39: M2 | F39: 3.34 | G39: 27,10 | H39: 0.2094 | I39: 32.77474 | J39: 109.46763 | L39: =I39*F39 -> 109.46763
L40: =I40*F40 -> 0
B41: 03.01.502 | D41: FORMAS | L41: =I41*F41 -> 0
A42: SERVIÇO | B42: 03.01.502.1 | C42: 96540 | D42: FABRICAÇÃO, MONTAGEM E DESMONTAGEM DE FÔRMA PARA BLOCO DE COROAMENTO, EM CHAPA DE MADEIRA COMPENSADA RESINADA, E=17 MM, 4 UTILIZAÇÕES. AF_06/2017 | E42: M2 | F42: 5.76 | G42: 113,82 | H42: 0.2094 | I42: 137.65391 | J42: 792.88651 | L42: =I42*F42 -> 792.88651
A43: SERVIÇO | B43: 03.01.502.2 | C43: 96542 | D43: FABRICAÇÃO, MONTAGEM E DESMONTAGEM DE FÔRMA PARA VIGA BALDRAME, EM CHAPA DE MADEIRA COMPENSADA RESINADA, E=17 MM, 4 UTILIZAÇÕES. AF_06/2017 | E43: M2 | F43: 10.14 | G43: 79,72 | H43: 0.2094 | I43: 96.413368 | J43: 977.63155 | L43: =I43*F43 -> 977.63155
L44: =I44*F44 -> 0
B45: 03.01.503 | D45: ARMADURA | L45: =I45*F45 -> 0
A46: SERVIÇO | B46: 03.01.503.1 | C46: 96543 | D46: ARMAÇÃO DE BLOCO, VIGA BALDRAME E SAPATA UTILIZANDO AÇO CA-60 DE 5 MM - MONTAGEM. AF_06/2017 | E46: KG | F46: 17.21 | G46: 18,47 | H46: 0.2094 | I46: 22.337618 | J46: 384.43041 | L46: =I46*F46 -> 384.43041
A47: SERVIÇO | B47: 03.01.503.2 | C47: 96545 | D47: ARMAÇÃO DE BLOCO, VIGA BALDRAME OU SAPATA UTILIZANDO AÇO CA-50 DE 8 MM - MONTAGEM. AF_06/2017 | E47: KG | F47: 24.69 | G47: 16,02 | H47: 0.2094 | I47: 19.374588 | J47: 478.35858 | L47: =I47*F47 -> 478.35858
A48: SERVIÇO | B48: 03.01.503.3 | C48: 96546 | D48: ARMAÇÃO DE BLOCO, VIGA BALDRAME OU SAPATA UTILIZANDO AÇO CA-50 DE 10 MM - MONTAGEM. AF_06/2017 | E48: KG | F48: 14.61 | G48: 14,26 | H48: 0.2094 | I48: 17.246044 | J48: 251.9647 | L48: =I48*F48 -> 251.9647
L49: =I49*F49 -> 0
B50: 03.01.504 | D50: CONCRETO | L50: =I50*F50 -> 0
A51: SERVIÇO | B51: 03.01.504.1 | C51: 96557 | D51: CONCRETAGEM DE BLOCOS DE COROAMENTO E VIGAS BALDRAMES, FCK 30 MPA, COM USO DE BOMBA  LANÇAMENTO, ADENSAMENTO E ACABAMENTO. AF_06/2017 | E51: M3 | F51: 1.62 | G51: 412,53 | H51: 0.2094 | I51: 498.91378 | J51: 808.24033 | L51: =I51*F51 -> 808.24033
L52: =I52*F52 -> 0
B53: 03.01.600 | D53: IMPERMEABILIZAÇÃO | L53: =I53*F53 -> 0
B54: 03.01.602 | D54: FUNDAÇÕES | L54: =I54*F54 -> 0
A55: SERVIÇO | B55: 03.01.602.1 | C55: 98557 | D55: IMPERMEABILIZAÇÃO DE SUPERFÍCIE COM EMULSÃO ASFÁLTICA, 2 DEMÃOS AF_06/2018 | E55: M2 | F55: 19.25 | G55: 36,62 | H55: 0.2094 | I55: 44.288228 | J55: 852.54839 | L55: =I55*F55 -> 852.54839
L56: =I56*F56 -> 0
B57: 03.02.000 | D57: ESTRUTURAS DE CONCRETO | L57: =I57*F57 -> 0
B58: 03.02.100 | D58: CONCRETO ARMADO | L58: =I58*F58 -> 0
B59: 03.02.110 | D59: PILARES | L59: =I59*F59 -> 0
B60: 03.02.111 | D60: FORMA | L60: =I60*F60 -> 0
A61: SERVIÇO | B61: 03.02.111.1 | C61: 92423 | D61: MONTAGEM E DESMONTAGEM DE FÔRMA DE PILARES RETANGULARES E ESTRUTURAS SIMILARES, PÉ-DIREITO SIMPLES, EM CHAPA DE MADEIRA COMPENSADA RESINADA, 6 UTILIZAÇÕES. AF_09/2020 | E61: M2 | F61: 10.42 | G61: 55,85 | H61: 0.2094 | I61: 67.54499 | J61: 703.8188 | L61: =I61*F61 -> 703.8188
L62: =I62*F62 -> 0
B63: 03.02.112 | D63: ARMADURA | L63: =I63*F63 -> 0
A64: SERVIÇO | B64: 03.02.112.1 | C64: 92776 | D64: ARMAÇÃO DE PILAR OU VIGA DE UMA ESTRUTURA CONVENCIONAL DE CONCRETO ARMADO EM UMA EDIFICAÇÃO TÉRREA OU SOBRADO UTILIZANDO AÇO CA-50 DE 6,3 MM - MONTAGEM. AF_12/2015 | E64: KG | F64: 21.9 | G64: 17,26 | H64: 0.2094 | I64: 20.874244 | J64: 457.14594 | L64: =I64*F64 -> 457.14594
A65: SERVIÇO | B65: 03.02.112.2 | C65: 92779 | D65: ARMAÇÃO DE PILAR OU VIGA DE UMA ESTRUTURA CONVENCIONAL DE CONCRETO ARMADO EM UMA EDIFICAÇÃO TÉRREA OU SOBRADO UTILIZANDO AÇO CA-50 DE 12,5 MM - MONTAGEM. AF_12/2015 | E65: KG | F65: 65.68 | G65: 11,88 | H65: 0.2094 | I65: 14.367672 | J65: 943.6687 | L65: =I65*F65 -> 943.6687
L66: =I66*F66 -> 0
B67: 03.02.113 | D67: CONCRETO | L67: =I67*F67 -> 0
A68: CCU | B68: 03.02.113.1 | C68: CCU - 03.004 | D68: CONCRETAGEM DE PILARES, FCK = 30 MPA, COM USO DE BOMBA EM EDIFICAÇÃO COM SEÇÃO MÉDIA DE PILARES MENOR OU IGUAL A 0,25 M² - LANÇAMENTO, ADENSAMENTO E ACABAMENTO | E68: M3 | F68: 0.5 | G68: 408.62 | H68: 0.2094 | I68: 494.18503 | J68: 247.09251 | L68: =I68*F68 -> 247.09251
L69: =I69*F69 -> 0
B70: 03.02.120 | D70: VIGAS | L70: =I70*F70 -> 0
B71: 03.02.121 | D71: FORMA | L71: =I71*F71 -> 0
A72: SERVIÇO | B72: 03.02.121.1 | C72: 92460 | D72: MONTAGEM E DESMONTAGEM DE FÔRMA DE VIGA, ESCORAMENTO METÁLICO, PÉ-DIREITO SIMPLES, EM CHAPA DE MADEIRA RESINADA, 6 UTILIZAÇÕES. AF_09/2020 | E72: M2 | F72: 10.51 | G72: 88,05 | H72: 0.2094 | I72: 106.48767 | J72: 1119.1854 | L72: =I72*F72 -> 1119.1854
L73: =I73*F73 -> 0
B74: 03.02.122 | D74: ARMADURA | L74: =I74*F74 -> 0
A75: SERVIÇO | B75: 03.02.122.1 | C75: 92775 | D75: ARMAÇÃO DE PILAR OU VIGA DE UMA ESTRUTURA CONVENCIONAL DE CONCRETO ARMADO EM UMA EDIFICAÇÃO TÉRREA OU SOBRADO UTILIZANDO AÇO CA-60 DE 5,0 MM - MONTAGEM. AF_12/2015 | E75: KG | F75: 13.99 | G75: 18,51 | H75: 0.2094 | I75: 22.385994 | J75: 313.18006 | L75: =I75*F75 -> 313.18006
A76: SERVIÇO | B76: 03.02.122.2 | C76: 92777 | D76: ARMAÇÃO DE PILAR OU VIGA DE UMA ESTRUTURA CONVENCIONAL DE CONCRETO ARMADO EM UMA EDIFICAÇÃO TÉRREA OU SOBRADO UTILIZANDO AÇO CA-50 DE 8,0 MM - MONTAGEM. AF_12/2015 | E76: KG | F76: 13.32 | G76: 16,00 | H76: 0.2094 | I76: 19.3504 | J76: 257.74733 | L76: =I76*F76 -> 257.74733
A77: SERVIÇO | B77: 03.02.122.3 | C77: 92778 | D77: ARMAÇÃO DE PILAR OU VIGA DE UMA ESTRUTURA CONVENCIONAL DE CONCRETO ARMADO EM UMA EDIFICAÇÃO TÉRREA OU SOBRADO UTILIZANDO AÇO CA-50 DE 10,0 MM - MONTAGEM. AF_12/2015 | E77: KG | F77: 22.5 | G77: 14,19 | H77: 0.2094 | I77: 17.161386 | J77: 386.13119 | L77: =I77*F77 -> 386.13119
L78: =I78*F78 -> 0
B79: 03.02.123 | D79: CONCRETO | L79: =I79*F79 -> 0
A80: CCU | B80: 03.02.123.1 | C80: CCU - 03.006 | D80: CONCRETAGEM DE VIGAS E LAJES, FCK=30 MPA, PARA LAJES MACIÇAS OU NERVURADAS COM USO DE BOMBA - LANÇAMENTO, ADENSAMENTO E ACABAMENTO. | E80: M3 | F80: 0.6 | G80: 402.68 | H80: 0.2094 | I80: 487.00119 | J80: 292.20072 | L80: =I80*F80 -> 292.20072
L81: =I81*F81 -> 0
B82: 03.02.130 | D82: LAJES | L82: =I82*F82 -> 0
B83: 03.02.131 | D83: FORMA | L83: =I83*F83 -> 0
A84: SERVIÇO | B84: 03.02.131.1 | C84: 92518 | D84: MONTAGEM E DESMONTAGEM DE FÔRMA DE LAJE MACIÇA, PÉ-DIREITO SIMPLES, EM CHAPA DE MADEIRA COMPENSADA RESINADA, 6 UTILIZAÇÕES. AF_09/2020 | E84: M2 | F84: 18 | G84: 28,33 | H84: 0.2094 | I84: 34.262302 | J84: 616.72144 | L84: =I84*F84 -> 616.72144
L85: =I85*F85 -> 0
B86: 03.02.132 | D86: ARMADURA | L86: =I86*F86 -> 0
A87: SERVIÇO | B87: 03.02.132.1 | C87: 92784 | D87: ARMAÇÃO DE LAJE DE UMA ESTRUTURA CONVENCIONAL DE CONCRETO ARMADO EM UMA EDIFICAÇÃO TÉRREA OU SOBRADO UTILIZANDO AÇO CA-60 DE 5,0 MM - MONTAGEM. AF_12/2015 | E87: KG | F87: 29.43 | G87: 16,36 | H87: 0.2094 | I87: 19.785784 | J87: 582.29562 | L87: =I87*F87 -> 582.29562
A88: SERVIÇO | B88: 03.02.132.2 | C88: 92786 | D88: ARMAÇÃO DE LAJE DE UMA ESTRUTURA CONVENCIONAL DE CONCRETO ARMADO EM UMA EDIFICAÇÃO TÉRREA OU SOBRADO UTILIZANDO AÇO CA-50 DE 8,0 MM - MONTAGEM. AF_12/2015 | E88: KG | F88: 126.09 | G88: 14,72 | H88: 0.2094 | I88: 17.802368 | J88: 2244.7006 | L88: =I88*F88 -> 2244.7006
L89: =I89*F89 -> 0
B90: 03.02.133 | D90: CONCRETO | L90: =I90*F90 -> 0
A91: CCU | B91: 03.02.133.1 | C91: CCU - 03.006 | D91: CONCRETAGEM DE VIGAS E LAJES, FCK=30 MPA, PARA LAJES MACIÇAS OU NERVURADAS COM USO DE BOMBA - LANÇAMENTO, ADENSAMENTO E ACABAMENTO. | E91: M3 | F91: 1.8 | G91: 402.68 | H91: 0.2094 | I91: 487.00119 | J91: 876.60215 | L91: =I91*F91 -> 876.60215
L92: =I92*F92 -> 0
G93: SUBTOTAL (Divisão): | J93: 17868.253 | L93: =I93*F93 -> 0
L94: =I94*F94 -> 0
B95: 04.00.000 | D95: ARQUITETURA E ELEMENTOS DE URBANISMO | L95: =I95*F95 -> 0
B96: 04.01.000 | D96: ARQUITETURA | L96: =I96*F96 -> 0
B97: 04.01.100 | D97: PAREDES | L97: =I97*F97 -> 0
A98: SERVIÇO | B98: 04.01.100.1 | C98: 87519 | D98: ALVENARIA DE VEDAÇÃO DE BLOCOS CERÂMICOS FURADOS NA HORIZONTAL DE 9X19X19CM (ESPESSURA 9CM) DE PAREDES COM ÁREA LÍQUIDA MAIOR OU IGUAL A 6M² COM VÃOS E ARGAMASSA DE ASSENTAMENTO COM PREPARO EM BETONEIRA. AF_06/2014 | E98: M2 | F98: 34.78 | G98: 79,87 | H98: 0.2094 | I98: 96.594778 | J98: 3359.5664 | L98: =I98*F98 -> 3359.5664
A99: SERVIÇO | B99: 04.01.100.2 | C99: 93202 | D99: FIXAÇÃO (ENCUNHAMENTO) DE ALVENARIA DE VEDAÇÃO COM TIJOLO MACIÇO. AF_03/2016 | E99: M | F99: 14.8 | G99: 24,48 | H99: 0.2094 | I99: 29.606112 | J99: 438.17046 | L99: =I99*F99 -> 438.17046
A100: SERVIÇO | B100: 04.01.100.3 | C100: 93184 | D100: VERGA PRÉ-MOLDADA PARA PORTAS COM ATÉ 1,5 M DE VÃO. AF_03/2016 | E100: M | F100: 1.4 | G100: 31,35 | H100: 0.2094 | I100: 37.91469 | J100: 53.080566 | L100: =I100*F100 -> 53.080566
A101: SERVIÇO | B101: 04.01.100.4 | C101: 93185 | D101: VERGA PRÉ-MOLDADA PARA PORTAS COM MAIS DE 1,5 M DE VÃO. AF_03/2016 | E101: M | F101: 8.4 | G101: 53,26 | H101: 0.2094 | I101: 64.412644 | J101: 541.06621 | L101: =I101*F101 -> 541.06621
A102: SERVIÇO | B102: 04.01.100.5 | C102: 93195 | D102: CONTRAVERGA PRÉ-MOLDADA PARA VÃOS DE MAIS DE 1,5 M DE COMPRIMENTO. AF_03/2016 | E102: M | F102: 8.4 | G102: 49,93 | H102: 0.2094 | I102: 60.385342 | J102: 507.23687 | L102: =I102*F102 -> 507.23687
...

Sheet 018-21-CCU's
B2: GOVERNO DO DISTRITO FEDERAL
B3: SECRETARIA DE ESTADO DE INFRAESTRUTURA E SERVIÇOS PÚBLICOS
B4: COMPANHIA URBANIZADORA DA NOVA CAPITAL DO BRASIL
B5: PLANILHA DE COMPOSIÇÕES
B6: Nº ESTIMATIVA PRINCIPAL: | C6: 018/2021-SEORÇA-SDS | G6: DATA: | H6: ='018-21-CAPA'!E20 -> 44389
B7: TÍTULO: | C7: ORÇ. REFORMA DO RESTAURANTE COMUNITÁRIO DE ARNIQUEIRAS | G7: Nº PROJETO: | H7: ='018.03-21-ED. PRINCIPAL'!J7 -> PROJ-DE-045-20
B8: ENCARGOS TRABALHISTAS: | C8: ='018.03-21-ED. PRINCIPAL'!D9 -> horista=113,69% / mensalista=73,06% | D8: B.D.I. : | E8: 0,00% | G8: TAB. REF.: | H8: ='018.03-21-ED. PRINCIPAL'!J9 -> SINAPI MAIO 2021
B9: CÓDIGO | C9: DESCRIÇÃO | D9: TIPO | E9: UNID. | F9: COEFICIENTE | G9: CUSTO UNIT(R$) | H9: CUSTO TOTAL (R$)
B11: CCU - 01.001 | C11: ELABORAÇÃO DE PROJETOS EXECUTIVOS DE FUNDAÇÕES E ESTRUTURA, INCLUSO BDI | D11: SER.CG | E11: UN | H11: 10964.12
B12: TR13 | C12: ELABORAÇÃO DE PROJETOS EXECUTIVOS DE FUNDAÇÕES E ESTRUTURA, INCLUSO BDI | D12: SER.CG | E12: UN | F12: 1 | G12: 10964.12 | H12: 10964.12
B13: Observação: | C13: REF: CREDENCIAMENTO TR13
B15: CCU - 02.001 | C15: LOCACAO DE CONTAINER 2,30 X 6,00 M, ALT. 2,50 M, PARA ALMOXARIFADO, SEM DIVISORIAS INTERNAS E SEM SANITARIO | D15: SER.CG | E15: MES | H15: 457.03
A16: INSUMO | B16: 10776 | C16: LOCACAO DE CONTAINER 2,30 X 6,00 M, ALT. 2,50 M, PARA ESCRITORIO, SEM DIVISORIAS INTERNAS E SEM SANITARIO | D16: M.O | E16: MES | F16: 1 | G16: 457,03 | H16: 457.03
B17: Observação: | C17: REF: 10776 SINAPI MAIO 2020
B19: CCU - 02.002 | C19: RAMPA DE LAVAGEM - INCLUSIVE DEMOLIÇÃO | D19: SER.CG | E19: UN | H19: 15553.8
A20: SERVIÇO | B20: 94968 | C20: CONCRETO MAGRO PARA LASTRO, TRAÇO 1:4,5:4,5 (EM MASSA SECA DE CIMENTO/ AREIA MÉDIA/ BRITA 1) - PREPARO MECÂNICO COM BETONEIRA 600 L. AF_05/2021 | D20: SER.CG | E20: M3 | F20: 26.19328 | G20: 322,01 | H20: 8434.49
A21: SERVIÇO | B21: 97629 | C21: DEMOLIÇÃO DE LAJES, DE FORMA MECANIZADA COM MARTELETE, SEM REAPROVEITAMENTO. AF_12/2017 | D21: SER.CG | E21: M3 | F21: 26.19328 | G21: 105,72 | H21: 2769.15
A22: SERVIÇO | B22: 93358 | C22: ESCAVAÇÃO MANUAL DE VALA COM PROFUNDIDADE MENOR OU IGUAL A 1,30 M. AF_02/2021 | D22: SER.CG | E22: M3 | F22: 7.52711 | G22: 69,66 | H22: 524.33
A23: SERVIÇO | B23: 96536 | C23: FABRICAÇÃO, MONTAGEM E DESMONTAGEM DE FÔRMA PARA VIGA BALDRAME, EM MADEIRA SERRADA, E=25 MM, 4 UTILIZAÇÕES. AF_06/2017 | D23: SER.CG | E23: M2 | F23: 56.0178 | G23: 66,12 | H23: 3703.89
A24: SERVIÇO | B24: 93382 | C24: REATERRO MANUAL DE VALAS COM COMPACTAÇÃO MECANIZADA. AF_04/2016 | D24: SER.CG | E24: M3 | F24: 4.8545 | G24: 25,12 | H24: 121.94
B25: Observação: | C25: REF: 919210 SICRO OUTUBRO 2020
B27: CCU - 02.003 | C27: LOCAÇÃO DE GRUPO GERADOR 13 CV PARA USO EMERGÊNCIAL | D27: SER.CG | E27: MÊS | H27: 367.84
A28: SERVIÇO | B28: 93415 | C28: GERADOR PORTÁTIL MONOFÁSICO, POTÊNCIA 5500 VA, MOTOR A GASOLINA, POTÊNCIA DO MOTOR 13 CV - CHP DIURNO. AF_03/2016 | D28: EQUIP. | E28: CHP | F28: 22 | G28: 14,74 | H28: 324.28
A29: SERVIÇO | B29: 93416 | C29: GERADOR PORTÁTIL MONOFÁSICO, POTÊNCIA 5500 VA, MOTOR A GASOLINA, POTÊNCIA DO MOTOR 13 CV - CHI DIURNO. AF_03/2016 | D29: EQUIP. | E29: CHI | F29: 198 | G29: 0,22 | H29: 43.56
B31: CCU - 02.004 | C31: ENTRADA PROVISORIA DE ENERGIA ELETRICA AEREA TRIFASICA 40A EM POSTE MADEIRA | D31: SER.CG | E31: UN | H31: 1998.6
A32: INSUMO | B32: 406 | C32: FITA ACO INOX PARA CINTAR POSTE, L = 19 MM, E = 0,5 MM (ROLO DE 30M) | D32: MAT. | E32: UN | F32: 0.1333333 | G32: 68,56 | H32: 9.14
A33: INSUMO | B33: 420 | C33: CINTA CIRCULAR EM ACO GALVANIZADO DE 150 MM DE DIAMETRO PARA FIXACAO DE CAIXA MEDICAO, INCLUI PARAFUSOS E PORCAS | D33: MAT. | E33: UN | F33: 2 | G33: 25,84 | H33: 51.68
A34: INSUMO | B34: 857 | C34: CABO DE COBRE NU 16 MM2 MEIO-DURO | D34: MAT. | E34: M | F34: 3 | G34: 12,58 | H34: 37.74
A35: INSUMO | B35: 937 | C35: FIO DE COBRE, SOLIDO, CLASSE 1, ISOLACAO EM PVC/A, ANTICHAMA BWF-B, 450/750V, SECAO NOMINAL 10 MM2 | D35: MAT. | E35: M | F35: 27 | G35: 9,22 | H35: 248.94
A36: INSUMO | B36: 1062 | C36: CAIXA INTERNA/EXTERNA DE MEDICAO PARA 1 MEDIDOR TRIFASICO, COM VISOR, EM CHAPA DE ACO 18 USG (PADRAO DA CONCESSIONARIA LOCAL) | D36: MAT. | E36: UN | F36: 1 | G36: 324,36 | H36: 324.36
A37: INSUMO | B37: 1096 | C37: ARMACAO VERTICAL COM HASTE E CONTRA-PINO, EM CHAPA DE ACO GALVANIZADO 3/16", COM 4 ESTRIBOS E 4 ISOLADORES | D37: MAT. | E37: UN | F37: 2 | G37: 85,76 | H37: 171.52
A38: INSUMO | B38: 1539 | C38: CONECTOR METALICO TIPO PARAFUSO FENDIDO (SPLIT BOLT), PARA CABOS ATE 16 MM2 | D38: MAT. | E38: UN | F38: 8 | G38: 6,58 | H38: 52.64
A39: INSUMO | B39: 1892 | C39: LUVA EM PVC RIGIDO ROSCAVEL, DE 1", PARA ELETRODUTO | D39: MAT. | E39: UN | F39: 4 | G39: 1,47 | H39: 5.88
A40: INSUMO | B40: 2392 | C40: DISJUNTOR TIPO NEMA, TRIPOLAR 10 ATE 50A, TENSAO MAXIMA DE 415 V | D40: MAT. | E40: UN | F40: 1 | G40: 82,10 | H40: 82.1
A41: INSUMO | B41: 2685 | C41: ELETRODUTO DE PVC RIGIDO ROSCAVEL DE 1 ", SEM LUVA | D41: MAT. | E41: M | F41: 8 | G41: 6,46 | H41: 51.68
A42: INSUMO | B42: 2731 | C42: POSTE ROLICO DE MADEIRA TRATADA, D = 20 A 25 CM, H = 12,00 M, EM EUCALIPTO OU EQUIVALENTE DA REGIAO | D42: MAT. | E42: M | F42: 7.96 | G42: 69,25 | H42: 551.23
A43: INSUMO | B43: 3379 | C43: !EM PROCESSO DE DESATIVACAO! HASTE DE ATERRAMENTO EM ACO COM 3,00 M DE COMPRIMENTO E DN = 5/8", REVESTIDA COM BAIXA CAMADA DE COBRE, SEM CONECTOR | D43: MAT. | E43: UN | F43: 1 | G43: 54,29 | H43: 54.29
A44: INSUMO | B44: 4346 | C44: PARAFUSO DE FERRO POLIDO, SEXTAVADO, COM ROSCA PARCIAL, DIAMETRO 5/8", COMPRIMENTO 6", COM PORCA E ARRUELA DE PRESSAO MEDIA | D44: MAT. | E44: UN | F44: 2,0000000 | G44: 5,62 | H44: 11.24
A45: INSUMO | B45: 11267 | C45: ARRUELA LISA, REDONDA, DE LATAO POLIDO, DIAMETRO NOMINAL 5/8", DIAMETRO EXTERNO = 34 MM, DIAMETRO DO FURO = 17 MM, ESPESSURA = *2,5* MM | D45: MAT. | E45: UN | F45: 2,0000000 | G45: 0,90 | H45: 1.8
A46: INSUMO | B46: 12034 | C46: CURVA 180 GRAUS, DE PVC RIGIDO ROSCAVEL, DE 3/4", PARA ELETRODUTO | D46: MAT. | E46: UN | F46: 2 | G46: 4,17 | H46: 8.34
A47: INSUMO | B47: 39176 | C47: BUCHA EM ALUMINIO, COM ROSCA, DE 1", PARA ELETRODUTO | D47: MAT. | E47: UN | F47: 2 | G47: 0,67 | H47: 1.34
A48: INSUMO | B48: 39210 | C48: ARRUELA EM ALUMINIO, COM ROSCA, DE 1", PARA ELETRODUTO | D48: MAT. | E48: UN | F48: 2 | G48: 0,50 | H48: 1
A49: SERVIÇO | B49: 88264 | C49: ELETRICISTA COM ENCARGOS COMPLEMENTARES | D49: M.O | E49: H | F49: 8 | G49: 24,10 | H49: 192.8
A50: SERVIÇO | B50: 88316 | C50: SERVENTE COM ENCARGOS COMPLEMENTARES | D50: M.O | E50: H | F50: 8 | G50: 17,61 | H50: 140.88
B51: Observação: | C51: REF: 41598 SINAPI DEZ 2019
B53: CCU - 02.005 | C53: LIGAÇÃO PROVISÓRIA DE ÁGUA PARA CANTEIRO DE OBRAS - FORNECIMENTO E INSTALAÇÃO | D53: SER.CG | E53: UN | H53: 1203.05
A54: SERVIÇO | B54: 93358 | C54: ESCAVAÇÃO MANUAL DE VALA COM PROFUNDIDADE MENOR OU IGUAL A 1,30 M. AF_02/2021 | D54: SER.CG | E54: M3 | F54: 2.25 | G54: 69,66 | H54: 156.73
A55: SERVIÇO | B55: 93382 | C55: REATERRO MANUAL DE VALAS COM COMPACTAÇÃO MECANIZADA. AF_04/2016 | D55: SER.CG | E55: M3 | F55: 2.25 | G55: 25,12 | H55: 56.52
A56: SERVIÇO | B56: 91785 | C56: (COMPOSIÇÃO REPRESENTATIVA) DO SERVIÇO DE INSTALAÇÃO DE TUBOS DE PVC, SOLDÁVEL, ÁGUA FRIA, DN 25 MM (INSTALADO EM RAMAL, SUB-RAMAL, RAMAL DE DISTRIBUIÇÃO OU PRUMADA), INCLUSIVE CONEXÕES, CORTES E FIXAÇÕES, PARA PRÉDIOS. AF_10/2015 | D56: SER.CG | E56: M | F56: 15 | G56: 39,99 | H56: 599.85
A57: SERVIÇO | B57: 95676 | C57: CAIXA EM CONCRETO PRÉ-MOLDADO PARA ABRIGO DE HIDRÔMETRO COM DN 20 (½)  FORNECIMENTO E INSTALAÇÃO. AF_11/2016 | D57: SER.CG | E57: UN | F57: 1 | G57: 94,04 | H57: 94.04
A58: SERVIÇO | B58: 97741 | C58: KIT CAVALETE PARA MEDIÇÃO DE ÁGUA - ENTRADA INDIVIDUALIZADA, EM PVC DN 25 (¾), PARA 1 MEDIDOR  FORNECIMENTO E INSTALAÇÃO (EXCLUSIVE HIDRÔMETRO). AF_11/2016 | D58: SER.CG | E58: UN | F58: 1 | G58: 160,17 | H58: 160.17
A59: SERVIÇO | B59: 95675 | C59: HIDRÔMETRO DN 25 (¾ ), 5,0 M³/H FORNECIMENTO E INSTALAÇÃO. AF_11/2016 | D59: SER.CG | E59: UN | F59: 1 | G59: 135,74 | H59: 135.74
B61: CCU - 02.006 | C61: LIGAÇÃO PROVISÓRIA DE ESGOTO PARA CANTEIRO DE OBRAS - FORNECIMENTO E INSTALAÇÃO | D61: SER.CG | E61: UN | H61: 658.82
A62: INSUMO | B62: 367 | C62: AREIA GROSSA - POSTO JAZIDA/FORNECEDOR (RETIRADO NA JAZIDA, SEM TRANSPORTE) | D62: MAT. | E62: M3 | F62: 0.1 | G62: 124,09 | H62: 12.4
A63: INSUMO | B63: 1379 | C63: CIMENTO PORTLAND COMPOSTO CP II-32 | D63: MAT. | E63: KG | F63: 30 | G63: 0,50 | H63: 15
A64: INSUMO | B64: 4718 | C64: PEDRA BRITADA N. 2 (19 A 38 MM) POSTO PEDREIRA/FORNECEDOR, SEM FRETE | D64: MAT. | E64: M3 | F64: 0.05 | G64: 124,48 | H64: 6.22
A65: INSUMO | B65: 5061 | C65: PREGO DE ACO POLIDO COM CABECA 18 X 27 (2 1/2 X 10) | D65: MAT. | E65: KG | F65: 0.02 | G65: 19,35 | H65: 0.38
A66: INSUMO | B66: 6189 | C66: TABUA NAO APARELHADA *2,5 X 30* CM, EM MACARANDUBA, ANGELIM OU EQUIVALENTE DA REGIAO - BRUTA | D66: MAT. | E66: M | F66: 0.3 | G66: 22,58 | H66: 6.77
A67: INSUMO | B67: 7271 | C67: BLOCO CERAMICO VAZADO PARA ALVENARIA DE VEDACAO, 8 FUROS, DE 9 X 19 X 19 CM (L XA X C) | D67: MAT. | E67: UN | F67: 62.5 | G67: 0,79 | H67: 49.37
A68: INSUMO | B68: 9836 | C68: TUBO PVC SERIE NORMAL, DN 100 MM, PARA ESGOTO PREDIAL (NBR 5688) | D68: MAT. | E68: M | F68: 10 | G68: 14,47 | H68: 144.7
A69: INSUMO | B69: 43059 | C69: ACO CA-60, 4,2 MM, OU 5,0 MM, OU 6,0 MM, OU 7,0 MM, VERGALHAO | D69: MAT. | E69: KG | F69: 1.4 | G69: 9,14 | H69: 12.79
A70: INSUMO | B70: 43132 | C70: ARAME RECOZIDO 16 BWG, D = 1,65 MM (0,016 KG/M) OU 18 BWG, D = 1,25 MM (0,01 KG/M) | D70: MAT. | E70: KG | F70: 0.05 | G70: 19,92 | H70: 0.99
A71: SERVIÇO | B71: 88267 | C71: ENCANADOR OU BOMBEIRO HIDRÁULICO COM ENCARGOS COMPLEMENTARES | D71: M.O | E71: H | F71: 10 | G71: 23,41 | H71: 234.1
A72: SERVIÇO | B72: 88316 | C72: SERVENTE COM ENCARGOS COMPLEMENTARES | D72: M.O | E72: H | F72: 10 | G72: 17,61 | H72: 176.1
B73: Observação: | C73: REF: 73658 SINAPI JAN 2020
B75: CCU - 02.007 | C75: CONSUMO MENSAL DE ÁGUA, ESGOTO, ENERGIA E INTERNET | D75: SER.CG | E75: MÊS | H75: 2774.86
A76: SERVIÇO | B76: CAESB | C76: CONSUMO DE ÁGUA E ESGOTO | D76: SER.CG | E76: MES | F76: 1 | G76: 1464.15 | H76: 1464.15
A77: SERVIÇO | B77: CEB | C77: CONSUMO DE ENERGIA ELETRICA | D77: SER.CG | E77: MES | F77: 1 | G77: 1211.71 | H77: 1211.71
A78: SERVIÇO | B78: INTERN | C78: INTERNET 120 MB + TELEFONE | D78: SER.CG | E78: MES | F78: 1 | G78: 99 | H78: 99
B79: Observação: | C79: REF: PLANILHA DE CÁLCULO - CANTEIRO
B81: CCU - 02.008 | C81: PLACA DE OBRA EM CHAPA DE ACO GALVANIZADO ADESIVADA - FORNECIMENTO E INSTALAÇÃO | D81: SER.CG | E81: M2 | H81: 319.22
A82: INSUMO | B82: 4417 | C82: SARRAFO NAO APARELHADO *2,5 X 7* CM, EM MACARANDUBA, ANGELIM OU EQUIVALENTE DA REGIAO - BRUTA | D82: MAT. | E82: M | F82: 1 | G82: 5,96 | H82: 5.96
A83: INSUMO | B83: 4491 | C83: PONTALETE *7,5 X 7,5* CM EM PINUS, MISTA OU EQUIVALENTE DA REGIAO - BRUTA | D83: MAT. | E83: M | F83: 4 | G83: 5,99 | H83: 23.96
A84: INSUMO | B84: 4813 | C84: PLACA DE OBRA (PARA CONSTRUCAO CIVIL) EM CHAPA GALVANIZADA *N. 22*, ADESIVADA, DE *2,0 X 1,125* M | D84: MAT. | E84: M2 | F84: 1 | G84: 225,00 | H84: 225
A85: INSUMO | B85: 5075 | C85: PREGO DE ACO POLIDO COM CABECA 18 X 30 (2 3/4 X 10) | D85: MAT. | E85: KG | F85: 0.11 | G85: 19,68 | H85: 2.16
A86: SERVIÇO | B86: 88262 | C86: CARPINTEIRO DE FORMAS COM ENCARGOS COMPLEMENTARES | D86: M.O | E86: H | F86: 1 | G86: 23,68 | H86: 23.68
A87: SERVIÇO | B87: 88316 | C87: SERVENTE COM ENCARGOS COMPLEMENTARES | D87: M.O | E87: H | F87: 2 | G87: 17,61 | H87: 35.22
A88: SERVIÇO | B88: 94962 | C88: CONCRETO MAGRO PARA LASTRO, TRAÇO 1:4,5:4,5 (EM MASSA SECA DE CIMENTO/ AREIA MÉDIA/ BRITA 1) - PREPARO MECÂNICO COM BETONEIRA 400 L. AF_05/2021 | D88: SER.CG | E88: M3 | F88: 0.01 | G88: 324,97 | H88: 3.24
B89: Observação: | C89: REF: 74209/1 SINAPI JAN 2020
B91: CCU - 02.009 | C91: REMOÇÃO DE ESTRUTURA METÁLICA CHUMBADA EM CONCRETO (ALAMBRADO) | D91: SER.CG | E91: M2 | H91: 52.83
A92: SERVIÇO | B92: 88316 | C92: SERVENTE COM ENCARGOS COMPLEMENTARES | D92: M.O | E92: H | F92: 3 | G92: 17,61 | H92: 52.83
B93: Observação: | C93: REF:00227/ORSE JAN 2020
B95: CCU - 02.010 | C95: DEMOLIÇÃO DE DIVISÓRIAS DE MADEIRA - SEM REAPROVEITAMENTO | D95: SER.CG | E95: M2 | H95: 16.51
A96: SERVIÇO | B96: 88262 | C96: CARPINTEIRO DE FORMAS COM ENCARGOS COMPLEMENTARES | D96: M.O | E96: H | F96: 0.4 | G96: 23,68 | H96: 9.47
A97: SERVIÇO | B97: 88316 | C97: SERVENTE COM ENCARGOS COMPLEMENTARES | D97: M.O | E97: H | F97: 0.4 | G97: 17,61 | H97: 7.04
B98: Observação: | C98: REF: 11390/ORSE MARÇO 2021
B100: CCU - 02.011 | C100: REMOÇÃO DE DIVISÓRIAS DE CONCRETO, GRANITO OU MARMORE - SEM REAPROVEITAMENTO | D100: SER.CG | E100: M2 | H100: 13.99
A101: SERVIÇO | B101: 88309 | C101: PEDREIRO COM ENCARGOS COMPLEMENTARES | D101: M.O | E101: H | F101: 0.07 | G101: 23,90 | H101: 1.67
A102: SERVIÇO | B102: 88316 | C102: SERVENTE COM ENCARGOS COMPLEMENTARES | D102: M.O | E102: H | F102: 0.7 | G102: 17,61 | H102: 12.32
B103: Observação: | C103: REF: 12504/ORSE MARÇO 2021
B105: CCU - 02.012 | C105: DEMOLIÇÃO DE PISOS/CALÇADAS, DE FORMA MECANIZADA COM MARTELETE, SEM REAPROVEITAMENTO | D105: SER.CG | E105: M3 | H105: 105.72
A106: SERVIÇO | B106: 5795 | C106: MARTELETE OU ROMPEDOR PNEUMÁTICO MANUAL, 28 KG, COM SILENCIADOR - CHP DIURNO. AF_07/2016 | D106: EQUIP. | E106: CHP | F106: 1.5562 | G106: 21,82 | H106: 33.95
A107: SERVIÇO | B107: 5952 | C107: MARTELETE OU ROMPEDOR PNEUMÁTICO MANUAL, 28 KG, COM SILENCIADOR - CHI DIURNO. AF_07/2016 | D107: EQUIP. | E107: CHI | F107: 0.4411 | G107: 20,32 | H107: 8.96
A108: SERVIÇO | B108: 88309 | C108: PEDREIRO COM ENCARGOS COMPLEMENTARES | D108: M.O | E108: H | F108: 0.3051 | G108: 23,90 | H108: 7.29
A109: SERVIÇO | B109: 88316 | C109: SERVENTE COM ENCARGOS COMPLEMENTARES | D109: M.O | E109: H | F109: 3.153 | G109: 17,61 | H109: 55.52
B110: Observação: | C110: REF: 97629 SINAPI JAN 2021
B112: CCU - 02.013 | C112: REMOÇÃO DE PISO DE ALTA RESISTÊNCIA - GRANITINA | D112: SER.CG | E112: M2 | H112: 20
A113: SERVIÇO | B113: 88309 | C113: PEDREIRO COM ENCARGOS COMPLEMENTARES | D113: M.O | E113: H | F113: 0.1 | G113: 23,90 | H113: 2.39
A114: SERVIÇO | B114: 88316 | C114: SERVENTE COM ENCARGOS COMPLEMENTARES | D114: M.O | E114: H | F114: 1 | G114: 17,61 | H114: 17.61
B115: Observação: | C115: REF: 03240/ORSE MARÇO 2021
...

Sheet 018-21-CCU's AUX
B2: GOVERNO DO DISTRITO FEDERAL
B3: SECRETARIA DE ESTADO DE INFRAESTRUTURA E SERVIÇOS PÚBLICOS
B4: COMPANHIA URBANIZADORA DA NOVA CAPITAL DO BRASIL
B5: PLANILHA DE COMPOSIÇÕES AUXILIARES
B6: Nº ESTIMATIVA PRINCIPAL: | C6: ='018-21-CCU''s'!C6 -> 018/2021-SEORÇA-SDS | G6: DATA: | H6: ='018-21-CAPA'!E20 -> 44389
B7: TÍTULO: | C7: ='018-21-CCU''s'!C7:E7 -> ORÇ. REFORMA DO RESTAURANTE COMUNITÁRIO DE ARNIQUEIRAS | G7: Nº PROJETO: | H7: ='018.03-21-ED. PRINCIPAL'!J7 -> PROJ-DE-045-20
B8: ENCARGOS TRABALHISTAS: | C8: ='018-21-CCU''s'!C8 -> horista=113,69% / mensalista=73,06% | D8: B.D.I. : | E8: 0,00% | G8: TAB. REF.: | H8: ='018-21-CCU''s'!H8 -> SINAPI MAIO 2021
B9: CÓDIGO | C9: DESCRIÇÃO | D9: TIPO | E9: UNID. | F9: COEFICIENTE | G9: CUSTO UNIT(R$) | H9: CUSTO TOTAL (R$)
B11: CCU - 04.001 AUX | C11: PORTA DE MADEIRA COMPENSADA LISA PARA PINTURA, 140X210 CM, 2 FOLHAS, INCLUSO ADUELA, ALIZA E DOBRADIÇAS VAI E VEM | D11: SER.CG | E11: UN | H11: 989.36
A12: INSUMO | B12: 184 | C12: BATENTE/ PORTAL/ ADUELA/ MARCO MACICO, E= *3* CM, L= *13* CM, *60 CM A 120* CM X *210* CM, EM PINUS/ TAUARI/ VIROLA OU EQUIVALENTE DA REGIAO (NAO INCLUI ALIZARES) | D12: MAT. | E12: JG | F12: 1.05 | G12: 148,71 | H12: 156.14
A13: INSUMO | B13: 11451 | C13: DOBRADICA TIPO VAI-E-VEM EM ACO/FERRO, TAMANHO 3'', GALVANIZADO, COM PARAFUSOS | D13: MAT. | E13: UN | F13: 6 | G13: 44,05 | H13: 264.3
A14: INSUMO | B14: 10554 | C14: PORTA DE MADEIRA, FOLHA MEDIA (NBR 15930) DE 700 X 2100 MM, DE 35 MM A 40 MM DE ESPESSURA, NUCLEO SEMI-SOLIDO (SARRAFEADO), CAPA LISA EM HDF, ACABAMENTO EM PRIMER PARA PINTURA | D14: MAT. | E14: UN | F14: 2 | G14: 156,19 | H14: 312.38
A15: INSUMO | B15: 11055 | C15: PARAFUSO ROSCA SOBERBA ZINCADO CABECA CHATA FENDA SIMPLES 3,5 X 25 MM (1 ") | D15: MAT. | E15: UN | F15: 39.6 | G15: 0,05 | H15: 1.98
A16: INSUMO | B16: 20017 | C16: GUARNICAO/ ALIZAR/ VISTA MACICA, E= *1* CM, L= *4,5* CM, EM CEDRINHO/ ANGELIM COMERCIAL/ EUCALIPTO/ CURUPIXA/ PEROBA/ CUMARU OU EQUIVALENTE DA REGIAO | D16: MAT. | E16: M | F16: 11.6 | G16: 6,81 | H16: 78.99
A17: INSUMO | B17: 20247 | C17: PREGO DE ACO POLIDO COM CABECA 15 X 15 (1 1/4 X 13) | D17: MAT. | E17: KG | F17: 0.0315 | G17: 21,79 | H17: 0.68
A18: INSUMO | B18: 39027 | C18: PREGO DE ACO POLIDO COM CABECA 19 X 36 (3 1/4 X 9) | D18: MAT. | E18: KG | F18: 0.225 | G18: 19,66 | H18: 4.42
A19: SERVIÇO | B19: 88261 | C19: CARPINTEIRO DE ESQUADRIA COM ENCARGOS COMPLEMENTARES | D19: M.O | E19: H | F19: 3.458 | G19: 23,72 | H19: 82.02
A20: SERVIÇO | B20: 88309 | C20: PEDREIRO COM ENCARGOS COMPLEMENTARES | D20: M.O | E20: H | F20: 1.389 | G20: 23,90 | H20: 33.19
A21: SERVIÇO | B21: 88316 | C21: SERVENTE COM ENCARGOS COMPLEMENTARES | D21: M.O | E21: H | F21: 2.424 | G21: 17,61 | H21: 42.68
A22: SERVIÇO | B22: 88627 | C22: ARGAMASSA TRAÇO 1:0,5:4,5 (EM VOLUME DE CIMENTO, CAL E AREIA MÉDIA ÚMIDA) PARA ASSENTAMENTO DE ALVENARIA, PREPARO MANUAL. AF_08/2019 | D22: SER.CG | E22: M3 | F22: 0.025 | G22: 503,46 | H22: 12.58
B23: Observação: | C23: REF: 100700 SINAPI FEV 2021
J24: PORTA 2,25X2,40M - MATERIAL PARA 1 UNIDADE
B25: CCU - 04.002 AUX | C25: PORTA EM CHAPA DE AÇO COM DUAS FOLHAS DE ABRIR 200X210 CM, INCLUSO BATENTE, DOBRADIÇAS E BANDEIRA PARA VIDRO, CONFECÇÃO | D25: SER.CG | E25: UN | H25: 1397.15 | J25: PERFIL | K25: Comprimento (m) | L25: Perímetro (m) | M25: Quantidade | N25: Kg/M ou m2 | O25: Unidade | P25: Total | Q25: Pintura
A26: INSUMO | B26: 43692 | C26: PERFIL "U" EM CHAPA ACO DOBRADA, E = 3,04 MM, H = 20 CM, ABAS = 5 CM (4,47 KG/M) | D26: MAT. | E26: KG | F26: 101.15327 | G26: 11,10 | H26: 1122.8 | J26: Chapa de aço #16 | K26: 1.01 | L26: 0.96 | M26: 4 | N26: 11.78 | O26: kg | P26: =K26*L26*M26*N26 -> 45.687552 | Q26: =M26*L26*K26*2 -> 7.7568
A27: INSUMO | B27: 2432 | C27: DOBRADICA EM ACO/FERRO, 3 1/2" X 3", E= 1,9 A 2 MM, COM ANEL, CROMADO OU ZINCADO, TAMPA BOLA, COM PARAFUSOS | D27: MAT. | E27: UN | F27: 6 | G27: 14,29 | H27: 85.74 | J27: Perfil cadeirinha 100x30 #16 | K27: =1.8 -> 1.8 | L27: =(0.1+0.03)*2 -> 0.26 | M27: 2 | N27: 3.027 | O27: kg | P27: =K27*M27*N27 -> 10.8972 | Q27: =M27*L27*K27 -> 0.936
A28: SERVIÇO | B28: 88315 | C28: SERRALHEIRO COM ENCARGOS COMPLEMENTARES | D28: M.O | E28: H | F28: 3.8534579 | G28: 23,78 | H28: 91.63 | J28: Perfil cadeirinha 60x30 #16 | K28: =1.9 -> 1.9 | L28: =(0.06+0.03)*2 -> 0.18 | M28: 4 | N28: 2.05 | O28: kg | P28: =K28*M28*N28 -> 15.58 | Q28: =M28*L28*K28 -> 1.368
A29: SERVIÇO | B29: 88316 | C29: SERVENTE COM ENCARGOS COMPLEMENTARES | D29: M.O | E29: H | F29: 3.8534579 | G29: 17,61 | H29: 67.85 | J29: Perfil TE 60x30 #16 | K29: =2+1.8 -> 3.8 | L29: =(0.06+0.03)*2 -> 0.18 | M29: 1 | N29: 2.068 | O29: kg | P29: =K29*M29*N29 -> 7.8584 | Q29: =M29*L29*K29 -> 0.684
A30: SERVIÇO | B30: 98746 | C30: SOLDA DE TOPO EM CHAPA/PERFIL/TUBO DE AÇO CHANFRADO, ESPESSURA=1/4''. AF_06/2018 | D30: SER.CG | E30: M | F30: 0.57801869 | G30: 50,41 | H30: 29.13 | J30: Chapa de aço #16 | K30: =2+2.1*2 -> 6.2 | L30: 0.22 | M30: 1 | N30: 11.78 | O30: kg | P30: =K30*L30*M30*N30 -> 16.06792 | Q30: =M30*L30*K30*2 -> 2.728
B31: Observação: | C31: REF: 73970/2 SINAPI JUL 2019 | J31: Cantoneira 30x30 #16 | K31: =0.9*2+0.26*4 -> 2.84 | L31: =0.03*4 -> 0.12 | M31: 1 | N31: 0.72 | O31: kg | P31: =K31*L31*M31*N31 -> 0.245376 | Q31: =M31*L31*K31*2 -> 0.6816
O32: total | P32: =SUM(P26:P31) -> 96.336448 | Q32: =SUM(Q26:Q31) -> 14.1544
B33: CCU - 04.003 AUX | C33: PORTÃO EM TUBO DE FERRO GALVANIZADO DE 2", DE ABRIR, COM TELA DE ARAME GALVANIZADO, FIO 14 BWG E MALHA QUADRADA 5X5CM, INCLUSIVE DOBRADIÇAS E TRANCAS/FERROLHO | D33: SER.CG | E33: M2 | H33: 791.71
A34: INSUMO | B34: 567 | C34: CANTONEIRA (ABAS IGUAIS) EM FERRO GALVANIZADO, 25,4 MM X 3,17 MM (L X E), 1,27KG/M | D34: MAT. | E34: M | F34: 0.56 | G34: 15,85 | H34: 8.87
A35: INSUMO | B35: 4777 | C35: CANTONEIRA ACO ABAS IGUAIS (QUALQUER BITOLA), ESPESSURA ENTRE 1/8" E 1/4" | D35: MAT. | E35: KG | F35: 7.96 | G35: 9,76 | H35: 77.68
A36: INSUMO | B36: 546 | C36: BARRA DE FERRO CHATA, RETANGULAR (QUALQUER BITOLA) | D36: MAT. | E36: KG | F36: 4.37 | G36: 12,50 | H36: 54.62
A37: SERVIÇO | B37: 88309 | C37: PEDREIRO COM ENCARGOS COMPLEMENTARES | D37: M.O | E37: H | F37: 0.53 | G37: 23,90 | H37: 12.66
A38: SERVIÇO | B38: 88315 | C38: SERRALHEIRO COM ENCARGOS COMPLEMENTARES | D38: M.O | E38: H | F38: 5.6 | G38: 23,78 | H38: 133.16
A39: SERVIÇO | B39: 88316 | C39: SERVENTE COM ENCARGOS COMPLEMENTARES | D39: M.O | E39: H | F39: 6.13 | G39: 17,61 | H39: 107.94
A40: INSUMO | B40: 7167 | C40: TELA DE ARAME GALVANIZADA QUADRANGULAR / LOSANGULAR, FIO 2,11 MM (14 BWG), MALHA 5 X 5 CM, H = 2 M | D40: MAT. | E40: M2 | F40: 0.68 | G40: 25,72 | H40: 17.48
A41: INSUMO | B41: 10997 | C41: ELETRODO REVESTIDO AWS - E7018, DIAMETRO IGUAL A 4,00 MM | D41: MAT. | E41: KG | F41: 3.07 | G41: 19,88 | H41: 61.03
A42: INSUMO | B42: 21013 | C42: TUBO ACO GALVANIZADO COM COSTURA, CLASSE LEVE, DN 50 MM ( 2"), E = 3,00 MM, *4,40* KG/M (NBR 5580) | D42: MAT. | E42: M | F42: 3.79 | G42: 80,79 | H42: 306.19
A43: INSUMO | B43: 40425 | C43: CHAPA DE ACO GROSSA, SAE 1020, BITOLA 1/4", E = 6,35 MM (49,85 KG/M2) | D43: MAT. | E43: KG | F43: 0.29 | G43: 11,33 | H43: 3.28
A44: INSUMO | B44: 2420 | C44: DOBRADICA EM ACO/FERRO, 3" X 2 1/2", E= 1,9 A 2 MM, SEM ANEL, CROMADO OU ZINCADO, TAMPA BOLA, COM PARAFUSOS | D44: MAT. | E44: UN | F44: 1.06 | G44: 8,31 | H44: 8.8
B45: Observação: | C45: REF: 12953/ORSE NOV 2020
B47: CCU - 04.004 AUX | C47: BARRA ANTIPANICO SIMPLES, COM FECHADURA LADO OPOSTO, COR CINZA - FORNECIMENTO E INTALAÇÃO | D47: SER.CG | E47: UN | H47: 715.51
A48: INSUMO | B48: 39620 | C48: BARRA ANTIPANICO SIMPLES, COM FECHADURA LADO OPOSTO, COR CINZA | D48: MAT. | E48: UN | F48: 1 | G48: 708,40 | H48: 708.4
A49: SERVIÇO | B49: 88261 | C49: CARPINTEIRO DE ESQUADRIA COM ENCARGOS COMPLEMENTARES | D49: M.O | E49: H | F49: 0.3 | G49: 23,72 | H49: 7.11
B50: Observação: | C50: REF: 09736/ORSE JAN 2020
B52: CCU - 04.005 AUX | C52: REVESTIMENTO COM CHAPA EM FÓRMICA BRILHANTE, ESP. = 0,8 MM, COLADA C/ FORMICOLA OU SIMILAR | D52: SER.CG | E52: M2 | H52: 79.84
A53: INSUMO | B53: 1338 | C53: CHAPA DE LAMINADO MELAMINICO, LISO BRILHANTE, DE *1,25 X 3,08* M, E = 0,8 MM | D53: MAT. | E53: M2 | F53: 1.1 | G53: 35,99 | H53: 39.58
A54: INSUMO | B54: 1339 | C54: COLA A BASE DE RESINA SINTETICA PARA CHAPA DE LAMINADO MELAMINICO | D54: MAT. | E54: KG | F54: 0.2 | G54: 36,08 | H54: 7.21
A55: SERVIÇO | B55: 88261 | C55: CARPINTEIRO DE ESQUADRIA COM ENCARGOS COMPLEMENTARES | D55: M.O | E55: H | F55: 0.8 | G55: 23,72 | H55: 18.97
A56: SERVIÇO | B56: 88316 | C56: SERVENTE COM ENCARGOS COMPLEMENTARES | D56: M.O | E56: H | F56: 0.8 | G56: 17,61 | H56: 14.08
B57: Observação: | C57: REF: 01924/ORSE FEV 2020
B59: CCU - 04.006 AUX | C59: PORTA DE ABRIR 90X210 CM, EM AÇO TIPO VENEZIANA - FORNECIMENTO E INSTALAÇÃO | D59: SER.CG | E59: UN | H59: 579.55
A60: INSUMO | B60: 39022 | C60: PORTA DE ABRIR EM ACO TIPO VENEZIANA, COM FUNDO ANTICORROSIVO / PRIMER DE PROTECAO, SEM GUARNICAO/ALIZAR/VISTA, 87 X 210 CM | D60: MAT. | E60: UN | F60: 1 | G60: 445,43 | H60: 445.43
A61: SERVIÇO | B61: 88309 | C61: PEDREIRO COM ENCARGOS COMPLEMENTARES | D61: M.O | E61: H | F61: 3.464 | G61: 23,90 | H61: 82.78
A62: SERVIÇO | B62: 88316 | C62: SERVENTE COM ENCARGOS COMPLEMENTARES | D62: M.O | E62: H | F62: 1.732 | G62: 17,61 | H62: 30.5
A63: SERVIÇO | B63: 88629 | C63: ARGAMASSA TRAÇO 1:3 (EM VOLUME DE CIMENTO E AREIA MÉDIA ÚMIDA), PREPARO MANUAL. AF_08/2019 | D63: SER.CG | E63: M3 | F63: 0.0422 | G63: 494,04 | H63: 20.84
B64: Observação: | C64: REF: 90838 SINAPI JAN 2021
B66: CCU - 04.007 AUX | C66: PORTA DE ENROLAR DE CHAPA REIADA, EM AÇO GALVANIZADO - FORNECIMENTO E INSTALAÇÃO | D66: SER.CG | E66: M2 | H66: 458.86
A67: INSUMO | B67: 4911 | C67: PORTA DE ENROLAR MANUAL COMPLETA, ARTICULADA RAIADA LARGA, EM ACO GALVANIZADO NATURAL, CHAPA NUMERO 24 (SEM INSTALACAO) | D67: MAT. | E67: M2 | F67: 1 | G67: 417,76 | H67: 417.76
A68: SERVIÇO | B68: 88309 | C68: PEDREIRO COM ENCARGOS COMPLEMENTARES | D68: M.O | E68: H | F68: 0.8 | G68: 23,90 | H68: 19.12
A69: SERVIÇO | B69: 88316 | C69: SERVENTE COM ENCARGOS COMPLEMENTARES | D69: M.O | E69: H | F69: 0.8 | G69: 17,61 | H69: 14.08
A70: SERVIÇO | B70: 88629 | C70: ARGAMASSA TRAÇO 1:3 (EM VOLUME DE CIMENTO E AREIA MÉDIA ÚMIDA), PREPARO MANUAL. AF_08/2019 | D70: SER.CG | E70: M3 | F70: 0.016 | G70: 494,04 | H70: 7.9
B71: Observação: | C71: REF: 12710/ORSE NOV 2020
B73: CCU - 04.008 AUX | C73: TRAVA LATERAL PARA PORTA DE ENROLAR - FORNECIMENTO E INSTALAÇÃO | D73: SER.CG | E73: CJ | H73: 94.54
A74: COTAÇÃO | B74: COT - 04.008 | C74: TRAVA LATERAL PARA PORTA DE ENROLAR COM DUAS PEÇAS | D74: MAT. | E74: CJ | F74: 1 | G74: 61.9 | H74: 61.9
A75: SERVIÇO | B75: 88315 | C75: SERRALHEIRO COM ENCARGOS COMPLEMENTARES | D75: M.O | E75: H | F75: 1.002 | G75: 23,78 | H75: 23.82
A76: SERVIÇO | B76: 88316 | C76: SERVENTE COM ENCARGOS COMPLEMENTARES | D76: M.O | E76: H | F76: 0.501 | G76: 17,61 | H76: 8.82
B77: Observação: | C77: REF: 90830 SINAPI JAN 2021
B79: CCU - 04.009 AUX | C79: CADEADO TERA DE PISO PARA PORTA DE ENROLAR - FORNECIMENTO E INSTALAÇÃO | D79: SER.CG | E79: UN | H79: 110.62
A80: COTAÇÃO | B80: COT - 04.009 | C80: CADEADO TETRA DE PISO PARA PORTA DE ENROLAR | D80: MAT. | E80: UN | F80: 1 | G80: 76.5 | H80: 76.5
A81: SERVIÇO | B81: 88315 | C81: SERRALHEIRO COM ENCARGOS COMPLEMENTARES | D81: M.O | E81: H | F81: 1.002 | G81: 23,78 | H81: 23.82
A82: SERVIÇO | B82: 88316 | C82: SERVENTE COM ENCARGOS COMPLEMENTARES | D82: M.O | E82: H | F82: 0.501 | G82: 17,61 | H82: 8.82
A83: SERVIÇO | B83: 88629 | C83: ARGAMASSA TRAÇO 1:3 (EM VOLUME DE CIMENTO E AREIA MÉDIA ÚMIDA), PREPARO MANUAL. AF_08/2019 | D83: SER.CG | E83: M3 | F83: 0.003 | G83: 494,04 | H83: 1.48
B84: Observação: | C84: REF: 90830 SINAPI JAN 2021
B86: CCU - 04.010 AUX | C86: TELA DE NYLON TIPO MOSQUITEIRO COM MOLDURA EM CANTONEIRA DE AÇO - FORNECIMENTO E INSTALAÇÃO | D86: SER.CG | E86: M2 | H86: 98.66
A87: INSUMO | B87: 567 | C87: CANTONEIRA (ABAS IGUAIS) EM FERRO GALVANIZADO, 25,4 MM X 3,17 MM (L X E), 1,27KG/M | D87: MAT. | E87: M | F87: 4 | G87: 15,85 | H87: 63.4 | K87: =0.6*0.8 -> 0.48 | L87: 1.778
A88: SERVIÇO | B88: 88261 | C88: CARPINTEIRO DE ESQUADRIA COM ENCARGOS COMPLEMENTARES | D88: M.O | E88: H | F88: 0.8 | G88: 23,72 | H88: 18.97 | K88: =0.6*0.6 -> 0.36 | L88: X
A89: SERVIÇO | B89: 88316 | C89: SERVENTE COM ENCARGOS COMPLEMENTARES | D89: M.O | E89: H | F89: 0.8 | G89: 17,61 | H89: 14.08 | K89: =K88*L87/K87 -> 1.3335
A90: INSUMO | B90: 7170 | C90: TELA FACHADEIRA EM POLIETILENO, ROLO DE 3 X 100 M (L X C), COR BRANCA, SEM LOGOMARCA - PARA PROTECAO DE OBRAS | D90: MAT. | E90: M2 | F90: 1.05 | G90: 2,11 | H90: 2.21
B91: Observação: | C91: REF: 08970/ORSE JAN 2021
B93: CCU - 04.011 AUX | C93: GRADE DE PROTEÇÃO, CONFECCIONADO EM PERFIS DE AÇO RETANGULAR 50X20X1,20MM | D93: SER.CG | E93: M2 | H93: 294.72 | J93: BICICLETÁRIO - MATERIAL PARA 1 UNIDADE
A94: INSUMO | B94: 43692 | C94: PERFIL "U" EM CHAPA ACO DOBRADA, E = 3,04 MM, H = 20 CM, ABAS = 5 CM (4,47 KG/M) | D94: MAT. | E94: KG | F94: 22.73376 | G94: 11,10 | H94: 252.34 | J94: PERFIL | K94: Comprimento (m) | L94: Perímetro (m) | M94: Quantidade | N94: Kg/M ou m2 | O94: Unidade | P94: Total | Q94: Pintura
A95: SERVIÇO | B95: 88315 | C95: SERRALHEIRO COM ENCARGOS COMPLEMENTARES | D95: M.O | E95: H | F95: 0.866048 | G95: 23,78 | H95: 20.59 | J95: Retangular 50,0x20,0mm. E=1,20mm | K95: 17 | L95: =(0.05+0.02)*2 -> 0.14 | M95: 1 | N95: 1.2736 | O95: kg | P95: =K95*M95*N95 -> 21.6512 | Q95: =M95*L95*K95 -> 2.38
A96: SERVIÇO | B96: 88316 | C96: SERVENTE COM ENCARGOS COMPLEMENTARES | D96: M.O | E96: H | F96: 0.866048 | G96: 17,61 | H96: 15.25
A97: SERVIÇO | B97: 98746 | C97: SOLDA DE TOPO EM CHAPA/PERFIL/TUBO DE AÇO CHANFRADO, ESPESSURA=1/4''. AF_06/2018 | D97: SER.CG | E97: M | F97: 0.1299072 | G97: 50,41 | H97: 6.54 | O97: total | P97: =SUM(P95:P96) -> 21.6512 | Q97: =SUM(Q95:Q96) -> 2.38
B98: Observação: | C98: REF: 73970/2 SINAPI JUL 2019
B100: CCU - 04.012 AUX | C100: CORRIMÃO EM TUBO DE AÇO GALVANIZADO (ALTURA = 1,00 M), COM BARRAS VERTICAIS A CADA 2.00M (1 1/2"), BARRA HORIZONTAL INTERMEDIÁRIA (1 1/4") E BARRA HORIZONTAL SUPERIOR (1 1/4") | D100: SER.CG | E100: M | H100: 277.29
A101: SERVIÇO | B101: 88309 | C101: PEDREIRO COM ENCARGOS COMPLEMENTARES | D101: M.O | E101: H | F101: 1 | G101: 23,90 | H101: 23.9
A102: SERVIÇO | B102: 88315 | C102: SERRALHEIRO COM ENCARGOS COMPLEMENTARES | D102: M.O | E102: H | F102: 0.5 | G102: 23,78 | H102: 11.89
A103: SERVIÇO | B103: 88316 | C103: SERVENTE COM ENCARGOS COMPLEMENTARES | D103: M.O | E103: H | F103: 2.5 | G103: 17,61 | H103: 44.02
A104: SERVIÇO | B104: 88317 | C104: SOLDADOR COM ENCARGOS COMPLEMENTARES | D104: M.O | E104: H | F104: 0.5 | G104: 24,44 | H104: 12.22
A105: INSUMO | B105: 10997 | C105: ELETRODO REVESTIDO AWS - E7018, DIAMETRO IGUAL A 4,00 MM | D105: MAT. | E105: KG | F105: 0.25 | G105: 19,88 | H105: 4.97
A106: INSUMO | B106: 21011 | C106: TUBO ACO GALVANIZADO COM COSTURA, CLASSE LEVE, DN 32 MM ( 1 1/4"), E = 2,65 MM, *2,71* KG/M (NBR 5580) | D106: MAT. | E106: M | F106: 2.24 | G106: 56,03 | H106: 125.5
A107: INSUMO | B107: 21012 | C107: TUBO ACO GALVANIZADO COM COSTURA, CLASSE LEVE, DN 40 MM ( 1 1/2"), E = 3,00 MM, *3,48* KG/M (NBR 5580) | D107: MAT. | E107: M | F107: 0.6 | G107: 61,91 | H107: 37.14
A108: SERVIÇO | B108: 94963 | C108: CONCRETO FCK = 15MPA, TRAÇO 1:3,4:3,5 (EM MASSA SECA DE CIMENTO/ AREIA MÉDIA/ BRITA 1) - PREPARO MECÂNICO COM BETONEIRA 400 L. AF_05/2021 | D108: SER.CG | E108: M3 | F108: 0.05 | G108: 353,01 | H108: 17.65
B109: Observação: | C109: REF: 08613/ORSE NOV 2020
B111: CCU - 04.013 AUX | C111: GUARDA-CORPO EM TUBOS DE AÇO GALVANIZADO 2" H = 1,10M, FECHAMENTO EM TELA DE AÇO GALVANIZADO, COM CORRIMÃO EM TUBO DE AÇO GALVANIZADO DUAS ALTURAS, BARRA HORIZONTAL INTERMEDIÁRIA (1 1/4") E BARRA HORIZONTAL SUPERIOR (1 1/4") | D111: SER.CG | E111: M | H111: 535.26
A112: SERVIÇO | B112: 88309 | C112: PEDREIRO COM ENCARGOS COMPLEMENTARES | D112: M.O | E112: H | F112: 1 | G112: 23,90 | H112: 23.9
...

Sheet 018-21-cotação
A2: GOVERNO DO DISTRITO FEDERAL
A3: SECRETARIA DE ESTADO DE INFRAESTRUTURA E SERVIÇOS PÚBLICOS
A4: COMPANHIA URBANIZADORA DA NOVA CAPITAL DO BRASIL
A5: COTAÇÕES
A6: Nº ESTIMATIVA PRINCIPAL: | B6: ='018-21-CCU''s'!C6 -> 018/2021-SEORÇA-SDS | H6: DATA: | I6: ='018-21-CAPA'!E20 -> 44389
A7: TÍTULO: | B7: ='018-21-CCU''s'!C7 -> ORÇ. REFORMA DO RESTAURANTE COMUNITÁRIO DE ARNIQUEIRAS | H7: Nº PROJETO: | I7: ='018-21-CCU''s'!H7 -> PROJ-DE-045-20
A9: COTAÇÃO | B9: MATERIAL | C9: VALOR ADOTADO | D9: UN | E9: EMPRESA 1 | F9: EMPRESA 2 | G9: EMPRESA 3 | H9: EMPRESA 4 | I9: EMPRESA 5
A11: COT - 01.001 | B11: FURO DE SONDAGEM SPT | C11: =MIN(E13:I13) -> 450 | D11: UN | E11: PIMENTEL SONDAGENS | F11: VM SONDAGENS | G11: FUNDEX | J11: MAT.
C12: CONTATO | J12: MEDIANA | K12: 30% MAIOR | L12: 30%MENOR
C13: PREÇO | E13: =2400/4 -> 600 | F13: =1800/4 -> 450 | G13: =3500/4 -> 875 | J13: =MEDIAN(E13:I13) -> 600 | K13: =J13*1.3 -> 780 | L13: =J13*0.7 -> 420
C14: CNPJ
C15: TELEFONE | E15: 3964-8450 | F15: 99915-5173 | G15: 99320-5687
C16: DATA | E16: 44329 | F16: 44329 | G16: 44329
C17: ARQUIVO
A19: COT - 02.001 | B19: CAIXA D'ÁGUA EM POLIETILENO 3.000 LITROS | C19: =MIN(E21:I21) -> 1493.5 | D19: UN | E19: AMERICANAS | F19: CARAJÁS | G19: CASA MIMOSA | H19: PREÇO PÚBLICO | J19: MAT.
C20: CONTATO | E20: www.americanas.com | F20: sac@carajasonline.com | G20: vendas@casamimosa.com.br | H20: 821 | J20: MEDIANA | K20: 30% MAIOR | L20: 30%MENOR
C21: PREÇO | E21: 2131.2 | F21: 1779.9 | G21: 1801.45 | H21: 1493.5 | J21: =MEDIAN(E21:I21) -> 1790.675 | K21: =J21*1.3 -> 2327.8775 | L21: =J21*0.7 -> 1253.4725
C22: CNPJ | E22: 00.776.574/0006-60 | F22: 03.656.804/0001-31 | G22: 62.978.978/0001-80
C23: TELEFONE | E23: 4003-4848 | F23: (11) 4003-2020 | G23: (11) 2782-5500
C24: DATA | E24: 44312 | F24: 44312 | G24: 44312 | H24: 44236
C25: ARQUIVO | E25: P-151 | F25: P-151 | G25: P-151 | H25: P-250
A27: COT - 03.001 | B27: DETERGENTE DESENGORDURANTE 5L | C27: =MIN(E29:I29) -> 9 | D27: L | E27: STARS | F27: NET SUPRIMENTOS | G27: NC BELLA | J27: MAT.
C28: CONTATO | E28: starsprodutosdelimpeza.com.br | F28: netsuprimentos.com.br | G28: ncbelladistribuidora.com.br | J28: MEDIANA | K28: 30% MAIOR | L28: 30%MENOR
C29: PREÇO | E29: =45/5 -> 9 | F29: =68.9/5 -> 13.78 | G29: =61.11/5 -> 12.222 | J29: =MEDIAN(E29:I29) -> 12.222 | K29: =J29*1.3 -> 15.8886 | L29: =J29*0.7 -> 8.5554
C30: CNPJ | E30: 27.151.031/0001-08 | F30: 19.812.763/0001-65 | G30: 05.420.840/0001-27
C31: TELEFONE | E31: 65 3364-1037 | F31: (11) 3004-9515 | G31: (11) 2337-5153
C32: DATA | E32: 44386 | F32: 44386 | G32: 44386
C33: ARQUIVO | E33: P-295 | F33: P-295 | G33: P-295
A35: COT - 04.001 | B35: BATENTE EM AÇO INÓX PARA GRANITO | C35: =MIN(E37:I37) -> 47.88 | D35: UN | E35: JCL FERRAGENS | F35: REI DAS FECHADURAS | G35: FERROCENTER | J35: MAT.
C36: CONTATO | E36: www.jclfechaduras.com.br | F36: vendas@reidasfechaduras.com.br | G36: NATALIA | J36: MEDIANA | K36: 30% MAIOR | L36: 30%MENOR
C37: PREÇO | E37: 47.88 | F37: 54 | G37: 60 | J37: =MEDIAN(E37:I37) -> 54 | K37: =J37*1.3 -> 70.2 | L37: =J37*0.7 -> 37.8
C38: CNPJ | E38: 43.837.483/0001-96 | F38: 77.620.599/0003-52 | G38: 28.889.565/0001-90
C39: TELEFONE | E39: (11) 3081 - 6816 | F39: (41) 3016-8008 | G39: (61) 3346-6677
C40: DATA | E40: 44320 | F40: 44320 | G40: 44328
C41: ARQUIVO | E41: P-165 | F41: P-166 | G41: P-224
A43: COT - 04.002 | B43: DOBRADIÇA COM MOLA EM AÇO INÓX PARA GRANITO | C43: =MIN(E45:I45) -> 112.02 | D43: UN | E43: JCL FERRAGENS | F43: REI DAS FECHADURAS | G43: FERROCENTER | H43: PREÇO PÚBLICO | J43: MAT.
C44: CONTATO | E44: www.jclfechaduras.com.br | F44: vendas@reidasfechaduras.com.br | G44: NATALIA | H44: NºPregão:22020 UASG:153289 | J44: MEDIANA | K44: 30% MAIOR | L44: 30%MENOR
C45: PREÇO | E45: 123.06 | F45: 127.6 | G45: 150 | H45: 112.02 | J45: =MEDIAN(E45:I45) -> 125.33 | K45: =J45*1.3 -> 162.929 | L45: =J45*0.7 -> 87.731
C46: CNPJ | E46: 43.837.483/0001-96 | F46: 77.620.599/0003-52 | G46: 28.889.565/0001-90
C47: TELEFONE | E47: (11) 3081 - 6816 | F47: (41) 3016-8008 | G47: (61) 3346-6677
C48: DATA | E48: 44320 | F48: 44320 | G48: 44328 | H48: 44151
C49: ARQUIVO | E49: P-168 | F49: P-167 | G49: P-224 | H49: P-250
A51: COT - 04.003 | B51: PARAFUSO CROMADO PARA FIXAÇÃO DE FERRAGENS EM DIVISÓRIAS DE GRANITO | C51: =MIN(E53:I53) -> 6.52 | D51: UN | E51: JCL FERRAGENS | F51: REI DAS FECHADURAS | G51: FERROCENTER | H51: PREÇO PÚBLICO | J51: MAT.
C52: CONTATO | E52: www.jclfechaduras.com.br | F52: vendas@reidasfechaduras.com.br | G52: NATALIA | H52: NºPregão:22020 UASG:153289 | J52: MEDIANA | K52: 30% MAIOR | L52: 30%MENOR
C53: PREÇO | E53: 7.76 | F53: 9.35 | G53: 10 | H53: 6.52 | J53: =MEDIAN(E53:I53) -> 8.555 | K53: =J53*1.3 -> 11.1215 | L53: =J53*0.7 -> 5.9885
C54: CNPJ | E54: 43.837.483/0001-96 | F54: 77.620.599/0003-52 | G54: 28.889.565/0001-90
C55: TELEFONE | E55: (11) 3081 - 6816 | F55: (41) 3016-8008 | G55: (61) 3346-6677
C56: DATA | E56: 44320 | F56: 44320 | G56: 44328 | H56: 44151
C57: ARQUIVO | E57: P-169 | F57: P-170 | G57: P-224 | H57: P-250
A59: COT - 04.004 | B59: CANTONEIRA CROMADO INTERNA PARA DIVISÓRIAS DE GRANITO | C59: =MIN(E61:I61) -> 27.79 | D59: UN | E59: JCL FERRAGENS | F59: REI DAS FECHADURAS | G59: FERROCENTER | J59: MAT.
C60: CONTATO | E60: www.jclfechaduras.com.br | F60: vendas@reidasfechaduras.com.br | G60: NATALIA | J60: MEDIANA | K60: 30% MAIOR | L60: 30%MENOR
C61: PREÇO | E61: 27.79 | F61: 32.2 | G61: 34 | J61: =MEDIAN(E61:I61) -> 32.2 | K61: =J61*1.3 -> 41.86 | L61: =J61*0.7 -> 22.54
C62: CNPJ | E62: 43.837.483/0001-96 | F62: 77.620.599/0003-52 | G62: 28.889.565/0001-90
C63: TELEFONE | E63: (11) 3081 - 6816 | F63: (41) 3016-8008 | G63: (61) 3346-6677
C64: DATA | E64: 44320 | F64: 44320 | G64: 44328
C65: ARQUIVO | E65: P-176 | F65: P-171 | G65: P-224
A67: COT - 04.005 | B67: CANTONEIRA CROMADO EXTERNA PARA DIVISÓRIAS DE GRANITO | C67: =MIN(E69:I69) -> 48.02 | D67: UN | E67: JCL FERRAGENS | F67: REI DAS FECHADURAS | G67: FERROCENTER | J67: MAT.
C68: CONTATO | E68: www.jclfechaduras.com.br | F68: vendas@reidasfechaduras.com.br | G68: NATALIA | J68: MEDIANA | K68: 30% MAIOR | L68: 30%MENOR
C69: PREÇO | E69: 48.02 | F69: 61.6 | G69: 59 | J69: =MEDIAN(E69:I69) -> 59 | K69: =J69*1.3 -> 76.7 | L69: =J69*0.7 -> 41.3
C70: CNPJ | E70: 43.837.483/0001-96 | F70: 77.620.599/0003-52 | G70: 28.889.565/0001-90
C71: TELEFONE | E71: (11) 3081 - 6816 | F71: (41) 3016-8008 | G71: (61) 3346-6677
C72: DATA | E72: 44320 | F72: 44320 | G72: 44328
C73: ARQUIVO | E73: P-175 | F73: P-172 | G73: P-224
A75: COT - 04.006 | B75: CHAPA CROMADO EXTERNA PARA DIVISÓRIAS DE GRANITO | C75: =MIN(E77:I77) -> 39.08 | D75: UN | E75: JCL FERRAGENS | F75: REI DAS FECHADURAS | G75: FERROCENTER | J75: MAT.
C76: CONTATO | E76: www.jclfechaduras.com.br | F76: vendas@reidasfechaduras.com.br | G76: NATALIA | J76: MEDIANA | K76: 30% MAIOR | L76: 30%MENOR
C77: PREÇO | E77: 39.08 | F77: 48.4 | G77: 48 | J77: =MEDIAN(E77:I77) -> 48 | K77: =J77*1.3 -> 62.4 | L77: =J77*0.7 -> 33.6
C78: CNPJ | E78: 43.837.483/0001-96 | F78: 77.620.599/0003-52 | G78: 28.889.565/0001-90
C79: TELEFONE | E79: (11) 3081 - 6816 | F79: (41) 3016-8008 | G79: (61) 3346-6677
C80: DATA | E80: 44320 | F80: 44320 | G80: 44328
C81: ARQUIVO | E81: P-174 | F81: P-173 | G81: P-224
A83: COT - 04.007 | B83: ROLDANA DE AÇO 2" PARA PORTA DE CORRER | C83: =MIN(E85:I85) -> 14.63 | D83: UN | E83: AMERICANAS | F83: CASA DO SERRALHEIRO | G83: LOJA DO MECÂNICO | J83: MAT.
C84: CONTATO | E84: www.americanas.com | F84: contato@casadoserralheiro.com.br | G84: www.lojadomecanico.com.br | J84: MEDIANA | K84: 30% MAIOR | L84: 30%MENOR
C85: PREÇO | E85: =69.52/4 -> 17.38 | F85: 14.63 | G85: 24.9 | J85: =MEDIAN(E85:I85) -> 17.38 | K85: =J85*1.3 -> 22.594 | L85: =J85*0.7 -> 12.166
C86: CNPJ | E86: 00.776.574/0006-60 | F86: 15.599.295/0001-31 | G86: 29.302.348/0001-15
C87: TELEFONE | E87: 4003-4848 | F87: (11) 4217-3190 | G87: (11) 3508-9979
C88: DATA | E88: 44321 | F88: 44328 | G88: 44328
C89: ARQUIVO | E89: P-177 | F89: P-245 | G89: P-245
A91: COT - 04.008 | B91: TRAVA LATERAL PARA PORTA DE ENROLAR COM DUAS PEÇAS | C91: =MIN(E93:I93) -> 61.9 | D91: CJ | E91: ALADIM METAIS | F91: A MEGA LOJA | G91: AMERICANAS | J91: MAT.
C92: CONTATO | E92: ecomm@aladimmetais.com.br | F92: sac@amegaloja.com.br | G92: www.americanas.com | J92: MEDIANA | K92: 30% MAIOR | L92: 30%MENOR
C93: PREÇO | E93: 68.76 | F93: 61.9 | G93: 62.38 | J93: =MEDIAN(E93:I93) -> 62.38 | K93: =J93*1.3 -> 81.094 | L93: =J93*0.7 -> 43.666
C94: CNPJ | E94: 51.225.522/0001-22 | F94: 65.640.591/0001-07 | G94: 00.776.574/0006-60
C95: TELEFONE | E95: (11) 5613-5777 | F95: (11) 2394 2222 | G95: 4003-4848
C96: DATA | E96: 44255 | F96: 44255 | G96: 44255
C97: ARQUIVO | E97: P-178 | F97: P-178 | G97: P-178
A99: COT - 04.009 | B99: CADEADO TETRA DE PISO PARA PORTA DE ENROLAR | C99: =MIN(E101:I101) -> 76.5 | D99: UN | E99: ABC MAIOR | F99: SUBMARINO | G99: AMERICANAS | J99: MAT.
C100: CONTATO | E100: contato@abcmaior.com.br | F100: www.submarino.com | G100: www.americanas.com | J100: MEDIANA | K100: 30% MAIOR | L100: 30%MENOR
C101: PREÇO | E101: 96.68 | F101: 76.5 | G101: 76.5 | J101: =MEDIAN(E101:I101) -> 76.5 | K101: =J101*1.3 -> 99.45 | L101: =J101*0.7 -> 53.55
C102: CNPJ | E102: 13.769.008/0001-69 | F102: 00.776.574/0006-60 | G102: 00.776.574/0006-60
C103: TELEFONE | E103: (11) 95143-6035 | F103: 4003-5544 | G103: 4003-4848
C104: DATA | E104: 44255 | F104: 44255 | G104: 44255
C105: ARQUIVO | E105: P-179 | F105: P-179 | G105: P-179
A107: COT - 04.010 | B107: PORTA SANFONADA PVC 210cmx80cm | C107: =MIN(E109:I109) -> 159.9 | D107: UN | E107: AMERICANAS | F107: PONTO FRIO | G107: EXTRA | H107: PREÇO PÚBLICO | J107: MAT.
C108: CONTATO | E108: www.americanas.com | F108: www.pontofrio.com.br | G108: www.extra.com.br | H108: Dispensa de Licitação Nº 87/2020 UASG: 160068 | J108: MEDIANA | K108: 30% MAIOR | L108: 30%MENOR
C109: PREÇO | E109: 159.9 | F109: 174.03 | G109: 174.03 | H109: 183.29 | J109: =MEDIAN(E109:I109) -> 174.03 | K109: =J109*1.3 -> 226.239 | L109: =J109*0.7 -> 121.821
C110: CNPJ | E110: 00.776.574/0006-60 | F110: 33.041.260/0652-90 | G110: 33.041.260/0652-90
C111: TELEFONE | E111: 4003-4848 | F111: (11) 4003-3383 | G111: (11) 4003-3383
C112: DATA | E112: 44321 | F112: 44328 | G112: 44328 | H112: 43983
C113: ARQUIVO | E113: P-180 | F113: P-226 | G113: P-226 | H113: P-250
A115: COT - 04.011 | B115: CUMEEIRA TRAPEZOIDAL EM CHAPA DE AÇO GALVANIZADO | C115: =MIN(E117:I117) -> 38.23 | D115: M | E115: ALADIM METAIS | F115: OBRAMAX | G115: USIMINAS | H115: PREÇO PÚBLICO | J115: MAT.
C116: CONTATO | E116: ecomm@aladimmetais.com.br | F116: www.obramax.com.br | G116: maissolucoes.usiminas.com | H116: NºPregão:52020 UASG:160321 | J116: MEDIANA | K116: 30% MAIOR | L116: 30%MENOR
...

Sheet SERVIÇOS
A1: PCI.817.01 - CUSTO DE COMPOSIÇÕES - SINTÉTICO DATA DE EMISSÃO: 11/06/2021 23:21:19 DATA DE RT: 11/06/2021
A2: ENCARGOS SOCIAIS SOBRE PREÇOS DA MÃO-DE-OBRA: 113,69%(HORA) 73,06%(MÊS)
A3: ABRANGÊNCIA : NACIONAL LOCALIDADE : BRASILIA DATA DE PREÇO : 05/2021 REFERÊNCIA COLETA : MEDIANO
A5: CODIGO DA COMPOSICAO | B5: DESCRICAO DA COMPOSICAO | C5: UNIDADE | D5: CUSTO TOTAL | E5: CLASSE
A6: CODIGO | B6: DESCRICAO DA COMPOSICAO | C6: UNIDADE | D6: CUSTO TOTAL | E6: TIPO
A7: 97141 | B7: ASSENTAMENTO DE TUBO DE FERRO FUNDIDO PARA REDE DE ÁGUA, DN 80 MM, JUNTA ELÁSTICA, INSTALADO EM LOCAL COM NÍVEL ALTO DE INTERFERÊNCIAS (NÃO INCLUI FORNECIMENTO). AF_11/2017 | C7: M | D7: 6,42 | E7: SER.CG
A8: 97142 | B8: ASSENTAMENTO DE TUBO DE FERRO FUNDIDO PARA REDE DE ÁGUA, DN 100 MM, JUNTA ELÁSTICA, INSTALADO EM LOCAL COM NÍVEL ALTO DE INTERFERÊNCIAS (NÃO INCLUI FORNECIMENTO). AF_11/2017 | C8: M | D8: 7,17 | E8: SER.CG
A9: 97143 | B9: ASSENTAMENTO DE TUBO DE FERRO FUNDIDO PARA REDE DE ÁGUA, DN 150 MM, JUNTA ELÁSTICA, INSTALADO EM LOCAL COM NÍVEL ALTO DE INTERFERÊNCIAS (NÃO INCLUI FORNECIMENTO). AF_11/2017 | C9: M | D9: 9,02 | E9: SER.CG
A10: 97144 | B10: ASSENTAMENTO DE TUBO DE FERRO FUNDIDO PARA REDE DE ÁGUA, DN 200 MM, JUNTA ELÁSTICA, INSTALADO EM LOCAL COM NÍVEL ALTO DE INTERFERÊNCIAS (NÃO INCLUI FORNECIMENTO). AF_11/2017 | C10: M | D10: 10,88 | E10: SER.CG
A11: 97145 | B11: ASSENTAMENTO DE TUBO DE FERRO FUNDIDO PARA REDE DE ÁGUA, DN 250 MM, JUNTA ELÁSTICA, INSTALADO EM LOCAL COM NÍVEL ALTO DE INTERFERÊNCIAS (NÃO INCLUI FORNECIMENTO). AF_11/2017 | C11: M | D11: 12,78 | E11: SER.CG
A12: 97146 | B12: ASSENTAMENTO DE TUBO DE FERRO FUNDIDO PARA REDE DE ÁGUA, DN 300 MM, JUNTA ELÁSTICA, INSTALADO EM LOCAL COM NÍVEL ALTO DE INTERFERÊNCIAS (NÃO INCLUI FORNECIMENTO). AF_11/2017 | C12: M | D12: 14,64 | E12: SER.CG
A13: 97147 | B13: ASSENTAMENTO DE TUBO DE FERRO FUNDIDO PARA REDE DE ÁGUA, DN 350 MM, JUNTA ELÁSTICA, INSTALADO EM LOCAL COM NÍVEL ALTO DE INTERFERÊNCIAS (NÃO INCLUI FORNECIMENTO). AF_11/2017 | C13: M | D13: 16,53 | E13: SER.CG
A14: 97148 | B14: ASSENTAMENTO DE TUBO DE FERRO FUNDIDO PARA REDE DE ÁGUA, DN 400 MM, JUNTA ELÁSTICA, INSTALADO EM LOCAL COM NÍVEL ALTO DE INTERFERÊNCIAS (NÃO INCLUI FORNECIMENTO). AF_11/2017 | C14: M | D14: 18,41 | E14: SER.CG
A15: 97149 | B15: ASSENTAMENTO DE TUBO DE FERRO FUNDIDO PARA REDE DE ÁGUA, DN 450 MM, JUNTA ELÁSTICA, INSTALADO EM LOCAL COM NÍVEL ALTO DE INTERFERÊNCIAS (NÃO INCLUI FORNECIMENTO). AF_11/2017 | C15: M | D15: 20,31 | E15: SER.CG
A16: 97150 | B16: ASSENTAMENTO DE TUBO DE FERRO FUNDIDO PARA REDE DE ÁGUA, DN 500 MM, JUNTA ELÁSTICA, INSTALADO EM LOCAL COM NÍVEL ALTO DE INTERFERÊNCIAS (NÃO INCLUI FORNECIMENTO). AF_11/2017 | C16: M | D16: 25,10 | E16: SER.CG
A17: 97151 | B17: ASSENTAMENTO DE TUBO DE FERRO FUNDIDO PARA REDE DE ÁGUA, DN 600 MM, JUNTA ELÁSTICA, INSTALADO EM LOCAL COM NÍVEL ALTO DE INTERFERÊNCIAS (NÃO INCLUI FORNECIMENTO). AF_11/2017 | C17: M | D17: 29,32 | E17: SER.CG
A18: 97152 | B18: ASSENTAMENTO DE TUBO DE FERRO FUNDIDO PARA REDE DE ÁGUA, DN 700 MM, JUNTA ELÁSTICA, INSTALADO EM LOCAL COM NÍVEL ALTO DE INTERFERÊNCIAS (NÃO INCLUI FORNECIMENTO). AF_11/2017 | C18: M | D18: 33,26 | E18: SER.CG
... A1285: 94444 | B1285: TELHAMENTO COM TELHA DE ENCAIXE, TIPO FRANCESA DE VIDRO, COM ATÉ 2 ÁGUAS, INCLUSO TRANSPORTE VERTICAL. AF_07/2019 | C1285: M2 | D1285: 862,58 | E1285: SER.CG
A1286: 73881/1 | B1286: EXECUCAO DE DRENO COM MANTA GEOTEXTIL 200 G/M2 | C1286: M2 | D1286: 5,60 | E1286: SER.CG
A1287: 73883/2 | B1287: EXECUCAO DE DRENO FRANCES COM BRITA NUM 2 | C1287: M3 | D1287: 178,37 | E1287: SER.CG
A1288: 92743 | B1288: MURO DE GABIÃO, ENCHIMENTO COM PEDRA DE MÃO TIPO RACHÃO, DE GRAVIDADE, COM GAIOLAS DE COMPRIMENTO IGUAL A 2 M, PARA MUROS COM ALTURA MENOR OU IGUAL A 4 M  FORNECIMENTO E EXECUÇÃO. AF_12/2015 | C1288: M3 | D1288: 580,08 | E1288: SER.CG
A1289: 92744 | B1289: MURO DE GABIÃO, ENCHIMENTO COM PEDRA DE MÃO TIPO RACHÃO, DE GRAVIDADE, COM GAIOLAS DE COMPRIMENTO IGUAL A 5 M, PARA MUROS COM ALTURA MENOR OU IGUAL A 4 M  FORNECIMENTO E EXECUÇÃO. AF_12/2015 | C1289: M3 | D1289: 553,62 | E1289: SER.CG
A1290: 92745 | B1290: MURO DE GABIÃO, ENCHIMENTO COM PEDRA DE MÃO TIPO RACHÃO, DE GRAVIDADE, COM GAIOLAS DE COMPRIMENTO IGUAL A 2 M, PARA MUROS COM ALTURA MAIOR QUE 4 M E MENOR OU IGUAL A 6 M  FORNECIMENTO E EXECUÇÃO. AF_12/2015 | C1290: M3 | D1290: 705,80 | E1290: SER.CG
A1291: 92746 | B1291: MURO DE GABIÃO, ENCHIMENTO COM PEDRA DE MÃO TIPO RACHÃO, DE GRAVIDADE, COM GAIOLAS DE COMPRIMENTO IGUAL A 5 M, PARA MUROS COM ALTURA MAIOR QUE 4 M E MENOR OU IGUAL A 6 M FORNECIMENTO E EXECUÇÃO. AF_12/2015 | C1291: M3 | D1291: 647,09 | E1291: SER.CG
A1292: 92747 | B1292: MURO DE GABIÃO, ENCHIMENTO COM PEDRA DE MÃO TIPO RACHÃO, DE GRAVIDADE, COM GAIOLAS DE COMPRIMENTO IGUAL A 2 M, PARA MUROS COM ALTURA MAIOR QUE 6 M E MENOR OU IGUAL A 10 M FORNECIMENTO E EXECUÇÃO. AF_12/2015 | C1292: M3 | D1292: 777,40 | E1292: SER.CG
A1293: 92748 | B1293: MURO DE GABIÃO, ENCHIMENTO COM PEDRA DE MÃO TIPO RACHÃO, DE GRAVIDADE, COM GAIOLAS DE COMPRIMENTO IGUAL A 5 M, PARA MUROS COM ALTURA MAIOR QUE 6 M E MENOR OU IGUAL A 10 M FORNECIMENTO E EXECUÇÃO. AF_12/2015 | C1293: M3 | D1293: 700,71 | E1293: SER.CG
A1294: 92749 | B1294: MURO DE GABIÃO, ENCHIMENTO COM PEDRA DE MÃO TIPO RACHÃO, COM SOLO REFORÇADO, PARA MUROS COM ALTURA MENOR OU IGUAL A 4 M FORNECIMENTO E EXECUÇÃO. AF_12/2015 | C1294: M3 | D1294: 799,79 | E1294: SER.CG
A1295: 92750 | B1295: MURO DE GABIÃO, ENCHIMENTO COM PEDRA DE MÃO TIPO RACHÃO, COM SOLO REFORÇADO, PARA MUROS COM ALTURA MAIOR QUE 4 M E MENOR OU IGUAL A 12 M FORNECIMENTO E EXECUÇÃO. AF_12/2015 | C1295: M3 | D1295: 1.331,39 | E1295: SER.CG
A1296: 92751 | B1296: MURO DE GABIÃO, ENCHIMENTO COM PEDRA DE MÃO TIPO RACHÃO, COM SOLO REFORÇADO, PARA MUROS COM ALTURA MAIOR QUE 12 M E MENOR OU IGUAL A 20 M FORNECIMENTO E EXECUÇÃO. AF_12/2015 | C1296: M3 | D1296: 1.640,32 | E1296: SER.CG
A1297: 92752 | B1297: MURO DE GABIÃO, ENCHIMENTO COM PEDRA DE MÃO TIPO RACHÃO, COM SOLO REFORÇADO, PARA MUROS COM ALTURA MAIOR QUE 20 M E MENOR OU IGUAL A 28 M FORNECIMENTO E EXECUÇÃO. AF_12/2015 | C1297: M3 | D1297: 1.947,99 | E1297: SER.CG
A1298: 92753 | B1298: MURO DE GABIÃO, ENCHIMENTO COM RESÍDUO DE CONSTRUÇÃO E DEMOLIÇÃO, DE GRAVIDADE, COM GAIOLA TRAPEZOIDAL DE COMPRIMENTO IGUAL A 2 M, PARA MUROS COM ALTURA MENOR OU IGUAL A 2 M FORNECIMENTO E EXECUÇÃO. AF_12/2015 | C1298: M3 | D1298: 491,27 | E1298: SER.CG
A1299: 92754 | B1299: MURO DE GABIÃO, ENCHIMENTO COM RESÍDUO DE CONSTRUÇÃO E DEMOLIÇÃO, DE GRAVIDADE, COM GAIOLA TRAPEZOIDAL DE COMPRIMENTO IGUAL A 2 M, PARA MUROS COM ALTURA MAIOR QUE 2 M E MENOR OU IGUAL A 4 M FORNECIMENTO E EXECUÇÃO. AF_12/2015 | C1299: M3 | D1299: 449,33 | E1299: SER.CG
... A1369: 100349 | B1369: CONCRETAGEM DE CORTINA DE CONTENÇÃO, ATRAVÉS DE BOMBA  LANÇAMENTO, ADENSAMENTO E ACABAMENTO. AF_07/2019 | C1369: M3 | D1369: 404,17 | E1369: SER.CG
A1370: 73856/1 | B1370: BOCA P/BUEIRO SIMPLES TUBULAR D=0,40M EM CONCRETO CICLOPICO, INCLINDO FORMAS, ESCAVACAO, REATERRO E MATERIAIS, EXCLUINDO MATERIAL REATERRO JAZIDA E TRANSPORTE | C1370: UN | D1370: 861,81 | E1370: SER.CG
A1371: 73856/2 | B1371: BOCA PARA BUEIRO SIMPLES TUBULAR, DIAMETRO =0,60M, EM CONCRETO CICLOPICO, INCLUINDO FORMAS, ESCAVACAO, REATERRO E MATERIAIS, EXCLUINDO MATERIAL REATERRO JAZIDA E TRANSPORTE. | C1371: UN | D1371: 1.402,03 | E1371: SER.CG
A1372: 73856/3 | B1372: BOCA PARA BUEIRO SIMPLES TUBULAR, DIAMETRO =0,80M, EM CONCRETO CICLOPICO, INCLUINDO FORMAS, ESCAVACAO, REATERRO E MATERIAIS, EXCLUINDO MATERIAL REATERRO JAZIDA E TRANSPORTE. | C1372: UN | D1372: 2.088,43 | E1372: SER.CG
A1373: 73856/4 | B1373: BOCA PARA BUEIRO SIMPLES TUBULAR, DIAMETRO =1,00M, EM CONCRETO CICLOPICO, INCLUINDO FORMAS, ESCAVACAO, REATERRO E MATERIAIS, EXCLUINDO MATERIAL REATERRO JAZIDA E TRANSPORTE. | C1373: UN | D1373: 2.929,67 | E1373: SER.CG
A1374: 83716 | B1374: GRELHA FF 30X90CM, 135KG, P/ CX RALO COM ASSENTAMENTO DE ARGAMASSA CIMENTO/AREIA 1:4 - FORNECIMENTO E INSTALAÇÃO | C1374: UN | D1374: 515,63 | E1374: SER.CG
A1375: 97933 | B1375: CAIXA COM GRELHA SIMPLES RETANGULAR, EM CONCRETO PRÉ-MOLDADO, DIMENSÕES INTERNAS: 0,6X1,0X1,0 M. AF_12/2020 | C1375: UN | D1375: 782,90 | E1375: SER.CG
A1376: 97934 | B1376: CAIXA COM GRELHA DUPLA RETANGULAR, EM CONCRETO PRÉ-MOLDADO, DIMENSÕES INTERNAS: 0,6X2,2X1,0 M. AF_12/2020 | C1376: UN | D1376: 1.807,96 | E1376: SER.CG
A1377: 97935 | B1377: CAIXA PARA BOCA DE LOBO SIMPLES RETANGULAR, EM CONCRETO PRÉ-MOLDADO, DIMENSÕES INTERNAS: 0,6X1,0X1,2 M. AF_12/2020 | C1377: UN | D1377: 663,28 | E1377: SER.CG
A1378: 97936 | B1378: CAIXA PARA BOCA DE LOBO DUPLA RETANGULAR, EM CONCRETO PRÉ-MOLDADO, DIMENSÕES INTERNAS: 0,6X2,2X1,2 M. AF_12/2020 | C1378: UN | D1378: 1.617,20 | E1378: SER.CG
A1379: 97947 | B1379: CAIXA COM GRELHA SIMPLES RETANGULAR, EM ALVENARIA COM TIJOLOS CERÂMICOS MACIÇOS, DIMENSÕES INTERNAS: 0,5X1X1 M. AF_12/2020 | C1379: UN | D1379: 1.489,76 | E1379: SER.CG
A1380: 97948 | B1380: CAIXA COM GRELHA DUPLA RETANGULAR, EM ALVENARIA COM TIJOLOS CERÂMICOS MACIÇOS, DIMENSÕES INTERNAS: 0,5X2,2X1 M. AF_12/2020 | C1380: UN | D1380: 2.740,26 | E1380: SER.CG
A1381: 97949 | B1381: CAIXA PARA BOCA DE LOBO SIMPLES RETANGULAR, EM ALVENARIA COM TIJOLOS CERÂMICOS MACIÇOS, DIMENSÕES INTERNAS: 0,6X1X1,2 M. AF_12/2020 | C1381: UN | D1381: 1.551,29 | E1381: SER.CG
A1382: 97950 | B1382: CAIXA PARA BOCA DE LOBO DUPLA RETANGULAR, EM ALVENARIA COM TIJOLOS CERÂMICOS MACIÇOS, DIMENSÕES INTERNAS: 0,6X2,2X1,2 M. AF_12/2020 | C1382: UN | D1382: 2.735,00 | E1382: SER.CG
A1383: 97951 | B1383: CAIXA PARA BOCA DE LOBO COMBINADA COM GRELHA RETANGULAR, EM ALVENARIA COM TIJOLOS CERÂMICOS MACIÇOS, DIMENSÕES INTERNAS: 1,3X1X1,2 M. AF_12/2020 | C1383: UN | D1383: 2.425,51 | E1383: SER.CG
A1384: 97952 | B1384: CAIXA PARA BOCA DE LOBO DUPLA COMBINADA COM GRELHA RETANGULAR, EM ALVENARIA COM TIJOLOS CERÂMICOS MACIÇOS, DIMENSÕES INTERNAS: 1,3X2,2X1,2 M. AF_12/2020 | C1384: UN | D1384: 4.177,03 | E1384: SER.CG
A1385: 97953 | B1385: CAIXA COM GRELHA SIMPLES RETANGULAR, EM ALVENARIA COM BLOCOS DE CONCRETO, DIMENSÕES INTERNAS: 0,5X1X1 M. AF_12/2020 | C1385: UN | D1385: 1.054,47 | E1385: SER.CG
... A6879: 101460 | B6879: VIGIA DIURNO COM ENCARGOS COMPLEMENTARES | C6879: MES | D6879: 3.264,40 | E6879: M.O
A6881: CAESB | B6881: CONSUMO DE ÁGUA E ESGOTO | C6881: MES | D6881: 1464.15 | E6881: SER.CG
A6882: CEB | B6882: CONSUMO DE ENERGIA ELETRICA | C6882: MES | D6882: 1211.71 | E6882: SER.CG
A6883: INTERN | B6883: INTERNET 120 MB + TELEFONE | C6883: MES | D6883: 99 | E6883: SER.CG
A6884: SLU-1 | B6884: DISPOSIÇÃO FINAL DE RESÍDUOS SEGREGADOS DE CONSTRUÇÃO CIVIL | C6884: T | D6884: 12.23 | E6884: SER.CG
A6885: SLU-2 | B6885: DISPOSIÇÃO FINAL DE RESÍDUOS DE PODAS E GALHADAS | C6885: T | D6885: 19.07 | E6885: SER.CG
B6891: FIM DA FÓRMULA

Sheet INSUMOS
A1: PRECOS DE INSUMOS
A3: MES DE COLETA: 05/2021
A4: LOCALIDADE: 4495 - BRASILIA
A5: ENCARGOS SOCIAIS (%) HORISTA 113,69 MENSALISTA 73,06
A7: CODIGO | B7: DESCRICAO DO INSUMO | C7: UNIDADE | D7: PRECO MEDIANO R$ | E7: TIPO
A8: 1363 | B8: !EM PROCESSO DE DESATIVACAO! CHAPA DE MADEIRA COMPENSADA DE PINUS, VIROLA OU EQUIVALENTE, DE *2,2 X 1,6* M, E = 6 MM | C8: M2 | D8: 22,05 | E8: MAT.
A9: 1344 | B9: !EM PROCESSO DE DESATIVACAO! CHAPA DE MADEIRA COMPENSADA PLASTIFICADA PARA FORMA DE CONCRETO, DE 2,20 x 1,10 M, E = 6 MM | C9: UN | D9: 63,27 | E9: MAT.
A10: 1342 | B10: !EM PROCESSO DE DESATIVACAO! CHAPA DE MADEIRA COMPENSADA PLASTIFICADA PARA FORMA DE CONCRETO, DE 2,20 X 1,10 m, E = 14 MM | C10: UN | D10: 111,84 | E10: MAT.
A11: 1349 | B11: !EM PROCESSO DE DESATIVACAO! CHAPA DE MADEIRA COMPENSADA PLASTIFICADA PARA FORMA DE CONCRETO, DE 2,20 X 1,10 M, E = 20 MM | C11: UN | D11: 159,51 | E11: MAT.
A12: 1350 | B12: !EM PROCESSO DE DESATIVACAO! CHAPA DE MADEIRA COMPENSADA RESINADA PARA FORMA DE CONCRETO, DE *2,2 X 1,1* M, E = 10 MM | C12: UN | D12: 63,00 | E12: MAT.
A13: 1359 | B13: !EM PROCESSO DE DESATIVACAO! CHAPA DE MADEIRA COMPENSADA RESINADA PARA FORMA DE CONCRETO, DE *2,2 X 1,1* M, E = 20 MM | C13: UN | D13: 123,98 | E13: MAT.
A14: 1351 | B14: !EM PROCESSO DE DESATIVACAO! CHAPA DE MADEIRA COMPENSADA RESINADA PARA FORMA DE CONCRETO, DE *2,2 X 1,1* M, E = 6 MM | C14: UN | D14: 39,95 | E14: MAT.
A15: 2418 | B15: !EM PROCESSO DE DESATIVACAO! DOBRADICA EM ACO/FERRO, 3" X 2 1/2", E= 1,2 A 1,8 MM, SEM ANEL, CROMADO OU ZINCADO, TAMPA BOLA, COM PARAFUSOS | C15: UN | D15: 6,63 | E15: MAT.
A16: 6086 | B16: !EM PROCESSO DE DESATIVACAO! FUNDO SINTETICO NIVELADOR BRANCO FOSCO PARA MADEIRA | C16: GL | D16: 78,97 | E16: MAT.
A17: 3378 | B17: !EM PROCESSO DE DESATIVACAO! HASTE DE ATERRAMENTO EM ACO COM 3,00 M DE COMPRIMENTO E DN = 3/4", REVESTIDA COM BAIXA CAMADA DE COBRE, SEM CONECTOR | C17: UN | D17: 80,32 | E17: MAT.
A18: 3380 | B18: !EM PROCESSO DE DESATIVACAO! HASTE DE ATERRAMENTO EM ACO COM 3,00 M DE COMPRIMENTO E DN = 5/8", REVESTIDA COM BAIXA CAMADA DE COBRE, COM CONECTOR TIPO GRAMPO | C18: UN | D18: 56,23 | E18: MAT.
A19: 3379 | B19: !EM PROCESSO DE DESATIVACAO! HASTE DE ATERRAMENTO EM ACO COM 3,00 M DE COMPRIMENTO E DN = 5/8", REVESTIDA COM BAIXA CAMADA DE COBRE, SEM CONECTOR | C19: UN | D19: 54,29 | E19: MAT.
... A5189: 41776 | B5189: VIGIA NOTURNO, HORA EFETIVAMENTE TRABALHADA DE 22 H AS 5 H (COM ADICIONAL NOTURNO) | C5189: H | D5189: 16,32 | E5189: M.O
A5191: TOTAL DE INSUMOS : 5182
B5195: ORSE janeiro/2021
A5196: 11514/ORSE | B5196: Fixador universal estanhado para cabos 16 a 70mm2 | C5196: UN | D5196: 22.6 | E5196: MAT.
A5197: 1689/ORSE | B5197: Parafuso de fixação com bucha plástica 8 mm | C5197: UN | E5197: MAT.
A5198: 11848/ORSE | B5198: Conector cabo-haste em bronze natural para 2 cabos cobre de 16mm² a 70mm² com grampo "U" e porcas de aço galv.Ref:TEL-583 ou similar | C5198: UN | D5198: 3.44 | E5198: MAT.
A5199: 04983/ORSE | B5199: Furadeira Industrial | C5199: H | D5199: 2.72 | E5199: EQUIP.
A5200: 07897/ORSE | B5200: Compressor Chiaperini Ar Direto G3 com KIT Pintura, Limpeza, Encher e Calibrar Pneus | C5200: H | D5200: 0.34 | E5200: EQUIP.
A5201: 07898/ORSE | B5201: Broca SDS plus 12x260mm | C5201: UN | D5201: 32.9 | E5201: MAT.
A5204: SICRO - JANEIRO DE 2021
A5205: M0103 | B5205: ADITIVO ANTIRRICOCHETE PARA PARA CONCRETO PROJETADO | C5205: KG | D5205: 4.8585 | E5205: MAT.
A5206: M0682 | B5206: AÇO EM PERFIS ASTM A36 | C5206: KG | D5206: 4.88 | E5206: MAT.
A5207: M1800 | B5207: MANTA ASFÁLTICA ANTIRAIZ | C5207: M2 | D5207: 35.1522 | E5207: MAT.
A5208: M0789 | B5208: CONJUNTO DE CANTONEIRAS E PARAFUSOS GALVANIZADOS PARA FIXAÇÃO DE PLACAS | C5208: KG | D5208: 11.4325 | E5208: MAT.
A5209: M0787 | B5209: SUPORTE EM AÇO CARBONO GALVANIZADO PERFIL "C" | C5209: KG | D5209: 15.7375 | E5209: MAT.
A5210: M3235 | B5210: PELÍCULA RETRORREFLETIVA TIPO I | C5210: M2 | D5210: 106.2435 | E5210: MAT.
A5211: M3237 | B5211: PELÍCULA RETRORREFLETIVA TIPO III | C5211: M2 | D5211: 165.7663 | E5211: MAT.
A5212: M3153 | B5212: TINTA POLIESTER EM PÓ | C5212: KG | D5212: 43.5148 | E5212: MAT.
A5213: M1378 | B5213: CHAPA DE AÇO ASTM A36 | C5213: KG | D5213: 6.642 | E5213: MAT.
A5214: M0160 | B5214: EXTINTOR ESPUMA MECÂNICA 10 L | C5214: UN | D5214: 449.1025 | E5214: MAT.
A5215: M0103 | B5215: ADITIVO ANTIRRICOCHETE PARA PARA CONCRETO PROJETADO | C5215: KG | D5215: 4.8585 | E5215: MAT.
A5216: M1526 | B5216: COROA DIAMANTADA - D=100 MM | C5216: UN | D5216: 1688.7977 | E5216: MAT.
... A5218: E9760 I | B5218: PERFURATRIZ MANUAL PARA COROA DIAMANTADA - 1,6 KW | C5218: CHI | D5218: 1.0161 | E5218: EQUIP.
A5219: M3923 | B5219: TINTA ESMALTE POLIURETANO DE DOIS COMPONENTES | C5219: L | D5219: 95.0735 | E5219: MAT. | F5219: =UPPER(B5219) -> TINTA ESMALTE POLIURETANO DE DOIS COMPONENTES
A5220: M3922 | B5220: DILUENTE PARA ESMALTE POLIURETANO DE DOIS COMPONENTES | C5220: L | D5220: 47.4766 | E5220: MAT. | F5220: =UPPER(B5220) -> DILUENTE PARA ESMALTE POLIURETANO DE DOIS COMPONENTES
A5221: M0719 | B5221: Diluente epóxi | C5221: L | D5221: 25.9713 | E5221: MAT.
B5242: fim da fórmula

Sheet Reajustamento INCC
A1: Cálculo do reajustamento para adequação de preços
B3: ICC COLUNA-18=160981 TOTAL BRASÍLIA
B4: MÃO-DE-OBRA | C4: MAT EQUIP SERV | F4: TOTAL | H4: TOTAL EDIFICAÇÃO
B5: COL-20 161007 | C5: COL-19 160991 | D5: var.%acumul.material | E5: var.%acumul.total | F5: COL-18 160981 | G5: var.%acumul.total | H5: COL-35 159428
A6: JAN-20 | B6: 926.038 | C6: 563.112 | F6: 720.796 | H6: 779.766
A7: FEV-20 | B7: 926.038 | C7: 566.813 | D7: =C7/C6 -> 1.0065724 | E7: =F7/F6 -> 1.0029995 | F7: 722.958 | G7: =H7/H6 -> 1.0032959 | H7: 782.336
A8: MAR-20 | B8: 926.038 | C8: 568.767 | D8: =C8/C7 -> 1.0034473 | E8: =F8/F7 -> 1.0015782 | F8: 724.099 | G8: =H8/H7 -> 1.002559 | H8: 784.338
A9: ABR-20 | B9: 926.038 | C9: 570.086 | D9: =C9/C8 -> 1.0023191 | E9: =F9/F8 -> 1.0010648 | F9: 724.87 | G9: =H9/H8 -> 1.0022082 | H9: 786.07
A10: MAI-20 | B10: 926.038 | C10: 571.469 | D10: =C10/C9 -> 1.0024259 | E10: =F10/F9 -> 1.0011147 | F10: 725.678 | G10: =H10/H9 -> 1.0020304 | H10: 787.666
A11: JUN-20 | B11: 926.038 | C11: 575.289 | D11: =C11/C10 -> 1.0066845 | E11: =F11/F10 -> 1.0030757 | F11: 727.91 | G11: =H11/H10 -> 1.0033834 | H11: 790.331
A12: JUL-20 | B12: 926.038 | C12: 579.784 | D12: =C12/C11 -> 1.0078135 | E12: =F12/F11 -> 1.0036076 | F12: 730.536 | G12: =H12/H11 -> 1.0117141 | H12: 799.589
A13: AGO-20 | B13: 926.038 | C13: 588.211 | D13: =C13/C12 -> 1.0145347 | E13: =F13/F12 -> 1.0067403 | F13: 735.46 | G13: =H13/H12 -> 1.0072125 | H13: 805.356
A14: SET-20 | B14: 926.038 | C14: 599.207 | D14: =C14/C13 -> 1.018694 | E14: =F14/F13 -> 1.0087347 | F14: 741.884 | G14: =H14/H13 -> 1.0116036 | H14: 814.701
A16: MÃO DE OBRA | C16: MATERIAL | E16: SERVIÇO | G16: EDIFICAÇÃO
A17: multiplicador | B17: Variação acumulada | C17: multiplicador | D17: Variação acumulada | E17: multiplicador | F17: Variação acumulada | G17: multiplicador | H17: Variação acumulada
C18: =PRODUCT(D11) -> 1.0066845 | E18: =PRODUCT(E11) -> 1.0030757 | G18: =PRODUCT(G11) -> 1.0033834
A20: i 0 / i 1 | B20: Número do índice | C20: i 0 / i 1 | D20: Número do índice | E20: i 0 / i 1 | F20: Número do índice | G20: i 0 / i 1 | H20: Número do índice
A21: =B11/B10 -> 1 | B21: MAI20 A JUN20 | C21: =C11/C10 -> 1.0066845 | D21: MAI20 A JUN20 | E21: =F11/F10 -> 1.0030757 | F21: MAI20 A JUN20 | G21: =H11/H10 -> 1.0033834 | H21: MAI20 A JUN20
A22: COL. 20 161007 | C22: COL. 19 160991 | E22: COL. 18 160981 | G22: COL. 35 159428
A24: MÃO DE OBRA | C24: MATERIAL | E24: SERVIÇO | G24: EDIFICAÇÃO
A25: multiplicador | B25: Variação acumulada | C25: multiplicador | D25: Variação acumulada | E25: multiplicador | F25: Variação acumulada | G25: multiplicador | H25: Variação acumulada
C26: =PRODUCT(D11:D12) -> 1.0145502 | E26: =PRODUCT(E11:E12) -> 1.0066944 | G26: =PRODUCT(G11:G12) -> 1.0151371
A28: i 0 / i 1 | B28: Número do índice | C28: i 0 / i 1 | D28: Número do índice | E28: i 0 / i 1 | F28: Número do índice | G28: i 0 / i 1 | H28: Número do índice
A29: =B12/B10 -> 1 | B29: MAI20 A JUL20 | C29: =C12/C10 -> 1.0145502 | D29: MAI20 A JUL20 | E29: =F12/F10 -> 1.0066944 | F29: MAI20 A JUL20 | G29: =H12/H10 -> 1.0151371 | H29: MAI20 A JUL20
A30: COL. 20 161007 | C30: COL. 19 160991 | E30: COL. 18 160981 | G30: COL. 35 159428
A32: MÃO DE OBRA | C32: MATERIAL | E32: SERVIÇO | G32: EDIFICAÇÃO
A33: multiplicador | B33: Variação acumulada | C33: multiplicador | D33: Variação acumulada | E33: multiplicador | F33: Variação acumulada | G33: multiplicador | H33: Variação acumulada
C34: =PRODUCT(D11:D13) -> 1.0292964 | E34: =PRODUCT(E11:E13) -> 1.0134798 | G34: =PRODUCT(G11:G13) -> 1.0224588
A36: i 0 / i 1 | B36: Número do índice | C36: i 0 / i 1 | D36: Número do índice | E36: i 0 / i 1 | F36: Número do índice | G36: i 0 / i 1 | H36: Número do índice
A37: =B13/B10 -> 1 | B37: MAI20 A AGO20 | C37: =C13/C10 -> 1.0292964 | D37: MAI20 A AGO20 | E37: =F13/F10 -> 1.0134798 | F37: MAI20 A AGO20 | G37: =H13/H10 -> 1.0224588 | H37: MAI20 A AGO20
A38: COL. 20 161007 | C38: COL. 19 160991 | E38: COL. 18 160981 | G38: COL. 35 159428
A40: MÃO DE OBRA | C40: MATERIAL | E40: SERVIÇO | G40: EDIFICAÇÃO
A41: multiplicador | B41: Variação acumulada | C41: multiplicador | D41: Variação acumulada | E41: multiplicador | F41: Variação acumulada | G41: multiplicador | H41: Variação acumulada
C42: =PRODUCT(D11:D14) -> 1.0485381 | E42: =PRODUCT(E11:E14) -> 1.0223322 | G42: =PRODUCT(G11:G14) -> 1.0343229
A44: i 0 / i 1 | B44: Número do índice | C44: i 0 / i 1 | D44: Número do índice | E44: i 0 / i 1 | F44: Número do índice | G44: i 0 / i 1 | H44: Número do índice
A45: =B14/B10 -> 1 | B45: MAI19 A SET20 | C45: =C14/C10 -> 1.0485381 | D45: MAI19 A SET20 | E45: =F14/F10 -> 1.0223322 | F45: MAI19 A SET20 | G45: =H14/H10 -> 1.0343229 | H45: MAI19 A SET20
A46: COL. 20 161007 | C46: COL. 19 160991 | E46: COL. 18 160981 | G46: COL. 35 159428
A50: ='018-21-CAPA'!#REF! -> #REF!

Sheet 018-21-CRO
A2: GOVERNO DO DISTRITO FEDERAL
A3: SECRETARIA DE ESTADO DE INFRAESTRUTURA E SERVIÇOS PÚBLICOS
A4: COMPANHIA URBANIZADORA DA NOVA CAPITAL DO BRASIL
A5: CRONOGRAMA FISICO FINANCEIRO
A6: Nº ESTIMATIVA PRINCIPAL: | B6: ='018-21-CCU''s AUX'!C6 -> 018/2021-SEORÇA-SDS | I6: DATA: | J6: ='018-21-CAPA'!E20 -> 44389
A7: TÍTULO: | B7: ='018-21-CCU''s AUX'!C7 -> ORÇ. REFORMA DO RESTAURANTE COMUNITÁRIO DE ARNIQUEIRAS | C7: Nº PROJETO: | D7: ='018-21-CCU''s'!H7 -> PROJ-DE-045-20 | I7: TAB. REF.: | J7: ='018-21-CCU''s'!H8 -> SINAPI MAIO 2021
A8: ENCARGOS TRABALHISTAS: | B8: ='018-21-CCU''s'!C8 -> horista=113,69% / mensalista=73,06% | F8: B.D.I. : 20,94% (obra) | H8: B.D.I. : 10,89% (equipamentos)
A10: CÓDIGO | B10: DESCRIÇÃO DOS SERVIÇOS | C10: TOTAL DA ETAPA (COM BDI) | D10: DIAS 1 A 30 | E10: DIAS 31 A 60 | F10: DIAS 61 A 90 | G10: DIAS 91 A 120 | H10: DIAS 121 A 150 | I10: DIAS 151 A 180 | J10: DIAS 181 A 210 | K10: DIAS 211 A 240
A11: 01.00.000 | B11: SERVIÇOS TÉCNICOS PROFISSIONAIS | C11: ='018.01-21-ADM OBRA'!J21 -> 15064.978 | D11: 1 | M11: =SUM(D11:K11) -> 1
L12: =C11/$C$41 -> 0.003028587
D13: =$C$11*D11 -> 15064.978 | M13: =SUM(D13:K13) -> 15064.978 | N13: =M13-C11 -> 0
A14: 02.00.000 | B14: SERVIÇOS PRELIMINARES | C14: ='018.02-21-IMPLANTAÇÃO'!J90+'018.04-21-LIXEIRA'!J17+'018.05-21-GLP'!J17+'018.06-21-BOMBAS'!J17+'018.07-21-CALDEIRA'!J17+'018.01-21-ADM OBRA'!J28 -> 302074.97 | D14: =1-E14-F14-G14-H14-I14-J14-K14 -> 0.9365548 | E14: 0.0090636 | F14: 0.0090636 | G14: 0.0090636 | H14: 0.0090636 | I14: 0.0090636 | J14: 0.0090636 | K14: 0.0090636 | M14: =SUM(D14:K14) -> 1
L15: =C14/$C$41 -> 0.060727626
D16: =$C$14*D14 -> 282909.76 | E16: =$C$14*E14 -> 2737.8867 | F16: =$C$14*F14 -> 2737.8867 | G16: =$C$14*G14 -> 2737.8867 | H16: =$C$14*H14 -> 2737.8867 | I16: =$C$14*I14 -> 2737.8867 | J16: =$C$14*J14 -> 2737.8867 | K16: =$C$14*K14 -> 2737.8867 | M16: =SUM(D16:K16) -> 302074.97 | N16: =M16-C14 -> 0
A17: 03.00.000 | B17: FUNDAÇÕES E ESTRUTURA | C17: ='018.02-21-IMPLANTAÇÃO'!J128+'018.03-21-ED. PRINCIPAL'!J150+'018.04-21-LIXEIRA'!J93+'018.05-21-GLP'!J93+'018.06-21-BOMBAS'!J93+'018.07-21-CALDEIRA'!J93 -> 758289.51 | D17: 0.1 | E17: 0.6 | F17: 0.3 | M17: =SUM(D17:K17) -> 1
L18: =C17/$C$41 -> 0.15244269
D19: =$C$17*D17 -> 75828.951 | E19: =$C$17*E17 -> 454973.7 | F19: =$C$17*F17 -> 227486.85 | M19: =SUM(D19:K19) -> 758289.51 | N19: =M19-C17 -> 0
A20: 04.00.000 | B20: ARQUITETURA E ELEMENTOS DE URBANISMO | C20: ='018.02-21-IMPLANTAÇÃO'!J172+'018.03-21-ED. PRINCIPAL'!J353+'018.04-21-LIXEIRA'!J138+'018.05-21-GLP'!J141+'018.06-21-BOMBAS'!J138+'018.07-21-CALDEIRA'!J142 -> 2007785.6 | F20: 0.1 | G20: 0.25 | H20: 0.2 | I20: 0.2 | J20: 0.15 | K20: 0.1 | M20: =SUM(D20:K20) -> 1
A21: 04.01.100 | L21: =C20/$C$41 -> 0.40363509
F22: =$C$20*F20 -> 200778.56 | G22: =$C$20*G20 -> 501946.41 | H22: =$C$20*H20 -> 401557.13 | I22: =$C$20*I20 -> 401557.13 | J22: =$C$20*J20 -> 301167.85 | K22: =$C$20*K20 -> 200778.56 | M22: =SUM(D22:K22) -> 2007785.6 | N22: =M22-C20 -> 0
A23: 05.00.000 | B23: INSTALAÇÕES HIDRÁULICAS E SANITÁRIAS | C23: ='018.02-21-IMPLANTAÇÃO'!J285+'018.03-21-ED. PRINCIPAL'!J548+'018.04-21-LIXEIRA'!J159+'018.06-21-BOMBAS'!J146+'018.07-21-CALDEIRA'!J168 -> 521223.07 | F23: 0.15 | G23: 0.25 | H23: 0.3 | I23: 0.25 | J23: 0.05 | M23: =SUM(D23:K23) -> 1
L24: =C23/$C$41 -> 0.10478405
F25: =$C$23*F23 -> 78183.46 | G25: =$C$23*G23 -> 130305.77 | H25: =$C$23*H23 -> 156366.92 | I25: =$C$23*I23 -> 130305.77 | J25: =$C$23*J23 -> 26061.153 | M25: =SUM(D25:K25) -> 521223.07 | N25: =M25-C23 -> 0
A26: 06.00.000 | B26: INSTALAÇÕES ELÉTRICAS E ELETRÔNICAS | C26: ='018.02-21-IMPLANTAÇÃO'!J382+'018.03-21-ED. PRINCIPAL'!J717+'018.04-21-LIXEIRA'!J188+'018.06-21-BOMBAS'!J178+'018.07-21-CALDEIRA'!J204 -> 651063.78 | F26: 0.1 | G26: 0.15 | H26: 0.25 | I26: 0.2 | J26: 0.2 | K26: 0.1 | M26: =SUM(D26:K26) -> 1
L27: =C26/$C$41 -> 0.13088657
F28: =$C$26*F26 -> 65106.378 | G28: =$C$26*G26 -> 97659.566 | H28: =$C$26*H26 -> 162765.94 | I28: =$C$26*I26 -> 130212.76 | J28: =$C$26*J26 -> 130212.76 | K28: =$C$26*K26 -> 65106.378 | M28: =SUM(D28:K28) -> 651063.78 | N28: =M28-C26 -> 0
A29: 07.00.000 | B29: INSTALAÇÕES MECÂNICAS E DE UTILIDADES | C29: ='018.02-21-IMPLANTAÇÃO'!J404+'018.03-21-ED. PRINCIPAL'!J826+'018.05-21-GLP'!J175+'018.07-21-CALDEIRA'!J233 -> 322420 | G29: 0.1 | H29: 0.25 | I29: 0.3 | J29: 0.3 | K29: 0.05 | M29: =SUM(D29:K29) -> 1
L30: =C29/$C$41 -> 0.064817689 | M30: =SUM(D30:K30) -> 0
G31: =$C$29*G29 -> 32242 | H31: =$C$29*H29 -> 80605 | I31: =$C$29*I29 -> 96726 | J31: =$C$29*J29 -> 96726 | K31: =$C$29*K29 -> 16121 | M31: =SUM(D31:K31) -> 322420 | N31: =M31-C29 -> 0
A32: 08.00.000 | B32: INSTALAÇÕES DE PREVENÇÃO E COMBATE À INCÊNDIO | C32: ='018.02-21-IMPLANTAÇÃO'!J436+'018.03-21-ED. PRINCIPAL'!J862+'018.05-21-GLP'!J183+'018.06-21-BOMBAS'!J211+'018.07-21-CALDEIRA'!J240 -> 53626.051 | I32: 0.5 | J32: 0.3 | K32: 0.2 | M32: =SUM(D32:K32) -> 1
L33: =C32/$C$41 -> 0.01078071 | M33: =SUM(D33:K33) -> 0
I34: =$C$32*I32 -> 26813.025 | J34: =$C$32*J32 -> 16087.815 | K34: =$C$32*K32 -> 10725.21 | M34: =SUM(D34:K34) -> 53626.051 | N34: =M34-C32 -> 0
A35: 09.00.000 | B35: SERVIÇOS COMPLEMENTARES | C35: ='018.01-21-ADM OBRA'!J50 -> 35135.84 | D35: 0.25 | E35: 0.11 | F35: 0.11 | G35: 0.1 | H35: 0.1 | I35: 0.1 | J35: 0.1 | K35: 0.13 | M35: =SUM(D35:K35) -> 1 | N35: =M35-C33 -> 1
L36: =C35/$C$41 -> 0.0070635318 | M36: =SUM(D36:K36) -> 0 | N36: =M36-C34 -> 0
D37: =$C$35*D35 -> 8783.9599 | E37: =$C$35*E35 -> 3864.9423 | F37: =$C$35*F35 -> 3864.9423 | G37: =$C$35*G35 -> 3513.584 | H37: =$C$35*H35 -> 3513.584 | I37: =$C$35*I35 -> 3513.584 | J37: =$C$35*J35 -> 3513.584 | K37: =$C$35*K35 -> 4567.6591 | M37: =SUM(D37:K37) -> 35135.84 | N37: =M37-C35 -> 0
A38: 10.00.000 | B38: SERVIÇOS AUXILIARES E ADMINISTRATIVOS | C38: ='018.01-21-ADM OBRA'!J64 -> 307575.62 | D38: =D46 -> 0.081982766 | E38: =E46 -> 0.098908893 | F38: =F46 -> 0.12389056 | G38: =G46 -> 0.16465765 | H38: =H46 -> 0.17304503 | I38: =I46 -> 0.16968498 | J38: =J46 -> 0.12353677 | K38: =K46 -> 0.064293342 | M38: =SUM(D38:K38) -> 1 | N38: =M38-C36 -> 1
L39: =C38/$C$41 -> 0.06183345 | M39: =SUM(D39:K39) -> 0 | N39: =M39-C37 -> 0
D40: =$C$38*D38 -> 25215.9 | E40: =$C$38*E38 -> 30421.965 | F40: =$C$38*F38 -> 38105.717 | G40: =$C$38*G38 -> 50644.681 | H40: =$C$38*H38 -> 53224.434 | I40: =$C$38*I38 -> 52190.963 | J40: =$C$38*J38 -> 37996.899 | K40: =$C$38*K38 -> 19775.065 | M40: =SUM(D40:K40) -> 307575.62 | N40: =M40-C38 -> 0
B41: PERCENTUAL MENSAL (%) | C41: =SUM(C11:C40) -> 4974259.4 | D41: =D42/$C41 -> 0.081982766 | E41: =E42/$C41 -> 0.098908893 | F41: =F42/$C41 -> 0.12389056 | G41: =G42/$C41 -> 0.16465765 | H41: =H42/$C41 -> 0.17304503 | I41: =I42/$C41 -> 0.16968498 | J41: =J42/$C41 -> 0.12353677 | K41: =K42/$C41 -> 0.064293342
B42: VALOR MENSAL (R$) | D42: =D40+D37+D34+D31+D28+D25+D22+D19+D16+D13 -> 407803.55 | E42: =E40+E37+E34+E31+E28+E25+E22+E19+E16+E13 -> 491998.5 | F42: =F40+F37+F34+F31+F28+F25+F22+F19+F16+F13 -> 616263.8 | G42: =G40+G37+G34+G31+G28+G25+G22+G19+G16+G13 -> 819049.89 | H42: =H40+H37+H34+H31+H28+H25+H22+H19+H16+H13 -> 860770.9 | I42: =I40+I37+I34+I31+I28+I25+I22+I19+I16+I13 -> 844057.11 | J42: =J40+J37+J34+J31+J28+J25+J22+J19+J16+J13 -> 614503.94 | K42: =K40+K37+K34+K31+K28+K25+K22+K19+K16+K13 -> 319811.76
B43: PERCENTUAL ACUMULADO (%) | D43: =D41 -> 0.081982766 | E43: =D43+E41 -> 0.18089166 | F43: =E43+F41 -> 0.30478222 | G43: =F43+G41 -> 0.46943988 | H43: =G43+H41 -> 0.64248491 | I43: =H43+I41 -> 0.81216989 | J43: =I43+J41 -> 0.93570666 | K43: =J43+K41 -> 1
B44: VALOR ACUMULADO (R$) | D44: =D42 -> 407803.55 | E44: =E42+D44 -> 899802.04 | F44: =F42+E44 -> 1516065.8 | G44: =G42+F44 -> 2335115.7 | H44: =H42+G44 -> 3195886.6 | I44: =I42+H44 -> 4039943.7 | J44: =J42+I44 -> 4654447.7 | K44: =K42+J44 -> 4974259.4
C46: ITEM 10 | D46: =(D13+D16+D19+D22+D25+D28+D31+D34+D37)/($C$11+$C$14+$C$17+$C$20+$C$23+$C$26+$C$29+$C$32+$C$35) -> 0.081982766 | E46: =(E13+E16+E19+E22+E25+E28+E31+E34+E37)/($C$11+$C$14+$C$17+$C$20+$C$23+$C$26+$C$29+$C$32+$C$35) -> 0.098908893 | F46: =(F13+F16+F19+F22+F25+F28+F31+F34+F37)/($C$11+$C$14+$C$17+$C$20+$C$23+$C$26+$C$29+$C$32+$C$35) -> 0.12389056 | G46: =(G13+G16+G19+G22+G25+G28+G31+G34+G37)/($C$11+$C$14+$C$17+$C$20+$C$23+$C$26+$C$29+$C$32+$C$35) -> 0.16465765 | H46: =(H13+H16+H19+H22+H25+H28+H31+H34+H37)/($C$11+$C$14+$C$17+$C$20+$C$23+$C$26+$C$29+$C$32+$C$35) -> 0.17304503 | I46: =(I13+I16+I19+I22+I25+I28+I31+I34+I37)/($C$11+$C$14+$C$17+$C$20+$C$23+$C$26+$C$29+$C$32+$C$35) -> 0.16968498 | J46: =(J13+J16+J19+J22+J25+J28+J31+J34+J37)/($C$11+$C$14+$C$17+$C$20+$C$23+$C$26+$C$29+$C$32+$C$35) -> 0.12353677 | K46: =(K13+K16+K19+K22+K25+K28+K31+K34+K37)/($C$11+$C$14+$C$17+$C$20+$C$23+$C$26+$C$29+$C$32+$C$35) -> 0.064293342
N48: ='018-21-CAPA'!F37 -> 4974259.4
A49: ='018-21-cotação'!A1676:I1676 -> ENG. GABRIEL DA CUNHA ARAUJO CREA 23300/D-DF ART: 0720210046394 MAT.: 973.175-X
A50: ='018-21-cotação'!A1677:I1677 -> ENG. GILMAR DA MOTA FERNANDES CREA 23785/D-DF ART: 0720210047629 MAT.: 973.113-X
A51: ='018-21-cotação'!A1678:I1678 -> ENG. TIAGO DE SOUZA OLIVEIRA CREA 24935/D-DF ART: 0720210047000 MAT.: 973.315-9

Sheet 018-21-ABC-SERVIÇOS
A2: GOVERNO DO DISTRITO FEDERAL
A3: SECRETARIA DE ESTADO DE INFRAESTRUTURA E SERVIÇOS PÚBLICOS
A4: COMPANHIA URBANIZADORA DA NOVA CAPITAL DO BRASIL
A5: CURVA ABC
A6: Nº ESTIMATIVA PRINCIPAL: | B6: ='018-21-CCU''s'!C6 -> 018/2021-SEORÇA-SDS | I6: DATA: | J6: ='018-21-CAPA'!E20 -> 44389
A7: TÍTULO: | B7: ORÇ. REFORMA DO RESTAURANTE COMUNITÁRIO DE ARNIQUEIRAS | I7: Nº PROJETO: | J7: ='018-21-CCU''s'!H7 -> PROJ-DE-045-20
A8: ENCARGOS TRABALHISTAS: | B8: ='018-21-CCU''s'!C8 -> horista=113,69% / mensalista=73,06% | D8: B.D.I. : | E8: 20,94% (obra) | F8: B.D.I. : | G8: 10,89% (equipamentos) | I8: TAB. REF.: | J8: ='018-21-CCU''s'!H8 -> SINAPI MAIO 2021
A10: CÓDIGO | B10: DESCRIÇÃO | C10: UND | D10: QUANT. | E10: CUSTO UNIT. (R$) | F10: BDI | G10: PREÇO UNITÁRIO (R$) C/ BDI | H10: PREÇO TOTAL (R$) C/ BDI | I10: % SIMPLES DO ITEM | J10: % ACUMULADO DO ITEM
A11: CCU - 04.045 | B11: TELHAMENTO COM TELHA TRAPEZOIDAL COM ISOLAMENTO TERMOACUSTICO DE EPS ESPESSURA DE 30MM, INCLUSO IÇAMENTO - FORNECIMENTO E INSTALAÇÃO | C11: M2 | D11: 1496.08 | E11: 230.73 | F11: 0.2094 | G11: =(E11*(1+F11)) -> 279.04486 | H11: =G11*D11 -> 417473.44 | I11: =H11/$F$772 -> 0.083926752 | J11: =I11 -> 0.083926752 | K11: ='018-21-CAPA'!$F$37 -> 4974259.4 | L11: =K11-$F$772 -> 7.4505806e-09
A12: CCU - 10.001 | B12: ADMINISTRAÇÃO LOCAL DA OBRA - (1 ALMOXARIFE, 1 ENGENHEIRO CIVIL MEIO PERÍODO, 1 MESTRE DE OBRAS, 1 ENCARREGADO E 1 POSTO DE VIGILANCIA - (PAGAMENTO PROPORCIONAL A EXECUÇÃO DA OBRA) | C12: UN | D12: 1 | E12: 238677.84 | F12: 0.2094 | G12: =(E12*(1+F12)) -> 288656.98 | H12: =G12*D12 -> 288656.98 | I12: =H12/$F$772 -> 0.058030142 | J12: =I12+J11 -> 0.14195689 | K12: ='018-21-CAPA'!$F$37 -> 4974259.4 | L12: =K12-$F$772 -> 7.4505806e-09
A13: 39511 | B13: FORRO DE FIBRA MINERAL EM PLACAS DE 625 X 625 MM, E = 15 MM, BORDA RETA, COM PINTURA ANTIMOFO, APOIADO EM PERFIL DE ACO GALVANIZADO COM 24 MM DE BASE - INSTALADO | C13: M2 | D13: 789.91 | E13: 120,22 | F13: 0.2094 | G13: =(E13*(1+F13)) -> 145.39407 | H13: =G13*D13 -> 114848.23 | I13: =H13/$F$772 -> 0.023088508 | J13: =I13+J12 -> 0.1650454 | K13: ='018-21-CAPA'!$F$37 -> 4974259.4 | L13: =K13-$F$772 -> 7.4505806e-09
A14: CCU - 06.027 | B14: LUMINÁRIA LED QUADRADA, 30W, 5000K, ALTA EFICIÊNCIA (>100lm/W), BIVOLT (FORNECIDA COMPLETA) - REF. LHT03-E LUMICENTER OU EQUIVALENTE - FORNECIMENTO E INSTALAÇÃO | C14: UN | D14: 101 | E14: 872.76 | F14: 0.2094 | G14: =(E14*(1+F14)) -> 1055.5159 | H14: =G14*D14 -> 106607.11 | I14: =H14/$F$772 -> 0.021431755 | J14: =I14+J13 -> 0.18647716 | K14: ='018-21-CAPA'!$F$37 -> 4974259.4 | L14: =K14-$F$772 -> 7.4505806e-09
A15: COT - 06.071 | B15: GRUPO GERADOR-MOTOR CARENADO - 85dB Potência Standby: 111kVA, 89kW, 60Hz, 380/220V Dim. aprox.: 2,490m x 0,985m x 1,535m (C x L x A) Massa aproximada: 1359kg | C15: UN | D15: 1 | E15: 92800 | F15: 0.1089 | G15: =(E15*(1+F15)) -> 102905.92 | H15: =G15*D15 -> 102905.92 | I15: =H15/$F$772 -> 0.020687687 | J15: =I15+J14 -> 0.20716484 | K15: ='018-21-CAPA'!$F$37 -> 4974259.4 | L15: =K15-$F$772 -> 7.4505806e-09
A16: COT - 07.064 | B16: TROCADOR DE CALOR - Weco CB400-80, INCLUSO FRETE | C16: UN | D16: 2 | E16: 43753.601 | F16: 0.1089 | G16: =(E16*(1+F16)) -> 48518.369 | H16: =G16*D16 -> 97036.737 | I16: =H16/$F$772 -> 0.019507776 | J16: =I16+J15 -> 0.22667262 | K16: ='018-21-CAPA'!$F$37 -> 4974259.4 | L16: =K16-$F$772 -> 7.4505806e-09
A17: CCU - 04.051 | B17: REVESTIMENTO PARA PAREDES EM PLACA TIPO PORCELANATO 30X60CM - FORNECIMENTO E INSTALAÇÃO | C17: M2 | D17: 832.93 | E17: 95.11 | F17: 0.2094 | G17: =(E17*(1+F17)) -> 115.02603 | H17: =G17*D17 -> 95808.634 | I17: =H17/$F$772 -> 0.019260884 | J17: =I17+J16 -> 0.2459335 | K17: ='018-21-CAPA'!$F$37 -> 4974259.4 | L17: =K17-$F$772 -> 7.4505806e-09
A18: CCU - 03.026 | B18: ESTRUTURA METÁLICA PERFIL Ue 150 X 60 X 20 #4,75 - LIGAÇÕES PARAFUSADAS, INCLUSO MÃO DE OBRA, TRANSPORTE E IÇAMENTO, UTILIZANDO GUINDASTE - FORNECIMENTO E INSTALAÇÃO | C18: KG | D18: 6174 | E18: 11.48 | F18: 0.2094 | G18: =(E18*(1+F18)) -> 13.883912 | H18: =G18*D18 -> 85719.273 | I18: =H18/$F$772 -> 0.01723257 | J18: =I18+J17 -> 0.26316607 | K18: ='018-21-CAPA'!$F$37 -> 4974259.4 | L18: =K18-$F$772 -> 7.4505806e-09
A19: COT - 05.114 | B19: COLETOR SOLAR DE 1,00X2,00M CONFORME O PROJETO - FORNECIMENTO E INSTALAÇÃO, INCLUSO O FRETE | C19: UN | D19: 84 | E19: 859.77 | F19: 0.1089 | G19: =(E19*(1+F19)) -> 953.39895 | H19: =G19*D19 -> 80085.512 | I19: =H19/$F$772 -> 0.016099987 | J19: =I19+J18 -> 0.27926606 | K19: ='018-21-CAPA'!$F$37 -> 4974259.4 | L19: =K19-$F$772 -> 7.4505806e-09
A20: 87519 | B20: ALVENARIA DE VEDAÇÃO DE BLOCOS CERÂMICOS FURADOS NA HORIZONTAL DE 9X19X19CM (ESPESSURA 9CM) DE PAREDES COM ÁREA LÍQUIDA MAIOR OU IGUAL A 6M² COM VÃOS E ARGAMASSA DE ASSENTAMENTO COM PREPARO EM BETONEIRA. AF_06/2014 | C20: M2 | D20: 763.14 | E20: 79,87 | F20: 0.2094 | G20: =(E20*(1+F20)) -> 96.594778 | H20: =G20*D20 -> 73715.339 | I20: =H20/$F$772 -> 0.014819359 | J20: =I20+J19 -> 0.29408542 | K20: ='018-21-CAPA'!$F$37 -> 4974259.4 | L20: =K20-$F$772 -> 7.4505806e-09
A21: COT - 05.001 | B21: RESERVATORIO SUPERIOR METÁLICO TIPO TAÇA VOLUME TOTAL: 25.000 LITROS, INCLUSO FRETE E INSTALAÇÃO | C21: UN | D21: 2 | E21: 31990 | F21: 0.1089 | G21: =(E21*(1+F21)) -> 35473.711 | H21: =G21*D21 -> 70947.422 | I21: =H21/$F$772 -> 0.014262911 | J21: =I21+J20 -> 0.30834833 | K21: ='018-21-CAPA'!$F$37 -> 4974259.4 | L21: =K21-$F$772 -> 7.4505806e-09
A22: CCU - 04.052 | B22: PINTURA DE ACABAMENTO COM APLICAÇÃO DE FUNDO PREPARADOR EPOXI, 01 DEMÃO DE MASSA EPOXI E 02 DEMÃOS DE TINTA ESMALTE EPOXI BRANCO | C22: M2 | D22: 492.95 | E22: 109.12 | F22: 0.2094 | G22: =(E22*(1+F22)) -> 131.96973 | H22: =G22*D22 -> 65054.477 | I22: =H22/$F$772 -> 0.013078224 | J22: =I22+J21 -> 0.32142655 | K22: ='018-21-CAPA'!$F$37 -> 4974259.4 | L22: =K22-$F$772 -> 7.4505806e-09
A23: CCU - 03.008 | B23: ESTRUTURA METÁLICA PERFIL U 200 X 60 #4,75 - INCLUSO MÃO DE OBRA, TRANSPORTE E IÇAMENTO, UTILIZANDO GUINDASTE - FORNECIMENTO E INSTALAÇÃO | C23: KG | D23: 3734.5 | E23: 11.96 | F23: 0.2094 | G23: =(E23*(1+F23)) -> 14.464424 | H23: =G23*D23 -> 54017.391 | I23: =H23/$F$772 -> 0.010859384 | J23: =I23+J22 -> 0.33228594 | K23: ='018-21-CAPA'!$F$37 -> 4974259.4 | L23: =K23-$F$772 -> 7.4505806e-09
A24: 100716 | B24: JATEAMENTO ABRASIVO COM GRANALHA DE AÇO EM PERFIL METÁLICO EM FÁBRICA. AF_01/2020 | C24: M2 | D24: 1773.64 | E24: 24,45 | F24: 0.2094 | G24: =(E24*(1+F24)) -> 29.56983 | H24: =G24*D24 -> 52446.233 | I24: =H24/$F$772 -> 0.010543526 | J24: =I24+J23 -> 0.34282946 | K24: ='018-21-CAPA'!$F$37 -> 4974259.4 | L24: =K24-$F$772 -> 7.4505806e-09
A25: 87630 | B25: CONTRAPISO EM ARGAMASSA TRAÇO 1:4 (CIMENTO E AREIA), PREPARO MECÂNICO COM BETONEIRA 400 L, APLICADO EM ÁREAS SECAS SOBRE LAJE, ADERIDO, ESPESSURA 3CM. AF_06/2014 | C25: M2 | D25: 1155.97 | E25: 36,15 | F25: 0.2094 | G25: =(E25*(1+F25)) -> 43.71981 | H25: =G25*D25 -> 50538.789 | I25: =H25/$F$772 -> 0.010160063 | J25: =I25+J24 -> 0.35298953 | K25: ='018-21-CAPA'!$F$37 -> 4974259.4 | L25: =K25-$F$772 -> 7.4505806e-09
A26: 95995 | B26: EXECUÇÃO DE PAVIMENTO COM APLICAÇÃO DE CONCRETO ASFÁLTICO, CAMADA DE ROLAMENTO - EXCLUSIVE CARGA E TRANSPORTE. AF_11/2019 | C26: M3 | D26: 37.835 | E26: 1.074,16 | F26: 0.2094 | G26: =(E26*(1+F26)) -> 1299.0891 | H26: =G26*D26 -> 49151.036 | I26: =H26/$F$772 -> 0.0098810761 | J26: =I26+J25 -> 0.3628706 | K26: ='018-21-CAPA'!$F$37 -> 4974259.4 | L26: =K26-$F$772 -> 7.4505806e-09
A27: CCU - 04.050 | B27: FORRO EM PLACA CIMENTÍCIA, PARA AMBIENTES COMÉRCIAIS, INCLUSIVE ESTRUTURA DE FIXAÇÃO | C27: M2 | D27: 368.85 | E27: 107.43 | F27: 0.2094 | G27: =(E27*(1+F27)) -> 129.92584 | H27: =G27*D27 -> 47923.147 | I27: =H27/$F$772 -> 0.0096342274 | J27: =I27+J26 -> 0.37250483 | K27: ='018-21-CAPA'!$F$37 -> 4974259.4 | L27: =K27-$F$772 -> 7.4505806e-09
A28: 87775 | B28: EMBOÇO OU MASSA ÚNICA EM ARGAMASSA TRAÇO 1:2:8, PREPARO MECÂNICO COM BETONEIRA 400 L, APLICADA MANUALMENTE EM PANOS DE FACHADA COM PRESENÇA DE VÃOS, ESPESSURA DE 25 MM. AF_06/2014 | C28: M2 | D28: 755.3 | E28: 51,29 | F28: 0.2094 | G28: =(E28*(1+F28)) -> 62.030126 | H28: =G28*D28 -> 46851.354 | I28: =H28/$F$772 -> 0.0094187597 | J28: =I28+J27 -> 0.38192359 | K28: ='018-21-CAPA'!$F$37 -> 4974259.4 | L28: =K28-$F$772 -> 7.4505806e-09
A29: CCU - 04.047 | B29: FECHAMENTO LATERAL COM TELHA TRAPEZOIDAL EM AÇO GALVANIZADO, INCLUSO IÇAMENTO - FORNECIMENTO E INSTALAÇÃO | C29: M2 | D29: 473.01 | E29: 81.76 | F29: 0.2094 | G29: =(E29*(1+F29)) -> 98.880544 | H29: =G29*D29 -> 46771.486 | I29: =H29/$F$772 -> 0.0094027034 | J29: =I29+J28 -> 0.39132629 | K29: ='018-21-CAPA'!$F$37 -> 4974259.4 | L29: =K29-$F$772 -> 7.4505806e-09
A30: CCU - 04.010 | B30: ALAMBRADO EM TUBOS DE ACO GALVANIZADO, COM COSTURA, DIN 2440, DIAMETRO 2", ALTURA 3M, FIXADOS A CADA 2M EM BLOCOS DE CONCRETO, COM TELA DE ARAME GALVANIZADO REVESTIDO COM PVC, FIO 12 BWG E MALHA 7,5X7,5CM | C30: M2 | D30: 146.76 | E30: 259.97 | F30: 0.2094 | G30: =(E30*(1+F30)) -> 314.40772 | H30: =G30*D30 -> 46142.477 | I30: =H30/$F$772 -> 0.0092762505 | J30: =I30+J29 -> 0.40060254 | K30: ='018-21-CAPA'!$F$37 -> 4974259.4 | L30: =K30-$F$772 -> 7.4505806e-09
A31: CCU - 03.011 | B31: ESTRUTURA METÁLICA PERFIL U 190 X 60 #3,00 - INCLUSO MÃO DE OBRA, TRANSPORTE E IÇAMENTO, UTILIZANDO GUINDASTE - FORNECIMENTO E INSTALAÇÃO | C31: KG | D31: 3042.3 | E31: 11.96 | F31: 0.2094 | G31: =(E31*(1+F31)) -> 14.464424 | H31: =G31*D31 -> 44005.117 | I31: =H31/$F$772 -> 0.0088465665 | J31: =I31+J30 -> 0.40944911 | K31: ='018-21-CAPA'!$F$37 -> 4974259.4 | L31: =K31-$F$772 -> 7.4505806e-09
A32: CCU - 03.023 | B32: PINTURA COM TINTA ALQUÍDICA DE FUNDO (TIPO ZARCÃO) - 2 DEMÃO - PULVERIZADA SOBRE ESTRUTURA METALICA - FORNECIMENTO E INSTALAÇÃO | C32: M2 | D32: 2223.64 | E32: 16.18 | F32: 0.2094 | G32: =(E32*(1+F32)) -> 19.568092 | H32: =G32*D32 -> 43512.392 | I32: =H32/$F$772 -> 0.0087475116 | J32: =I32+J31 -> 0.41819662 | K32: ='018-21-CAPA'!$F$37 -> 4974259.4 | L32: =K32-$F$772 -> 7.4505806e-09
A33: CCU - 03.024 | B33: PINTURA COM TINTA ALQUÍDICA DE ACABAMENTO (ESMALTE SINTÉTICO ACETINADO) 2 DEMÃO - PULVERIZADA SOBRE ESTRUTURA METALICA - FORNECIMENTO E INSTALAÇÃO | C33: M2 | D33: 2223.64 | E33: 15.92 | F33: 0.2094 | G33: =(E33*(1+F33)) -> 19.253648 | H33: =G33*D33 -> 42813.182 | I33: =H33/$F$772 -> 0.0086069459 | J33: =I33+J32 -> 0.42680357 | K33: ='018-21-CAPA'!$F$37 -> 4974259.4 | L33: =K33-$F$772 -> 7.4505806e-09
A34: COT - 05.113 | B34: BOILER PARA AGUA QUENTE COM CAPACIDADE DE ARMAZENAMENTO DE 5.000L INCLUSO O FRETE | C34: UN | D34: 2 | E34: 19215 | F34: 0.1089 | G34: =(E34*(1+F34)) -> 21307.514 | H34: =G34*D34 -> 42615.027 | I34: =H34/$F$772 -> 0.0085671098 | J34: =I34+J33 -> 0.43537068 | K34: ='018-21-CAPA'!$F$37 -> 4974259.4 | L34: =K34-$F$772 -> 7.4505806e-09
A35: 87529 | B35: MASSA ÚNICA, PARA RECEBIMENTO DE PINTURA, EM ARGAMASSA TRAÇO 1:2:8, PREPARO MECÂNICO COM BETONEIRA 400L, APLICADA MANUALMENTE EM FACES INTERNAS DE PAREDES, ESPESSURA DE 20MM, COM EXECUÇÃO DE TALISCAS. AF_06/2014 | C35: M2 | D35: 1120.58 | E35: 31,38 | F35: 0.2094 | G35: =(E35*(1+F35)) -> 37.950972 | H35: =G35*D35 -> 42527.1 | I35: =H35/$F$772 -> 0.0085494335 | J35: =I35+J34 -> 0.44392011 | K35: ='018-21-CAPA'!$F$37 -> 4974259.4 | L35: =K35-$F$772 -> 7.4505806e-09
A36: CCU - 06.079 | B36: PAINEL DE MEDIÇÃO CONFORME O PROJETO - FORNECIMENTO E INSTALAÇÃO | C36: UN | D36: 1 | E36: 33968.5 | F36: 0.2094 | G36: =(E36*(1+F36)) -> 41081.504 | H36: =G36*D36 -> 41081.504 | I36: =H36/$F$772 -> 0.0082588181 | J36: =I36+J35 -> 0.45217893 | K36: ='018-21-CAPA'!$F$37 -> 4974259.4 | L36: =K36-$F$772 -> 7.4505806e-09
A37: 101752 | B37: PISO EM GRANILITE, MARMORITE OU GRANITINA EM AMBIENTES INTERNOS. AF_09/2020 | C37: M2 | D37: 851.62 | E37: 36,85 | F37: 0.2094 | G37: =(E37*(1+F37)) -> 44.56639 | H37: =G37*D37 -> 37953.629 | I37: =H37/$F$772 -> 0.0076300059 | J37: =I37+J36 -> 0.45980893 | K37: ='018-21-CAPA'!$F$37 -> 4974259.4 | L37: =K37-$F$772 -> 7.4505806e-09
A38: CCU - 04.049 | B38: REVESTIMENTO PARA PISO EM PLACA TIPO PORCELANATO 60X60CM - FORNECIMENTO E INSTALAÇÃO | C38: M2 | D38: 271.19 | E38: 109.56 | F38: 0.2094 | G38: =(E38*(1+F38)) -> 132.50186 | H38: =G38*D38 -> 35933.18 | I38: =H38/$F$772 -> 0.0072238252 | J38: =I38+J37 -> 0.46703276 | K38: ='018-21-CAPA'!$F$37 -> 4974259.4 | L38: =K38-$F$772 -> 7.4505806e-09
A39: CCU - 04.103 | B39: J-20 - JANELA DE FERRO CORRER 478X110 CM, EM AÇO GALVANIZADO, INCLUSO FERRAGENS, VIDRO, E PINTURA - FORNECIMENTO E INSTALAÇÃO. | C39: UN | D39: 6 | E39: 4652.37 | F39: 0.2094 | G39: =(E39*(1+F39)) -> 5626.5763 | H39: =G39*D39 -> 33759.458 | I39: =H39/$F$772 -> 0.0067868309 | J39: =I39+J38 -> 0.47381959 | K39: ='018-21-CAPA'!$F$37 -> 4974259.4 | L39: =K39-$F$772 -> 7.4505806e-09
A40: CCU - 03.016 | B40: ESTRUTURA METÁLICA PERFIL Ue 150 X 60 X 20 #2,00 - INCLUSO MÃO DE OBRA, TRANSPORTE E IÇAMENTO, UTILIZANDO GUINDASTE - FORNECIMENTO E INSTALAÇÃO | C40: KG | D40: 2305.8 | E40: 11.96 | F40: 0.2094 | G40: =(E40*(1+F40)) -> 14.464424 | H40: =G40*D40 -> 33352.069 | I40: =H40/$F$772 -> 0.0067049315 | J40: =I40+J39 -> 0.48052452 | K40: ='018-21-CAPA'!$F$37 -> 4974259.4 | L40: =K40-$F$772 -> 7.4505806e-09
A41: CCU - 06.065 | B41: CÂMERA IP, TIPO BULLET, ALIMENTAÇÃO PoE, IP 67, INSTALADA NA PAREDE, RESOLUÇÃO 4 MP, LENTE 2,7 A 12MM MOTORIZADO, H.265. REFERÊNCIA: INTELBRAS VIP-5450Z OU EQUIVALENTE TÉCNICO - FORNECIMENTO E INSTALAÇÃO | C41: UN | D41: 10 | E41: 2710.08 | F41: 0.2094 | G41: =(E41*(1+F41)) -> 3277.5708 | H41: =G41*D41 -> 32775.708 | I41: =H41/$F$772 -> 0.0065890627 | J41: =I41+J40 -> 0.48711359 | K41: ='018-21-CAPA'!$F$37 -> 4974259.4 | L41: =K41-$F$772 -> 7.4505806e-09
A42: 91926 | B42: CABO DE COBRE FLEXÍVEL ISOLADO, 2,5 MM², ANTI-CHAMA 450/750 V, PARA CIRCUITOS TERMINAIS - FORNECIMENTO E INSTALAÇÃO. AF_12/2015 | C42: M | D42: 6540.7 | E42: 4,07 | F42: 0.2094 | G42: =(E42*(1+F42)) -> 4.922258 | H42: =G42*D42 -> 32195.013 | I42: =H42/$F$772 -> 0.0064723228 | J42: =I42+J41 -> 0.49358591 | K42: ='018-21-CAPA'!$F$37 -> 4974259.4 | L42: =K42-$F$772 -> 7.4505806e-09
A43: CCU - 07.042 | B43: COIFA PAREDE 6100x1700MM EM AÇO INOX AISI 304 – LIGA 18,8, INCLUSO FILTRO DE RETENÇÃO, Melting Wash-Pull OU EQUIVALENTE - FORNECIMENTO E INSTALAÇÃO | C43: UN | D43: 1 | E43: 25296.86 | F43: 0.2094 | G43: =(E43*(1+F43)) -> 30594.022 | H43: =G43*D43 -> 30594.022 | I43: =H43/$F$772 -> 0.0061504678 | J43: =I43+J42 -> 0.49973638 | K43: ='018-21-CAPA'!$F$37 -> 4974259.4 | L43: =K43-$F$772 -> 7.4505806e-09
A44: 87531 | B44: EMBOÇO, PARA RECEBIMENTO DE CERÂMICA, EM ARGAMASSA TRAÇO 1:2:8, PREPARO MECÂNICO COM BETONEIRA 400L, APLICADO MANUALMENTE EM FACES INTERNAS DE PAREDES, PARA AMBIENTE COM ÁREA ENTRE 5M2 E 10M2, ESPESSURA DE 20MM, COM EXECUÇÃO DE TALISCAS. AF_06/2014 | C44: M2 | D44: 832.93 | E44: 30,19 | F44: 0.2094 | G44: =(E44*(1+F44)) -> 36.511786 | H44: =G44*D44 -> 30411.762 | I44: =H44/$F$772 -> 0.006113827 | J44: =I44+J43 -> 0.5058502 | K44: ='018-21-CAPA'!$F$37 -> 4974259.4 | L44: =K44-$F$772 -> 7.4505806e-09
A45: CCU - 07.031 | B45: EXAUSTOR OTAM RLD-Q 710 CLASSE 1 - FORNECIMENTO E INSTALAÇÃO | C45: UN | D45: 1 | E45: 23714.84 | F45: 0.2094 | G45: =(E45*(1+F45)) -> 28680.727 | H45: =G45*D45 -> 28680.727 | I45: =H45/$F$772 -> 0.0057658286 | J45: =I45+J44 -> 0.51161603 | K45: ='018-21-CAPA'!$F$37 -> 4974259.4 | L45: =K45-$F$772 -> 7.4505806e-09
A46: COT - 07.061 | B46: CÃMARA FRIGORÍFICA CONGELADA COM ÁREA DE 12,57M2 - com painéis construídos com elemento isolante de poliestireno (EPS) retardante à chama conforme NBR 11948 e condutibilidade térmica de 0,040 W/m*K ou mais eficiente. O elemento isolante será revestido por chapas de aço galvanizado ou inoxidável com espessura total de 200 mm pintado na cor branca para produtos armazenados em -20 °C. As portas das câmaras frigoríficas serão reforçadas e construídas com revestimento de aço galvanizado, com tratamento anti-oxidação e pintura na cor branca. As vedações deverão ser em borracha EPDM, porcas e parafusos em inox e de preferência porta giratórias, incluso condensadora Danfoss carenada e forcador de ar com 2 ventiladoras Elgin com degelo - (incluso frete e instalação) | C46: UN | D46: 1 | E46: 25800 | F46: 0.1089 | G46: =(E46*(1+F46)) -> 28609.62 | H46: =G46*D46 -> 28609.62 | I46: =H46/$F$772 -> 0.0057515335 | J46: =I46+J45 -> 0.51736757 | K46: ='018-21-CAPA'!$F$37 -> 4974259.4 | L46: =K46-$F$772 -> 7.4505806e-09
A47: 97655 | B47: REMOÇÃO DE TRAMA METÁLICA PARA COBERTURA, DE FORMA MANUAL, SEM REAPROVEITAMENTO. AF_12/2017 | C47: M2 | D47: 1308.7 | E47: 17,96 | F47: 0.2094 | G47: =(E47*(1+F47)) -> 21.720824 | H47: =G47*D47 -> 28426.042 | I47: =H47/$F$772 -> 0.005714628 | J47: =I47+J46 -> 0.52308219 | K47: ='018-21-CAPA'!$F$37 -> 4974259.4 | L47: =K47-$F$772 -> 7.4505806e-09
A48: 96542 | B48: FABRICAÇÃO, MONTAGEM E DESMONTAGEM DE FÔRMA PARA VIGA BALDRAME, EM CHAPA DE MADEIRA COMPENSADA RESINADA, E=17 MM, 4 UTILIZAÇÕES. AF_06/2017 | C48: M2 | D48: 293.02 | E48: 79,72 | F48: 0.2094 | G48: =(E48*(1+F48)) -> 96.413368 | H48: =G48*D48 -> 28251.045 | I48: =H48/$F$772 -> 0.0056794475 | J48: =I48+J47 -> 0.52876164 | K48: ='018-21-CAPA'!$F$37 -> 4974259.4 | L48: =K48-$F$772 -> 7.4505806e-09
A49: 92988 | B49: CABO DE COBRE FLEXÍVEL ISOLADO, 50 MM², ANTI-CHAMA 0,6/1,0 KV, PARA DISTRIBUIÇÃO - FORNECIMENTO E INSTALAÇÃO. AF_12/2015 | C49: M | D49: 429.6 | E49: 54,12 | F49: 0.2094 | G49: =(E49*(1+F49)) -> 65.452728 | H49: =G49*D49 -> 28118.492 | I49: =H49/$F$772 -> 0.0056527996 | J49: =I49+J48 -> 0.53441444 | K49: ='018-21-CAPA'!$F$37 -> 4974259.4 | L49: =K49-$F$772 -> 7.4505806e-09
A50: CCU - 02.007 | B50: CONSUMO MENSAL DE ÁGUA, ESGOTO, ENERGIA E INTERNET | C50: MÊS | D50: 8 | E50: 2774.86 | F50: 0.2094 | G50: =(E50*(1+F50)) -> 3355.9157 | H50: =G50*D50 -> 26847.325 | I50: =H50/$F$772 -> 0.0053972507 | J50: =I50+J49 -> 0.53981169 | K50: ='018-21-CAPA'!$F$37 -> 4974259.4 | L50: =K50-$F$772 -> 7.4505806e-09
A51: CCU - 05.037 | B51: CALHA EM AÇO INOX COM GRELHA METÁLICA de 100x20cm, prof. 15cm - FORNECIMENTO E INSTALAÇÃO | C51: UN | D51: 25 | E51: 887.81 | F51: 0.2094 | G51: =(E51*(1+F51)) -> 1073.7174 | H51: =G51*D51 -> 26842.935 | I51: =H51/$F$772 -> 0.0053963682 | J51: =I51+J50 -> 0.54520806 | K51: ='018-21-CAPA'!$F$37 -> 4974259.4 | L51: =K51-$F$772 -> 7.4505806e-09
A52: COT - 07.060 | B52: CÃMARA FRIGORÍFICA RESFRIADA COM ÁREA DE 12,15M2 - com painéis construídos com elemento isolante de poliestireno (EPS) retardante à chama conforme NBR 11948 e condutibilidade térmica de 0,040 W/m*K ou mais eficiente. O elemento isolante será revestido por chapas de aço galvanizado ou inoxidável com espessura total de 100 mm pintado na cor branca para produtos armazenados em 0 °C. As portas das câmaras frigoríficas serão reforçadas e construídas com revestimento de aço galvanizado, com tratamento anti-oxidação e pintura na cor branca. As vedações deverão ser em borracha EPDM, porcas e parafusos em inox e de preferência porta giratórias, incluso condensadora Danfoss carenada e forcador de ar com 2 ventiladoras Elgin com degelo - (incluso frete e instalação) | C52: UN | D52: 1 | E52: 23650 | F52: 0.1089 | G52: =(E52*(1+F52)) -> 26225.485 | H52: =G52*D52 -> 26225.485 | I52: =H52/$F$772 -> 0.0052722391 | J52: =I52+J51 -> 0.5504803 | K52: ='018-21-CAPA'!$F$37 -> 4974259.4 | L52: =K52-$F$772 -> 7.4505806e-09
A53: 88489 | B53: APLICAÇÃO MANUAL DE PINTURA COM TINTA LÁTEX ACRÍLICA EM PAREDES, DUAS DEMÃOS. AF_06/2014 | C53: M2 | D53: 1709.4 | E53: 12,64 | F53: 0.2094 | G53: =(E53*(1+F53)) -> 15.286816 | H53: =G53*D53 -> 26131.283 | I53: =H53/$F$772 -> 0.0052533012 | J53: =I53+J52 -> 0.5557336 | K53: ='018-21-CAPA'!$F$37 -> 4974259.4 | L53: =K53-$F$772 -> 7.4505806e-09
A54: CCU - 04.106 | B54: J-24 - JANELA DE FERRO BASCULANTE 4,76X80 CM, EM AÇO GALVANIZADO, INCLUSO FERRAGENS, VIDRO E PINTURA - FORNECIMENTO E INSTALAÇÃO. | C54: UN | D54: 6 | E54: 3525.77 | F54: 0.2094 | G54: =(E54*(1+F54)) -> 4264.0662 | H54: =G54*D54 -> 25584.397 | I54: =H54/$F$772 -> 0.0051433581 | J54: =I54+J53 -> 0.56087696 | K54: ='018-21-CAPA'!$F$37 -> 4974259.4 | L54: =K54-$F$772 -> 7.4505806e-09
A55: 95578 | B55: MONTAGEM DE ARMADURA LONGITUDINAL/TRANSVERSAL DE ESTACAS DE SEÇÃO CIRCULAR, DIÂMETRO = 12,5 MM. AF_11/2016 | C55: KG | D55: 1846.06 | E55: 11,31 | F55: 0.2094 | G55: =(E55*(1+F55)) -> 13.678314 | H55: =G55*D55 -> 25250.988 | I55: =H55/$F$772 -> 0.0050763312 | J55: =I55+J54 -> 0.56595329 | K55: ='018-21-CAPA'!$F$37 -> 4974259.4 | L55: =K55-$F$772 -> 7.4505806e-09
A56: 98459 | B56: TAPUME COM TELHA METÁLICA. AF_05/2018 | C56: M2 | D56: 191.73 | E56: 106,71 | F56: 0.2094 | G56: =(E56*(1+F56)) -> 129.05507 | H56: =G56*D56 -> 24743.729 | I56: =H56/$F$772 -> 0.0049743544 | J56: =I56+J55 -> 0.57092764 | K56: ='018-21-CAPA'!$F$37 -> 4974259.4 | L56: =K56-$F$772 -> 7.4505806e-09
A57: CCU - 03.015 | B57: ESTRUTURA METÁLICA PERFIL Ue 75 X 40 X 17 #2,00 - INCLUSO MÃO DE OBRA, TRANSPORTE E IÇAMENTO, UTILIZANDO GUINDASTE - FORNECIMENTO E INSTALAÇÃO | C57: KG | D57: 1658.5 | E57: 11.96 | F57: 0.2094 | G57: =(E57*(1+F57)) -> 14.464424 | H57: =G57*D57 -> 23989.247 | I57: =H57/$F$772 -> 0.0048226771 | J57: =I57+J56 -> 0.57575032 | K57: ='018-21-CAPA'!$F$37 -> 4974259.4 | L57: =K57-$F$772 -> 7.4505806e-09
A58: CCU - 03.003 | B58: ESTACA BROCA DE CONCRETO, DIÂMETRO DE 30CM, ESCAVAÇÃO MANUAL COM TRADO CONCHA | C58: M | D58: 232 | E58: 83.86 | F58: 0.2094 | G58: =(E58*(1+F58)) -> 101.42028 | H58: =G58*D58 -> 23529.506 | I58: =H58/$F$772 -> 0.0047302531 | J58: =I58+J57 -> 0.58048057 | K58: ='018-21-CAPA'!$F$37 -> 4974259.4 | L58: =K58-$F$772 -> 7.4505806e-09
A59: CCU - 07.041 | B59: COIFA ILHA DUPLA 4500x1700MM EM AÇO INOX AISI 304 – LIGA 18,8, INCLUSO FILTRO DE RETENÇÃO, Melting Wash-Pull OU EQUIVALENTE - FORNECIMENTO E INSTALAÇÃO | C59: UN | D59: 1 | E59: 19286.9 | F59: 0.2094 | G59: =(E59*(1+F59)) -> 23325.577 | H59: =G59*D59 -> 23325.577 | I59: =H59/$F$772 -> 0.0046892562 | J59: =I59+J58 -> 0.58516983 | K59: ='018-21-CAPA'!$F$37 -> 4974259.4 | L59: =K59-$F$772 -> 7.4505806e-09
A60: 94990 | B60: EXECUÇÃO DE PASSEIO (CALÇADA) OU PISO DE CONCRETO COM CONCRETO MOLDADO IN LOCO, FEITO EM OBRA, ACABAMENTO CONVENCIONAL, NÃO ARMADO. AF_07/2016 | C60: M3 | D60: 26.8275 | E60: 660,44 | F60: 0.2094 | G60: =(E60*(1+F60)) -> 798.73614 | H60: =G60*D60 -> 21428.094 | I60: =H60/$F$772 -> 0.0043077958 | J60: =I60+J59 -> 0.58947763 | K60: ='018-21-CAPA'!$F$37 -> 4974259.4 | L60: =K60-$F$772 -> 7.4505806e-09
A61: 94228 | B61: CALHA EM CHAPA DE AÇO GALVANIZADO NÚMERO 24, DESENVOLVIMENTO DE 50 CM, INCLUSO TRANSPORTE VERTICAL. AF_07/2019 | C61: M | D61: 201.95 | E61: 87,23 | F61: 0.2094 | G61: =(E61*(1+F61)) -> 105.49596 | H61: =G61*D61 -> 21304.91 | I61: =H61/$F$772 -> 0.0042830314 | J61: =I61+J60 -> 0.59376066 | K61: ='018-21-CAPA'!$F$37 -> 4974259.4 | L61: =K61-$F$772 -> 7.4505806e-09
A62: 93358 | B62: ESCAVAÇÃO MANUAL DE VALA COM PROFUNDIDADE MENOR OU IGUAL A 1,30 M. AF_02/2021 | C62: M3 | D62: 251.304 | E62: 69,66 | F62: 0.2094 | G62: =(E62*(1+F62)) -> 84.246804 | H62: =G62*D62 -> 21171.559 | I62: =H62/$F$772 -> 0.0042562233 | J62: =I62+J61 -> 0.59801688 | K62: ='018-21-CAPA'!$F$37 -> 4974259.4 | L62: =K62-$F$772 -> 7.4505806e-09
A63: 98557 | B63: IMPERMEABILIZAÇÃO DE SUPERFÍCIE COM EMULSÃO ASFÁLTICA, 2 DEMÃOS AF_06/2018 | C63: M2 | D63: 462.53 | E63: 36,62 | F63: 0.2094 | G63: =(E63*(1+F63)) -> 44.288228 | H63: =G63*D63 -> 20484.634 | I63: =H63/$F$772 -> 0.0041181274 | J63: =I63+J62 -> 0.60213501 | K63: ='018-21-CAPA'!$F$37 -> 4974259.4 | L63: =K63-$F$772 -> 7.4505806e-09
A64: 93210 | B64: EXECUÇÃO DE REFEITÓRIO EM CANTEIRO DE OBRA EM CHAPA DE MADEIRA COMPENSADA, NÃO INCLUSO MOBILIÁRIO E EQUIPAMENTOS. AF_02/2016 | C64: M2 | D64: 32.4 | E64: 518,84 | F64: 0.2094 | G64: =(E64*(1+F64)) -> 627.4851 | H64: =G64*D64 -> 20330.517 | I64: =H64/$F$772 -> 0.0040871445 | J64: =I64+J63 -> 0.60622215 | K64: ='018-21-CAPA'!$F$37 -> 4974259.4 | L64: =K64-$F$772 -> 7.4505806e-09
A65: 96557 | B65: CONCRETAGEM DE BLOCOS DE COROAMENTO E VIGAS BALDRAMES, FCK 30 MPA, COM USO DE BOMBA  LANÇAMENTO, ADENSAMENTO E ACABAMENTO. AF_06/2017 | C65: M3 | D65: 40.54 | E65: 412,53 | F65: 0.2094 | G65: =(E65*(1+F65)) -> 498.91378 | H65: =G65*D65 -> 20225.965 | I65: =H65/$F$772 -> 0.0040661258 | J65: =I65+J64 -> 0.61028828 | K65: ='018-21-CAPA'!$F$37 -> 4974259.4 | L65: =K65-$F$772 -> 7.4505806e-09
A66: 98555 | B66: IMPERMEABILIZAÇÃO DE SUPERFÍCIE COM ARGAMASSA POLIMÉRICA / MEMBRANA ACRÍLICA, 3 DEMÃOS. AF_06/2018 | C66: M2 | D66: 679.83 | E66: 24,31 | F66: 0.2094 | G66: =(E66*(1+F66)) -> 29.400514 | H66: =G66*D66 -> 19987.351 | I66: =H66/$F$772 -> 0.0040181562 | J66: =I66+J65 -> 0.61430643 | K66: ='018-21-CAPA'!$F$37 -> 4974259.4 | L66: =K66-$F$772 -> 7.4505806e-09
A67: 95876 | B67: TRANSPORTE COM CAMINHÃO BASCULANTE DE 14 M³, EM VIA URBANA PAVIMENTADA, DMT ATÉ 30 KM (UNIDADE: M3XKM). AF_07/2020 | C67: M3XKM | D67: 10490.705 | E67: 1,52 | F67: 0.2094 | G67: =(E67*(1+F67)) -> 1.838288 | H67: =G67*D67 -> 19284.937 | I67: =H67/$F$772 -> 0.0038769463 | J67: =I67+J66 -> 0.61818338 | K67: ='018-21-CAPA'!$F$37 -> 4974259.4 | L67: =K67-$F$772 -> 7.4505806e-09
A68: CCU - 02.002 | B68: RAMPA DE LAVAGEM - INCLUSIVE DEMOLIÇÃO | C68: UN | D68: 1 | E68: 15553.8 | F68: 0.2094 | G68: =(E68*(1+F68)) -> 18810.766 | H68: =G68*D68 -> 18810.766 | I68: =H68/$F$772 -> 0.0037816214 | J68: =I68+J67 -> 0.621965 | K68: ='018-21-CAPA'!$F$37 -> 4974259.4 | L68: =K68-$F$772 -> 7.4505806e-09
A69: CCU - 05.104 | B69: TUBO PVC, SÉRIE R, ÁGUA PLUVIAL, DN 250 MM - FORNECIMENTO E INSTALAÇÃO | C69: M | D69: 63.1 | E69: 237.55 | F69: 0.2094 | G69: =(E69*(1+F69)) -> 287.29297 | H69: =G69*D69 -> 18128.186 | I69: =H69/$F$772 -> 0.0036443991 | J69: =I69+J68 -> 0.6256094 | K69: ='018-21-CAPA'!$F$37 -> 4974259.4 | L69: =K69-$F$772 -> 7.4505806e-09
A70: CCU - 02.013 | B70: REMOÇÃO DE PISO DE ALTA RESISTÊNCIA - GRANITINA | C70: M2 | D70: 732 | E70: 20 | F70: 0.2094 | G70: =(E70*(1+F70)) -> 24.188 | H70: =G70*D70 -> 17705.616 | I70: =H70/$F$772 -> 0.0035594476 | J70: =I70+J69 -> 0.62916885 | K70: ='018-21-CAPA'!$F$37 -> 4974259.4 | L70: =K70-$F$772 -> 7.4505806e-09
A71: CCU - 06.025 | B71: LUMINÁRIA LED RETÂNGULAR, 19W, 3000K, BIVOLT (FORNECIDA COMPLETA). DE SOBREPOR - REF. LHT41-S LUMICENTER OU EQUIVALENTE - FORNECIMENTO E INSTALAÇÃO | C71: UN | D71: 57 | E71: 255.78 | F71: 0.2094 | G71: =(E71*(1+F71)) -> 309.34033 | H71: =G71*D71 -> 17632.399 | I71: =H71/$F$772 -> 0.0035447284 | J71: =I71+J70 -> 0.63271358 | K71: ='018-21-CAPA'!$F$37 -> 4974259.4 | L71: =K71-$F$772 -> 7.4505806e-09
A72: CCU - 03.014 | B72: ESTRUTURA METÁLICA PERFIL L 25 X 25 #4,75 - INCLUSO MÃO DE OBRA, TRANSPORTE E IÇAMENTO, UTILIZANDO GUINDASTE - FORNECIMENTO E INSTALAÇÃO | C72: KG | D72: 1326.4 | E72: 10.62 | F72: 0.2094 | G72: =(E72*(1+F72)) -> 12.843828 | H72: =G72*D72 -> 17036.053 | I72: =H72/$F$772 -> 0.0034248422 | J72: =I72+J71 -> 0.63613842 | K72: ='018-21-CAPA'!$F$37 -> 4974259.4 | L72: =K72-$F$772 -> 7.4505806e-09
A73: 89635 | B73: TUBO, CPVC, SOLDÁVEL, DN 28MM, INSTALADO EM RAMAL OU SUB-RAMAL DE ÁGUA - FORNECIMENTO E INSTALAÇÃO. AF_12/2014 | C73: M | D73: 345.67 | E73: 39,77 | F73: 0.2094 | G73: =(E73*(1+F73)) -> 48.097838 | H73: =G73*D73 -> 16625.98 | I73: =H73/$F$772 -> 0.003342403 | J73: =I73+J72 -> 0.63948082 | K73: ='018-21-CAPA'!$F$37 -> 4974259.4 | L73: =K73-$F$772 -> 7.4505806e-09
A74: CCU - 04.071 | B74: BACIA CONVENCIONAL - LINHA VOGUE PLUS - COR BRANCO GELO - COD.P510 - FAB. DECA OU EQUIVALENTE - FORNECIMENTO E INSTALAÇÃO | C74: UN | D74: 18 | E74: 762.71 | F74: 0.2094 | G74: =(E74*(1+F74)) -> 922.42147 | H74: =G74*D74 -> 16603.587 | I74: =H74/$F$772 -> 0.0033379012 | J74: =I74+J73 -> 0.64281872 | K74: ='018-21-CAPA'!$F$37 -> 4974259.4 | L74: =K74-$F$772 -> 7.4505806e-09
A75: CCU - 04.017 | B75: PM-01- PORTA PARA BOX EM MADEIRA 80X160 CM, COM ACABAMENTO EM LAMINADO MELAMÍNICO, INCLUINDO DOBADIÇAS COM MOLA, TARGETA LIVRE/OCUPADO E BATENTE EM AÇO INÓX - FORNECIMENTO E INSTALAÇÃO | C75: UN | D75: 17 | E75: 791.67 | F75: 0.2094 | G75: =(E75*(1+F75)) -> 957.4457 | H75: =G75*D75 -> 16276.577 | I75: =H75/$F$772 -> 0.0032721608 | J75: =I75+J74 -> 0.64609088 | K75: ='018-21-CAPA'!$F$37 -> 4974259.4 | L75: =K75-$F$772 -> 7.4505806e-09
A76: CCU - 06.005 | B76: ELETRODUTO DE AÇO GALVANIZADO, CLASSE LEVE, DN 20 MM (3/4), APARENTE, FIXADO NA ESTRUTURA E PAREDES - FORNECIMENTO E INSTALAÇÃO | C76: M | D76: 720.54 | E76: 18.54 | F76: 0.2094 | G76: =(E76*(1+F76)) -> 22.422276 | H76: =G76*D76 -> 16156.147 | I76: =H76/$F$772 -> 0.0032479502 | J76: =I76+J75 -> 0.64933883 | K76: ='018-21-CAPA'!$F$37 -> 4974259.4 | L76: =K76-$F$772 -> 7.4505806e-09
A77: 96977 | B77: CORDOALHA DE COBRE NU 50 MM², ENTERRADA, SEM ISOLADOR - FORNECIMENTO E INSTALAÇÃO. AF_12/2017 | C77: M | D77: 313.6 | E77: 42,55 | F77: 0.2094 | G77: =(E77*(1+F77)) -> 51.45997 | H77: =G77*D77 -> 16137.847 | I77: =H77/$F$772 -> 0.0032442712 | J77: =I77+J76 -> 0.65258311 | K77: ='018-21-CAPA'!$F$37 -> 4974259.4 | L77: =K77-$F$772 -> 7.4505806e-09
A78: CCU - 06.115 | B78: POSTE CONICO CONTINUO EM ACO GALVANIZADO, RETO, H = 7 M, COM LUMINÁRIA DE LED 200W - FORNECIMENTO E INSTALAÇÃO | C78: UN | D78: 4 | E78: 3326.35 | F78: 0.2094 | G78: =(E78*(1+F78)) -> 4022.8877 | H78: =G78*D78 -> 16091.551 | I78: =H78/$F$772 -> 0.0032349641 | J78: =I78+J77 -> 0.65581807 | K78: ='018-21-CAPA'!$F$37 -> 4974259.4 | L78: =K78-$F$772 -> 7.4505806e-09
A79: CCU - 07.033 | B79: RESFRIADOR EVAPORATIVO LUFTMÁXI LF18000 TELHADO OU EQUIVALENTE, INCLUSO DISPLAY - FORNECIMENTO E INSTALAÇÃO | C79: UN | D79: 2 | E79: 6421.68 | F79: 0.2094 | G79: =(E79*(1+F79)) -> 7766.3798 | H79: =G79*D79 -> 15532.76 | I79: =H79/$F$772 -> 0.0031226276 | J79: =I79+J78 -> 0.6589407 | K79: ='018-21-CAPA'!$F$37 -> 4974259.4 | L79: =K79-$F$772 -> 7.4505806e-09
A80: CCU - 04.002 | B80: PF-7 - PORTÃO DE ABRIR 300X245 CM, EM TELA ARAME GALVANIZADO N.12 MALHA 2" E MOLDURA EM TUBOS DE ACO GALVANIZADO, INCLUSO FERRAGENS, INCLUSO PINTURA - FORNECIMENTO E INSTALAÇÃO. | C80: UN | D80: 2 | E80: 6111.95 | F80: 0.2094 | G80: =(E80*(1+F80)) -> 7391.7923 | H80: =G80*D80 -> 14783.585 | I80: =H80/$F$772 -> 0.0029720172 | J80: =I80+J79 -> 0.66191271 | K80: ='018-21-CAPA'!$F$37 -> 4974259.4 | L80: =K80-$F$772 -> 7.4505806e-09
A81: CCU - 05.040 | B81: CAIXA ENTERRADA HIDRÁULICA RETANGULAR, EM ALVENARIA COM BLOCOS DE CONCRETO, DIMENSÕES INTERNAS: 0,6X0,6X0,6 M PARA REDE DE ESGOTO, INCLUSO TAMPÃO T-33 - FORNECIMENTO E INSTALAÇÃO | C81: UN | D81: 17 | E81: 702.72 | F81: 0.2094 | G81: =(E81*(1+F81)) -> 849.86957 | H81: =G81*D81 -> 14447.783 | I81: =H81/$F$772 -> 0.0029045093 | J81: =I81+J80 -> 0.66481722 | K81: ='018-21-CAPA'!$F$37 -> 4974259.4 | L81: =K81-$F$772 -> 7.4505806e-09
A82: 96540 | B82: FABRICAÇÃO, MONTAGEM E DESMONTAGEM DE FÔRMA PARA BLOCO DE COROAMENTO, EM CHAPA DE MADEIRA COMPENSADA RESINADA, E=17 MM, 4 UTILIZAÇÕES. AF_06/2017 | C82: M2 | D82: 100.08 | E82: 113,82 | F82: 0.2094 | G82: =(E82*(1+F82)) -> 137.65391 | H82: =G82*D82 -> 13776.403 | I82: =H82/$F$772 -> 0.0027695385 | J82: =I82+J81 -> 0.66758676 | K82: ='018-21-CAPA'!$F$37 -> 4974259.4 | L82: =K82-$F$772 -> 7.4505806e-09
A83: 92367 | B83: TUBO DE AÇO GALVANIZADO COM COSTURA, CLASSE MÉDIA, DN 65 (2 1/2"), CONEXÃO ROSQUEADA, INSTALADO EM REDE DE ALIMENTAÇÃO PARA HIDRANTE - FORNECIMENTO E INSTALAÇÃO. AF_10/2020 | C83: M | D83: 90.82 | E83: 125,42 | F83: 0.2094 | G83: =(E83*(1+F83)) -> 151.68295 | H83: =G83*D83 -> 13775.845 | I83: =H83/$F$772 -> 0.0027694264 | J83: =I83+J82 -> 0.67035619 | K83: ='018-21-CAPA'!$F$37 -> 4974259.4 | L83: =K83-$F$772 -> 7.4505806e-09
A84: 88497 | B84: APLICAÇÃO E LIXAMENTO DE MASSA LÁTEX EM PAREDES, DUAS DEMÃOS. AF_06/2014 | C84: M2 | D84: 828.47 | E84: 13,73 | F84: 0.2094 | G84: =(E84*(1+F84)) -> 16.605062 | H84: =G84*D84 -> 13756.796 | I84: =H84/$F$772 -> 0.0027655967 | J84: =I84+J83 -> 0.67312178 | K84: ='018-21-CAPA'!$F$37 -> 4974259.4 | L84: =K84-$F$772 -> 7.4505806e-09
A85: 93583 | B85: EXECUÇÃO DE CENTRAL DE FÔRMAS, PRODUÇÃO DE ARGAMASSA OU CONCRETO EM CANTEIRO DE OBRA, NÃO INCLUSO MOBILIÁRIO E EQUIPAMENTOS. AF_04/2016 | C85: M2 | D85: 28.8 | E85: 394,07 | F85: 0.2094 | G85: =(E85*(1+F85)) -> 476.58826 | H85: =G85*D85 -> 13725.742 | I85: =H85/$F$772 -> 0.0027593538 | J85: =I85+J84 -> 0.67588114 | K85: ='018-21-CAPA'!$F$37 -> 4974259.4 | L85: =K85-$F$772 -> 7.4505806e-09
